Workbook
Name Insta: Data!$B$3:$B$15
Name Q: Data!$H$3:$H$13
Name Quarter: Data!$B$3:$B$13
Name Quarters: Data!$G$3:$G$13

Sheet Intro
B2: Budget Introduction | R2: Budget Tool Instruction
R6: 1. Budget Lead and its consortium partners will develop their budget separetly. Forecast is needed at Proposal Stage
B8: Budget | C8: ='Budget Consortium'!B2 -> Lead Partner | E8: ='Budget Consortium'!B3 -> P1 | G8: ='Budget Consortium'!B4 -> P2 | I8: ='Budget Consortium'!B5 -> P3 | K8: Total | R8: 2. A template for the lead is provided but also for the Implementing partners. Informations from the IP could be then copy pasted into the lead one
B9: 1. Activities | C9: ='Budget Lead'!E3 -> 0 | D9: =IFERROR(C9/$C$16,0) -> 0 | E9: ='P1'!K9 -> 0 | F9: =IFERROR(E9/$E$16,0) -> 0 | G9: ='P2'!K9 -> 0 | H9: =IFERROR(G9/$G$16,0) -> 0 | I9: ='P3'!K9 -> 0 | J9: =IFERROR(I9/$I$16,0) -> 0 | K9: =C9+E9+G9+I9 -> 0 | L9: =IFERROR(K9/$K$16,0) -> 0
B10: 2. Capital | C10: ='Budget Lead'!F3 -> 0 | D10: =IFERROR(C10/$C$16,0) -> 0 | E10: ='P1'!K76 -> 0 | F10: =IFERROR(E10/$E$16,0) -> 0 | G10: ='P2'!K76 -> 0 | H10: =IFERROR(G10/$G$16,0) -> 0 | I10: ='P3'!K76 -> 0 | J10: =IFERROR(I10/$I$16,0) -> 0 | K10: =C10+E10+G10+I10 -> 0 | L10: =IFERROR(K10/$K$16,0) -> 0 | R10: 3. Budget Consortium Tab will populate automaticaly
B11: 3. Staff | C11: ='Budget Lead'!G3 -> 0 | D11: =IFERROR(C11/$C$16,0) -> 0 | E11: ='P1'!K87 -> 0 | F11: =IFERROR(E11/$E$16,0) -> 0 | G11: ='P2'!K87 -> 0 | H11: =IFERROR(G11/$G$16,0) -> 0 | I11: ='P3'!K87 -> 0 | J11: =IFERROR(I11/$I$16,0) -> 0 | K11: =C11+E11+G11+I11 -> 0 | L11: =IFERROR(K11/$K$16,0) -> 0 | R11: 4. Budget for Downstream partners will be included within the related consortium member but the details should be included in a new tab
B12: 4. Travel | C12: ='Budget Lead'!H3 -> 0 | D12: =IFERROR(C12/$C$16,0) -> 0 | E12: ='P1'!K132 -> 0 | F12: =IFERROR(E12/$E$16,0) -> 0 | G12: ='P2'!K132 -> 0 | H12: =IFERROR(G12/$G$16,0) -> 0 | I12: ='P3'!K132 -> 0 | J12: =IFERROR(I12/$I$16,0) -> 0 | K12: =C12+E12+G12+I12 -> 0 | L12: =IFERROR(K12/$K$16,0) -> 0
B13: 5. Office | C13: ='Budget Lead'!I3 -> 0 | D13: =IFERROR(C13/$C$16,0) -> 0 | E13: ='P1'!K166 -> 0 | F13: =IFERROR(E13/$E$16,0) -> 0 | G13: ='P2'!K166 -> 0 | H13: =IFERROR(G13/$G$16,0) -> 0 | I13: ='P3'!K166 -> 0 | J13: =IFERROR(I13/$I$16,0) -> 0 | K13: =C13+E13+G13+I13 -> 0 | L13: =IFERROR(K13/$K$16,0) -> 0 | R13: 5. Provide a financial narrative after the forecast
B14: 6. M&E | C14: ='Budget Lead'!J3 -> 0 | D14: =IFERROR(C14/$C$16,0) -> 0 | E14: ='P1'!K177 -> 0 | F14: =IFERROR(E14/$E$16,0) -> 0 | G14: ='P2'!K177 -> 0 | H14: =IFERROR(G14/$G$16,0) -> 0 | I14: ='P3'!K177 -> 0 | J14: =IFERROR(I14/$I$16,0) -> 0 | K14: =C14+E14+G14+I14 -> 0 | L14: =IFERROR(K14/$K$16,0) -> 0 | R14: 6. Please refer to the operation manual for further guidance
B15: Overhead | C15: ='Budget Lead'!K3 -> 0 | D15: =IFERROR(C15/$C$16,0) -> 0 | E15: ='P1'!K190 -> 0 | F15: =IFERROR(E15/$E$16,0) -> 0 | G15: ='P2'!K190 -> 0 | H15: =IFERROR(G15/$G$16,0) -> 0 | I15: ='P3'!K190 -> 0 | J15: =IFERROR(I15/$I$16,0) -> 0 | K15: =C15+E15+G15+I15 -> 0 | L15: =IFERROR(K15/$K$16,0) -> 0
B16: Total | C16: =SUM(C9:C15) -> 0 | E16: =SUM(E9:E15) -> 0 | G16: =SUM(G9:G15) -> 0 | I16: =SUM(I9:I15) -> 0 | K16: =SUM(C16:J16) -> 0
R18: Don't hesitate to contact Renaud if you need to adapt the template with additional consortia members or any other issue related to the budget (renaud.debergh@sahelregionalfund.org)

Sheet Budget Consortium
B1: Parameters | E1: Budget Summary
B2: ='Budget Lead'!B2 -> Lead Partner | C2: ='Budget Lead'!C3 -> 0 | E2: 1. Activities | F2: 2. Capital | G2: 3. Staff | H2: 4. Travel | I2: 5. Office | J2: 6. M&E | K2: NPAC | L2: Total
B3: ='P1'!B2 -> P1 | C3: ='P1'!C3 -> 0 | E3: =O10 -> 0 | F3: =O281 -> 0 | G3: =O326 -> 0 | H3: =O507 -> 0 | I3: =O643 -> 0 | J3: =O688 -> 0 | K3: =O735 -> 0 | L3: =SUM(E3:K3) -> 0
B4: ='P2'!B2 -> P2 | C4: ='P2'!C3 -> 0 | E4: =IFERROR(E3/$L$3,0) -> 0 | F4: =IFERROR(F3/$L$3,0) -> 0 | G4: =IFERROR(G3/$L$3,0) -> 0 | H4: =IFERROR(H3/$L$3,0) -> 0 | I4: =IFERROR(I3/$L$3,0) -> 0 | J4: =IFERROR(J3/$L$3,0) -> 0 | K4: =IFERROR(K3/$L$3,0) -> 0
B5: ='P3'!B2 -> P3 | C5: ='P3'!C3 -> 0
B6: Global Amount | C6: =SUM(C2:C5) -> 0
BB7: Expenses | BE7: Forecast | BH7: Expenses + Forecast
K8: Total | O8: Total | Q8: Quarter 1 | T8: Quarter 2 | W8: Quarter 3 | Z8: Quarter 4 | AC8: Quarter 5 | AF8: Quarter 6 | AI8: Quarter 7 | AL8: Quarter 8 | AO8: Quarter 9 | AR8: Quarter 10 | AU8: Quarter 11 | AX8: Quarter 12
B9: Code | D9: Nbr | E9: Unit | F9: Nbr 2 | G9: Unit 2 | H9: % Aloc | I9: Unit XOF | J9: Unit GBP | K9: =B2 -> Lead Partner | L9: =B3 -> P1 | M9: =B4 -> P2 | N9: =B5 -> P3 | Q9: 44927 | R9: 44958 | S9: 44986 | T9: 45017 | U9: 45047 | V9: 45078 | W9: 45108 | X9: 45139 | Y9: 45170 | Z9: 45200 | AA9: 45231 | AB9: 45261 | AC9: 45292 | AD9: 45323 | AE9: 45352 | AF9: 45383 | AG9: 45413 | AH9: 45444 | AI9: 45474 | AJ9: 45505 | AK9: 45536 | AL9: 45566 | AM9: 45597 | AN9: 45627 | AO9: 45658 | AP9: 45689 | AQ9: 45717 | AR9: 45748 | AS9: 45778 | AT9: 45809 | AU9: 45839 | AV9: 45870 | AW9: 45901 | AX9: 45931 | AY9: 45962 | AZ9: 45992 | BB9: Total | BC9: Rate | BE9: Total | BF9: Rate | BH9: Total | BI9: Rate
C10: 1. PROJECT ACTIVITIES | K10: =K11+K56+K101+K146+K191+K236 -> 0 | L10: =L11+L56+L101+L146+L191+L236 -> 0 | M10: =M11+M56+M101+M146+M191+M236 -> 0 | N10: =N11+N56+N101+N146+N191+N236 -> 0 | O10: =O11+O56+O101+O146+O191+O236 -> 0 | Q10: =Q11+Q56+Q101+Q146+Q191+Q236 -> 0 | R10: =R11+R56+R101+R146+R191+R236 -> 0 | S10: =S11+S56+S101+S146+S191+S236 -> 0 | T10: =T11+T56+T101+T146+T191+T236 -> 0 | U10: =U11+U56+U101+U146+U191+U236 -> 0 | V10: =V11+V56+V101+V146+V191+V236 -> 0 | W10: =W11+W56+W101+W146+W191+W236 -> 0 | X10: =X11+X56+X101+X146+X191+X236 -> 0 | ... AZ10: =AZ11+AZ56+AZ101+AZ146+AZ191+AZ236 -> 0 | BB10: =BB11+BB56+BB101+BB146+BB191+BB236 -> 0 | BC10: =BC11+BC56+BC101+BC146+BC191+BC236 -> 0 | BE10: =BE11+BE56+BE101+BE146+BE191+BE236 -> 0 | BF10: =IFERROR(BE10/O10,0) -> 0 | BH10: =BH11+BH56+BH101+BH146+BH191+BH236 -> 0 | BI10: =IFERROR(BH10/O10,0) -> 0
C11: 1.1. Cash | K11: =K12+K23+K34+K45 -> 0 | L11: =L12+L23+L34+L45 -> 0 | M11: =M12+M23+M34+M45 -> 0 | N11: =N12+N23+N34+N45 -> 0 | O11: =O12+O23+O34+O45 -> 0 | Q11: =Q12+Q23+Q34+Q45 -> 0 | R11: =R12+R23+R34+R45 -> 0 | S11: =S12+S23+S34+S45 -> 0 | T11: =T12+T23+T34+T45 -> 0 | U11: =U12+U23+U34+U45 -> 0 | V11: =V12+V23+V34+V45 -> 0 | W11: =W12+W23+W34+W45 -> 0 | X11: =X12+X23+X34+X45 -> 0 | ... AZ11: =AZ12+AZ23+AZ34+AZ45 -> 0 | BB11: =BB12+BB23+BB34+BB45 -> 0 | BE11: =BE12+BE23+BE34+BE45 -> 0 | BF11: =IFERROR(BE11/O11,0) -> 0 | BH11: =BH12+BH23+BH34+BH45 -> 0 | BI11: =IFERROR(BH11/O11,0) -> 0
C12: =B2 -> Lead Partner | K12: =SUM(K13:K22) -> 0 | L12: =SUM(L13:L22) -> 0 | M12: =SUM(M13:M22) -> 0 | N12: =SUM(N13:N22) -> 0 | O12: =SUM(O13:O22) -> 0 | Q12: =SUM(Q13:Q22) -> 0 | R12: =SUM(R13:R22) -> 0 | S12: =SUM(S13:S22) -> 0 | T12: =SUM(T13:T22) -> 0 | U12: =SUM(U13:U22) -> 0 | V12: =SUM(V13:V22) -> 0 | W12: =SUM(W13:W22) -> 0 | X12: =SUM(X13:X22) -> 0 | ... AZ12: =SUM(AZ13:AZ22) -> 0 | BB12: =SUM(BB13:BB22) -> 0 | BC12: =SUM(BC13:BC22) -> 0 | BE12: =SUM(BE13:BE22) -> 0 | BF12: =IFERROR(BE12/O12,0) -> 0 | BH12: =SUM(BH13:BH22) -> 0 | BI12: =IFERROR(BH12/O12,0) -> 0
B13: LP1101 | C13: =IFERROR(VLOOKUP(B13,'Budget Lead'!B:AQ,2,FALSE),0) -> 0 | D13: =IFERROR(VLOOKUP(B13,'Budget Lead'!B:AQ,3,FALSE),0) -> 0 | E13: =IFERROR(VLOOKUP($B13,'Budget Lead'!$B:$AQ,4,FALSE),0) -> 0 | F13: =IFERROR(VLOOKUP($B13,'Budget Lead'!$B:$AQ,5,FALSE),0) -> 0 | G13: =IFERROR(VLOOKUP($B13,'Budget Lead'!$B:$AQ,6,FALSE),0) -> 0 | H13: =IFERROR(VLOOKUP($B13,'Budget Lead'!$B:$AQ,7,FALSE),0) -> 0 | I13: =IFERROR(VLOOKUP($B13,'Budget Lead'!$B:$AQ,8,FALSE),0) -> 0 | J13: =IFERROR(VLOOKUP($B13,'Budget Lead'!$B:$AQ,9,FALSE),0) -> 0 | K13: =D13*F13*H13*J13 -> 0 | O13: =SUM(K13:N13) -> 0 | Q13: {=SUMPRODUCT(('Budget Lead'!$M$8:$AV$8=Q$9)*('Budget Lead'!$B$11:$B$190=$B13)*('Budget Lead'!$M$11:$AV$190)*1)} -> 0 | R13: {=SUMPRODUCT(('Budget Lead'!$M$8:$AV$8=R$9)*('Budget Lead'!$B$11:$B$190=$B13)*('Budget Lead'!$M$11:$AV$190)*1)} -> 0 | S13: {=SUMPRODUCT(('Budget Lead'!$M$8:$AV$8=S$9)*('Budget Lead'!$B$11:$B$190=$B13)*('Budget Lead'!$M$11:$AV$190)*1)} -> 0 | T13: {=SUMPRODUCT(('Budget Lead'!$M$8:$AV$8=T$9)*('Budget Lead'!$B$11:$B$190=$B13)*('Budget Lead'!$M$11:$AV$190)*1)} -> 0 | U13: {=SUMPRODUCT(('Budget Lead'!$M$8:$AV$8=U$9)*('Budget Lead'!$B$11:$B$190=$B13)*('Budget Lead'!$M$11:$AV$190)*1)} -> 0 | V13: {=SUMPRODUCT(('Budget Lead'!$M$8:$AV$8=V$9)*('Budget Lead'!$B$11:$B$190=$B13)*('Budget Lead'!$M$11:$AV$190)*1)} -> 0 | W13: {=SUMPRODUCT(('Budget Lead'!$M$8:$AV$8=W$9)*('Budget Lead'!$B$11:$B$190=$B13)*('Budget Lead'!$M$11:$AV$190)*1)} -> 0 | X13: {=SUMPRODUCT(('Budget Lead'!$M$8:$AV$8=X$9)*('Budget Lead'!$B$11:$B$190=$B13)*('Budget Lead'!$M$11:$AV$190)*1)} -> 0 | ... AZ13: {=SUMPRODUCT(('Budget Lead'!$M$8:$AV$8=AZ$9)*('Budget Lead'!$B$11:$B$190=$B13)*('Budget Lead'!$M$11:$AV$190)*1)} -> 0 | BE13: =SUM(Q13:AZ13) -> 0 | BF13: =IFERROR(BE13/O13,0) -> 0 | BH13: =BB13+BE13 -> 0 | BI13: =IFERROR(BH13/O13,0) -> 0
B14: LP1102 | C14: =IFERROR(VLOOKUP(B14,'Budget Lead'!B:AQ,2,FALSE),0) -> 0 | D14: =IFERROR(VLOOKUP(B14,'Budget Lead'!B:AQ,3,FALSE),0) -> 0 | E14: =IFERROR(VLOOKUP($B14,'Budget Lead'!$B:$AQ,4,FALSE),0) -> 0 | F14: =IFERROR(VLOOKUP($B14,'Budget Lead'!$B:$AQ,5,FALSE),0) -> 0 | G14: =IFERROR(VLOOKUP($B14,'Budget Lead'!$B:$AQ,6,FALSE),0) -> 0 | H14: =IFERROR(VLOOKUP($B14,'Budget Lead'!$B:$AQ,7,FALSE),0) -> 0 | I14: =IFERROR(VLOOKUP($B14,'Budget Lead'!$B:$AQ,8,FALSE),0) -> 0 | J14: =IFERROR(VLOOKUP($B14,'Budget Lead'!$B:$AQ,9,FALSE),0) -> 0 | K14: =D14*F14*H14*J14 -> 0 | O14: =SUM(K14:N14) -> 0 | Q14: {=SUMPRODUCT(('Budget Lead'!$M$8:$AV$8=Q$9)*('Budget Lead'!$B$11:$B$190=$B14)*('Budget Lead'!$M$11:$AV$190)*1)} -> 0 | R14: {=SUMPRODUCT(('Budget Lead'!$M$8:$AV$8=R$9)*('Budget Lead'!$B$11:$B$190=$B14)*('Budget Lead'!$M$11:$AV$190)*1)} -> 0 | S14: {=SUMPRODUCT(('Budget Lead'!$M$8:$AV$8=S$9)*('Budget Lead'!$B$11:$B$190=$B14)*('Budget Lead'!$M$11:$AV$190)*1)} -> 0 | T14: {=SUMPRODUCT(('Budget Lead'!$M$8:$AV$8=T$9)*('Budget Lead'!$B$11:$B$190=$B14)*('Budget Lead'!$M$11:$AV$190)*1)} -> 0 | U14: {=SUMPRODUCT(('Budget Lead'!$M$8:$AV$8=U$9)*('Budget Lead'!$B$11:$B$190=$B14)*('Budget Lead'!$M$11:$AV$190)*1)} -> 0 | V14: {=SUMPRODUCT(('Budget Lead'!$M$8:$AV$8=V$9)*('Budget Lead'!$B$11:$B$190=$B14)*('Budget Lead'!$M$11:$AV$190)*1)} -> 0 | W14: {=SUMPRODUCT(('Budget Lead'!$M$8:$AV$8=W$9)*('Budget Lead'!$B$11:$B$190=$B14)*('Budget Lead'!$M$11:$AV$190)*1)} -> 0 | X14: {=SUMPRODUCT(('Budget Lead'!$M$8:$AV$8=X$9)*('Budget Lead'!$B$11:$B$190=$B14)*('Budget Lead'!$M$11:$AV$190)*1)} -> 0 | ... AZ14: {=SUMPRODUCT(('Budget Lead'!$M$8:$AV$8=AZ$9)*('Budget Lead'!$B$11:$B$190=$B14)*('Budget Lead'!$M$11:$AV$190)*1)} -> 0 | BE14: =SUM(Q14:AZ14) -> 0 | BF14: =IFERROR(BE14/O14,0) -> 0 | BH14: =BB14+BE14 -> 0 | BI14: =IFERROR(BH14/O14,0) -> 0
B15: LP1103 | C15: =IFERROR(VLOOKUP(B15,'Budget Lead'!B:AQ,2,FALSE),0) -> 0 | D15: =IFERROR(VLOOKUP(B15,'Budget Lead'!B:AQ,3,FALSE),0) -> 0 | E15: =IFERROR(VLOOKUP($B15,'Budget Lead'!$B:$AQ,4,FALSE),0) -> 0 | F15: =IFERROR(VLOOKUP($B15,'Budget Lead'!$B:$AQ,5,FALSE),0) -> 0 | G15: =IFERROR(VLOOKUP($B15,'Budget Lead'!$B:$AQ,6,FALSE),0) -> 0 | H15: =IFERROR(VLOOKUP($B15,'Budget Lead'!$B:$AQ,7,FALSE),0) -> 0 | I15: =IFERROR(VLOOKUP($B15,'Budget Lead'!$B:$AQ,8,FALSE),0) -> 0 | J15: =IFERROR(VLOOKUP($B15,'Budget Lead'!$B:$AQ,9,FALSE),0) -> 0 | K15: =D15*F15*H15*J15 -> 0 | O15: =SUM(K15:N15) -> 0 | Q15: {=SUMPRODUCT(('Budget Lead'!$M$8:$AV$8=Q$9)*('Budget Lead'!$B$11:$B$190=$B15)*('Budget Lead'!$M$11:$AV$190)*1)} -> 0 | R15: {=SUMPRODUCT(('Budget Lead'!$M$8:$AV$8=R$9)*('Budget Lead'!$B$11:$B$190=$B15)*('Budget Lead'!$M$11:$AV$190)*1)} -> 0 | S15: {=SUMPRODUCT(('Budget Lead'!$M$8:$AV$8=S$9)*('Budget Lead'!$B$11:$B$190=$B15)*('Budget Lead'!$M$11:$AV$190)*1)} -> 0 | T15: {=SUMPRODUCT(('Budget Lead'!$M$8:$AV$8=T$9)*('Budget Lead'!$B$11:$B$190=$B15)*('Budget Lead'!$M$11:$AV$190)*1)} -> 0 | U15: {=SUMPRODUCT(('Budget Lead'!$M$8:$AV$8=U$9)*('Budget Lead'!$B$11:$B$190=$B15)*('Budget Lead'!$M$11:$AV$190)*1)} -> 0 | V15: {=SUMPRODUCT(('Budget Lead'!$M$8:$AV$8=V$9)*('Budget Lead'!$B$11:$B$190=$B15)*('Budget Lead'!$M$11:$AV$190)*1)} -> 0 | W15: {=SUMPRODUCT(('Budget Lead'!$M$8:$AV$8=W$9)*('Budget Lead'!$B$11:$B$190=$B15)*('Budget Lead'!$M$11:$AV$190)*1)} -> 0 | X15: {=SUMPRODUCT(('Budget Lead'!$M$8:$AV$8=X$9)*('Budget Lead'!$B$11:$B$190=$B15)*('Budget Lead'!$M$11:$AV$190)*1)} -> 0 | ... AZ15: {=SUMPRODUCT(('Budget Lead'!$M$8:$AV$8=AZ$9)*('Budget Lead'!$B$11:$B$190=$B15)*('Budget Lead'!$M$11:$AV$190)*1)} -> 0 | BE15: =SUM(Q15:AZ15) -> 0 | BF15: =IFERROR(BE15/O15,0) -> 0 | BH15: =BB15+BE15 -> 0 | BI15: =IFERROR(BH15/O15,0) -> 0
B16: LP1104 | C16: =IFERROR(VLOOKUP(B16,'Budget Lead'!B:AQ,2,FALSE),0) -> 0 | D16: =IFERROR(VLOOKUP(B16,'Budget Lead'!B:AQ,3,FALSE),0) -> 0 | E16: =IFERROR(VLOOKUP($B16,'Budget Lead'!$B:$AQ,4,FALSE),0) -> 0 | F16: =IFERROR(VLOOKUP($B16,'Budget Lead'!$B:$AQ,5,FALSE),0) -> 0 | G16: =IFERROR(VLOOKUP($B16,'Budget Lead'!$B:$AQ,6,FALSE),0) -> 0 | H16: =IFERROR(VLOOKUP($B16,'Budget Lead'!$B:$AQ,7,FALSE),0) -> 0 | I16: =IFERROR(VLOOKUP($B16,'Budget Lead'!$B:$AQ,8,FALSE),0) -> 0 | J16: =IFERROR(VLOOKUP($B16,'Budget Lead'!$B:$AQ,9,FALSE),0) -> 0 | K16: =D16*F16*H16*J16 -> 0 | O16: =SUM(K16:N16) -> 0 | Q16: {=SUMPRODUCT(('Budget Lead'!$M$8:$AV$8=Q$9)*('Budget Lead'!$B$11:$B$190=$B16)*('Budget Lead'!$M$11:$AV$190)*1)} -> 0 | R16: {=SUMPRODUCT(('Budget Lead'!$M$8:$AV$8=R$9)*('Budget Lead'!$B$11:$B$190=$B16)*('Budget Lead'!$M$11:$AV$190)*1)} -> 0 | S16: {=SUMPRODUCT(('Budget Lead'!$M$8:$AV$8=S$9)*('Budget Lead'!$B$11:$B$190=$B16)*('Budget Lead'!$M$11:$AV$190)*1)} -> 0 | T16: {=SUMPRODUCT(('Budget Lead'!$M$8:$AV$8=T$9)*('Budget Lead'!$B$11:$B$190=$B16)*('Budget Lead'!$M$11:$AV$190)*1)} -> 0 | U16: {=SUMPRODUCT(('Budget Lead'!$M$8:$AV$8=U$9)*('Budget Lead'!$B$11:$B$190=$B16)*('Budget Lead'!$M$11:$AV$190)*1)} -> 0 | V16: {=SUMPRODUCT(('Budget Lead'!$M$8:$AV$8=V$9)*('Budget Lead'!$B$11:$B$190=$B16)*('Budget Lead'!$M$11:$AV$190)*1)} -> 0 | W16: {=SUMPRODUCT(('Budget Lead'!$M$8:$AV$8=W$9)*('Budget Lead'!$B$11:$B$190=$B16)*('Budget Lead'!$M$11:$AV$190)*1)} -> 0 | X16: {=SUMPRODUCT(('Budget Lead'!$M$8:$AV$8=X$9)*('Budget Lead'!$B$11:$B$190=$B16)*('Budget Lead'!$M$11:$AV$190)*1)} -> 0 | ... AZ16: {=SUMPRODUCT(('Budget Lead'!$M$8:$AV$8=AZ$9)*('Budget Lead'!$B$11:$B$190=$B16)*('Budget Lead'!$M$11:$AV$190)*1)} -> 0 | BE16: =SUM(Q16:AZ16) -> 0 | BF16: =IFERROR(BE16/O16,0) -> 0 | BH16: =BB16+BE16 -> 0 | BI16: =IFERROR(BH16/O16,0) -> 0
B17: LP1105 | C17: =IFERROR(VLOOKUP(B17,'Budget Lead'!B:AQ,2,FALSE),0) -> 0 | D17: =IFERROR(VLOOKUP(B17,'Budget Lead'!B:AQ,3,FALSE),0) -> 0 | E17: =IFERROR(VLOOKUP($B17,'Budget Lead'!$B:$AQ,4,FALSE),0) -> 0 | F17: =IFERROR(VLOOKUP($B17,'Budget Lead'!$B:$AQ,5,FALSE),0) -> 0 | G17: =IFERROR(VLOOKUP($B17,'Budget Lead'!$B:$AQ,6,FALSE),0) -> 0 | H17: =IFERROR(VLOOKUP($B17,'Budget Lead'!$B:$AQ,7,FALSE),0) -> 0 | I17: =IFERROR(VLOOKUP($B17,'Budget Lead'!$B:$AQ,8,FALSE),0) -> 0 | J17: =IFERROR(VLOOKUP($B17,'Budget Lead'!$B:$AQ,9,FALSE),0) -> 0 | K17: =D17*F17*H17*J17 -> 0 | O17: =SUM(K17:N17) -> 0 | Q17: {=SUMPRODUCT(('Budget Lead'!$M$8:$AV$8=Q$9)*('Budget Lead'!$B$11:$B$190=$B17)*('Budget Lead'!$M$11:$AV$190)*1)} -> 0 | R17: {=SUMPRODUCT(('Budget Lead'!$M$8:$AV$8=R$9)*('Budget Lead'!$B$11:$B$190=$B17)*('Budget Lead'!$M$11:$AV$190)*1)} -> 0 | S17: {=SUMPRODUCT(('Budget Lead'!$M$8:$AV$8=S$9)*('Budget Lead'!$B$11:$B$190=$B17)*('Budget Lead'!$M$11:$AV$190)*1)} -> 0 | T17: {=SUMPRODUCT(('Budget Lead'!$M$8:$AV$8=T$9)*('Budget Lead'!$B$11:$B$190=$B17)*('Budget Lead'!$M$11:$AV$190)*1)} -> 0 | U17: {=SUMPRODUCT(('Budget Lead'!$M$8:$AV$8=U$9)*('Budget Lead'!$B$11:$B$190=$B17)*('Budget Lead'!$M$11:$AV$190)*1)} -> 0 | V17: {=SUMPRODUCT(('Budget Lead'!$M$8:$AV$8=V$9)*('Budget Lead'!$B$11:$B$190=$B17)*('Budget Lead'!$M$11:$AV$190)*1)} -> 0 | W17: {=SUMPRODUCT(('Budget Lead'!$M$8:$AV$8=W$9)*('Budget Lead'!$B$11:$B$190=$B17)*('Budget Lead'!$M$11:$AV$190)*1)} -> 0 | X17: {=SUMPRODUCT(('Budget Lead'!$M$8:$AV$8=X$9)*('Budget Lead'!$B$11:$B$190=$B17)*('Budget Lead'!$M$11:$AV$190)*1)} -> 0 | ... AZ17: {=SUMPRODUCT(('Budget Lead'!$M$8:$AV$8=AZ$9)*('Budget Lead'!$B$11:$B$190=$B17)*('Budget Lead'!$M$11:$AV$190)*1)} -> 0 | BE17: =SUM(Q17:AZ17) -> 0 | BF17: =IFERROR(BE17/O17,0) -> 0 | BH17: =BB17+BE17 -> 0 | BI17: =IFERROR(BH17/O17,0) -> 0
B18: LP1106 | C18: =IFERROR(VLOOKUP(B18,'Budget Lead'!B:AQ,2,FALSE),0) -> 0 | D18: =IFERROR(VLOOKUP(B18,'Budget Lead'!B:AQ,3,FALSE),0) -> 0 | E18: =IFERROR(VLOOKUP($B18,'Budget Lead'!$B:$AQ,4,FALSE),0) -> 0 | F18: =IFERROR(VLOOKUP($B18,'Budget Lead'!$B:$AQ,5,FALSE),0) -> 0 | G18: =IFERROR(VLOOKUP($B18,'Budget Lead'!$B:$AQ,6,FALSE),0) -> 0 | H18: =IFERROR(VLOOKUP($B18,'Budget Lead'!$B:$AQ,7,FALSE),0) -> 0 | I18: =IFERROR(VLOOKUP($B18,'Budget Lead'!$B:$AQ,8,FALSE),0) -> 0 | J18: =IFERROR(VLOOKUP($B18,'Budget Lead'!$B:$AQ,9,FALSE),0) -> 0 | K18: =D18*F18*H18*J18 -> 0 | O18: =SUM(K18:N18) -> 0 | Q18: {=SUMPRODUCT(('Budget Lead'!$M$8:$AV$8=Q$9)*('Budget Lead'!$B$11:$B$190=$B18)*('Budget Lead'!$M$11:$AV$190)*1)} -> 0 | R18: {=SUMPRODUCT(('Budget Lead'!$M$8:$AV$8=R$9)*('Budget Lead'!$B$11:$B$190=$B18)*('Budget Lead'!$M$11:$AV$190)*1)} -> 0 | S18: {=SUMPRODUCT(('Budget Lead'!$M$8:$AV$8=S$9)*('Budget Lead'!$B$11:$B$190=$B18)*('Budget Lead'!$M$11:$AV$190)*1)} -> 0 | T18: {=SUMPRODUCT(('Budget Lead'!$M$8:$AV$8=T$9)*('Budget Lead'!$B$11:$B$190=$B18)*('Budget Lead'!$M$11:$AV$190)*1)} -> 0 | U18: {=SUMPRODUCT(('Budget Lead'!$M$8:$AV$8=U$9)*('Budget Lead'!$B$11:$B$190=$B18)*('Budget Lead'!$M$11:$AV$190)*1)} -> 0 | V18: {=SUMPRODUCT(('Budget Lead'!$M$8:$AV$8=V$9)*('Budget Lead'!$B$11:$B$190=$B18)*('Budget Lead'!$M$11:$AV$190)*1)} -> 0 | W18: {=SUMPRODUCT(('Budget Lead'!$M$8:$AV$8=W$9)*('Budget Lead'!$B$11:$B$190=$B18)*('Budget Lead'!$M$11:$AV$190)*1)} -> 0 | X18: {=SUMPRODUCT(('Budget Lead'!$M$8:$AV$8=X$9)*('Budget Lead'!$B$11:$B$190=$B18)*('Budget Lead'!$M$11:$AV$190)*1)} -> 0 | ... AZ18: {=SUMPRODUCT(('Budget Lead'!$M$8:$AV$8=AZ$9)*('Budget Lead'!$B$11:$B$190=$B18)*('Budget Lead'!$M$11:$AV$190)*1)} -> 0 | BE18: =SUM(Q18:AZ18) -> 0 | BF18: =IFERROR(BE18/O18,0) -> 0 | BH18: =BB18+BE18 -> 0 | BI18: =IFERROR(BH18/O18,0) -> 0
B19: LP1107 | C19: =IFERROR(VLOOKUP(B19,'Budget Lead'!B:AQ,2,FALSE),0) -> 0 | D19: =IFERROR(VLOOKUP(B19,'Budget Lead'!B:AQ,3,FALSE),0) -> 0 | E19: =IFERROR(VLOOKUP($B19,'Budget Lead'!$B:$AQ,4,FALSE),0) -> 0 | F19: =IFERROR(VLOOKUP($B19,'Budget Lead'!$B:$AQ,5,FALSE),0) -> 0 | G19: =IFERROR(VLOOKUP($B19,'Budget Lead'!$B:$AQ,6,FALSE),0) -> 0 | H19: =IFERROR(VLOOKUP($B19,'Budget Lead'!$B:$AQ,7,FALSE),0) -> 0 | I19: =IFERROR(VLOOKUP($B19,'Budget Lead'!$B:$AQ,8,FALSE),0) -> 0 | J19: =IFERROR(VLOOKUP($B19,'Budget Lead'!$B:$AQ,9,FALSE),0) -> 0 | K19: =D19*F19*H19*J19 -> 0 | O19: =SUM(K19:N19) -> 0 | Q19: {=SUMPRODUCT(('Budget Lead'!$M$8:$AV$8=Q$9)*('Budget Lead'!$B$11:$B$190=$B19)*('Budget Lead'!$M$11:$AV$190)*1)} -> 0 | R19: {=SUMPRODUCT(('Budget Lead'!$M$8:$AV$8=R$9)*('Budget Lead'!$B$11:$B$190=$B19)*('Budget Lead'!$M$11:$AV$190)*1)} -> 0 | S19: {=SUMPRODUCT(('Budget Lead'!$M$8:$AV$8=S$9)*('Budget Lead'!$B$11:$B$190=$B19)*('Budget Lead'!$M$11:$AV$190)*1)} -> 0 | T19: {=SUMPRODUCT(('Budget Lead'!$M$8:$AV$8=T$9)*('Budget Lead'!$B$11:$B$190=$B19)*('Budget Lead'!$M$11:$AV$190)*1)} -> 0 | U19: {=SUMPRODUCT(('Budget Lead'!$M$8:$AV$8=U$9)*('Budget Lead'!$B$11:$B$190=$B19)*('Budget Lead'!$M$11:$AV$190)*1)} -> 0 | V19: {=SUMPRODUCT(('Budget Lead'!$M$8:$AV$8=V$9)*('Budget Lead'!$B$11:$B$190=$B19)*('Budget Lead'!$M$11:$AV$190)*1)} -> 0 | W19: {=SUMPRODUCT(('Budget Lead'!$M$8:$AV$8=W$9)*('Budget Lead'!$B$11:$B$190=$B19)*('Budget Lead'!$M$11:$AV$190)*1)} -> 0 | X19: {=SUMPRODUCT(('Budget Lead'!$M$8:$AV$8=X$9)*('Budget Lead'!$B$11:$B$190=$B19)*('Budget Lead'!$M$11:$AV$190)*1)} -> 0 | ... AZ19: {=SUMPRODUCT(('Budget Lead'!$M$8:$AV$8=AZ$9)*('Budget Lead'!$B$11:$B$190=$B19)*('Budget Lead'!$M$11:$AV$190)*1)} -> 0 | BE19: =SUM(Q19:AZ19) -> 0 | BF19: =IFERROR(BE19/O19,0) -> 0 | BH19: =BB19+BE19 -> 0 | BI19: =IFERROR(BH19/O19,0) -> 0
B20: LP1108 | C20: =IFERROR(VLOOKUP(B20,'Budget Lead'!B:AQ,2,FALSE),0) -> 0 | D20: =IFERROR(VLOOKUP(B20,'Budget Lead'!B:AQ,3,FALSE),0) -> 0 | E20: =IFERROR(VLOOKUP($B20,'Budget Lead'!$B:$AQ,4,FALSE),0) -> 0 | F20: =IFERROR(VLOOKUP($B20,'Budget Lead'!$B:$AQ,5,FALSE),0) -> 0 | G20: =IFERROR(VLOOKUP($B20,'Budget Lead'!$B:$AQ,6,FALSE),0) -> 0 | H20: =IFERROR(VLOOKUP($B20,'Budget Lead'!$B:$AQ,7,FALSE),0) -> 0 | I20: =IFERROR(VLOOKUP($B20,'Budget Lead'!$B:$AQ,8,FALSE),0) -> 0 | J20: =IFERROR(VLOOKUP($B20,'Budget Lead'!$B:$AQ,9,FALSE),0) -> 0 | K20: =D20*F20*H20*J20 -> 0 | O20: =SUM(K20:N20) -> 0 | Q20: {=SUMPRODUCT(('Budget Lead'!$M$8:$AV$8=Q$9)*('Budget Lead'!$B$11:$B$190=$B20)*('Budget Lead'!$M$11:$AV$190)*1)} -> 0 | R20: {=SUMPRODUCT(('Budget Lead'!$M$8:$AV$8=R$9)*('Budget Lead'!$B$11:$B$190=$B20)*('Budget Lead'!$M$11:$AV$190)*1)} -> 0 | S20: {=SUMPRODUCT(('Budget Lead'!$M$8:$AV$8=S$9)*('Budget Lead'!$B$11:$B$190=$B20)*('Budget Lead'!$M$11:$AV$190)*1)} -> 0 | T20: {=SUMPRODUCT(('Budget Lead'!$M$8:$AV$8=T$9)*('Budget Lead'!$B$11:$B$190=$B20)*('Budget Lead'!$M$11:$AV$190)*1)} -> 0 | U20: {=SUMPRODUCT(('Budget Lead'!$M$8:$AV$8=U$9)*('Budget Lead'!$B$11:$B$190=$B20)*('Budget Lead'!$M$11:$AV$190)*1)} -> 0 | V20: {=SUMPRODUCT(('Budget Lead'!$M$8:$AV$8=V$9)*('Budget Lead'!$B$11:$B$190=$B20)*('Budget Lead'!$M$11:$AV$190)*1)} -> 0 | W20: {=SUMPRODUCT(('Budget Lead'!$M$8:$AV$8=W$9)*('Budget Lead'!$B$11:$B$190=$B20)*('Budget Lead'!$M$11:$AV$190)*1)} -> 0 | X20: {=SUMPRODUCT(('Budget Lead'!$M$8:$AV$8=X$9)*('Budget Lead'!$B$11:$B$190=$B20)*('Budget Lead'!$M$11:$AV$190)*1)} -> 0 | ... AZ20: {=SUMPRODUCT(('Budget Lead'!$M$8:$AV$8=AZ$9)*('Budget Lead'!$B$11:$B$190=$B20)*('Budget Lead'!$M$11:$AV$190)*1)} -> 0 | BE20: =SUM(Q20:AZ20) -> 0 | BF20: =IFERROR(BE20/O20,0) -> 0 | BH20: =BB20+BE20 -> 0 | BI20: =IFERROR(BH20/O20,0) -> 0
B21: LP1109 | C21: =IFERROR(VLOOKUP(B21,'Budget Lead'!B:AQ,2,FALSE),0) -> 0 | D21: =IFERROR(VLOOKUP(B21,'Budget Lead'!B:AQ,3,FALSE),0) -> 0 | E21: =IFERROR(VLOOKUP($B21,'Budget Lead'!$B:$AQ,4,FALSE),0) -> 0 | F21: =IFERROR(VLOOKUP($B21,'Budget Lead'!$B:$AQ,5,FALSE),0) -> 0 | G21: =IFERROR(VLOOKUP($B21,'Budget Lead'!$B:$AQ,6,FALSE),0) -> 0 | H21: =IFERROR(VLOOKUP($B21,'Budget Lead'!$B:$AQ,7,FALSE),0) -> 0 | I21: =IFERROR(VLOOKUP($B21,'Budget Lead'!$B:$AQ,8,FALSE),0) -> 0 | J21: =IFERROR(VLOOKUP($B21,'Budget Lead'!$B:$AQ,9,FALSE),0) -> 0 | K21: =D21*F21*H21*J21 -> 0 | O21: =SUM(K21:N21) -> 0 | Q21: {=SUMPRODUCT(('Budget Lead'!$M$8:$AV$8=Q$9)*('Budget Lead'!$B$11:$B$190=$B21)*('Budget Lead'!$M$11:$AV$190)*1)} -> 0 | R21: {=SUMPRODUCT(('Budget Lead'!$M$8:$AV$8=R$9)*('Budget Lead'!$B$11:$B$190=$B21)*('Budget Lead'!$M$11:$AV$190)*1)} -> 0 | S21: {=SUMPRODUCT(('Budget Lead'!$M$8:$AV$8=S$9)*('Budget Lead'!$B$11:$B$190=$B21)*('Budget Lead'!$M$11:$AV$190)*1)} -> 0 | T21: {=SUMPRODUCT(('Budget Lead'!$M$8:$AV$8=T$9)*('Budget Lead'!$B$11:$B$190=$B21)*('Budget Lead'!$M$11:$AV$190)*1)} -> 0 | U21: {=SUMPRODUCT(('Budget Lead'!$M$8:$AV$8=U$9)*('Budget Lead'!$B$11:$B$190=$B21)*('Budget Lead'!$M$11:$AV$190)*1)} -> 0 | V21: {=SUMPRODUCT(('Budget Lead'!$M$8:$AV$8=V$9)*('Budget Lead'!$B$11:$B$190=$B21)*('Budget Lead'!$M$11:$AV$190)*1)} -> 0 | W21: {=SUMPRODUCT(('Budget Lead'!$M$8:$AV$8=W$9)*('Budget Lead'!$B$11:$B$190=$B21)*('Budget Lead'!$M$11:$AV$190)*1)} -> 0 | X21: {=SUMPRODUCT(('Budget Lead'!$M$8:$AV$8=X$9)*('Budget Lead'!$B$11:$B$190=$B21)*('Budget Lead'!$M$11:$AV$190)*1)} -> 0 | ... AZ21: {=SUMPRODUCT(('Budget Lead'!$M$8:$AV$8=AZ$9)*('Budget Lead'!$B$11:$B$190=$B21)*('Budget Lead'!$M$11:$AV$190)*1)} -> 0 | BE21: =SUM(Q21:AZ21) -> 0 | BF21: =IFERROR(BE21/O21,0) -> 0 | BH21: =BB21+BE21 -> 0 | BI21: =IFERROR(BH21/O21,0) -> 0
B22: LP1110 | C22: =IFERROR(VLOOKUP(B22,'Budget Lead'!B:AQ,2,FALSE),0) -> 0 | D22: =IFERROR(VLOOKUP(B22,'Budget Lead'!B:AQ,3,FALSE),0) -> 0 | E22: =IFERROR(VLOOKUP($B22,'Budget Lead'!$B:$AQ,4,FALSE),0) -> 0 | F22: =IFERROR(VLOOKUP($B22,'Budget Lead'!$B:$AQ,5,FALSE),0) -> 0 | G22: =IFERROR(VLOOKUP($B22,'Budget Lead'!$B:$AQ,6,FALSE),0) -> 0 | H22: =IFERROR(VLOOKUP($B22,'Budget Lead'!$B:$AQ,7,FALSE),0) -> 0 | I22: =IFERROR(VLOOKUP($B22,'Budget Lead'!$B:$AQ,8,FALSE),0) -> 0 | J22: =IFERROR(VLOOKUP($B22,'Budget Lead'!$B:$AQ,9,FALSE),0) -> 0 | K22: =D22*F22*H22*J22 -> 0 | O22: =SUM(K22:N22) -> 0 | Q22: {=SUMPRODUCT(('Budget Lead'!$M$8:$AV$8=Q$9)*('Budget Lead'!$B$11:$B$190=$B22)*('Budget Lead'!$M$11:$AV$190)*1)} -> 0 | R22: {=SUMPRODUCT(('Budget Lead'!$M$8:$AV$8=R$9)*('Budget Lead'!$B$11:$B$190=$B22)*('Budget Lead'!$M$11:$AV$190)*1)} -> 0 | S22: {=SUMPRODUCT(('Budget Lead'!$M$8:$AV$8=S$9)*('Budget Lead'!$B$11:$B$190=$B22)*('Budget Lead'!$M$11:$AV$190)*1)} -> 0 | T22: {=SUMPRODUCT(('Budget Lead'!$M$8:$AV$8=T$9)*('Budget Lead'!$B$11:$B$190=$B22)*('Budget Lead'!$M$11:$AV$190)*1)} -> 0 | U22: {=SUMPRODUCT(('Budget Lead'!$M$8:$AV$8=U$9)*('Budget Lead'!$B$11:$B$190=$B22)*('Budget Lead'!$M$11:$AV$190)*1)} -> 0 | V22: {=SUMPRODUCT(('Budget Lead'!$M$8:$AV$8=V$9)*('Budget Lead'!$B$11:$B$190=$B22)*('Budget Lead'!$M$11:$AV$190)*1)} -> 0 | W22: {=SUMPRODUCT(('Budget Lead'!$M$8:$AV$8=W$9)*('Budget Lead'!$B$11:$B$190=$B22)*('Budget Lead'!$M$11:$AV$190)*1)} -> 0 | X22: {=SUMPRODUCT(('Budget Lead'!$M$8:$AV$8=X$9)*('Budget Lead'!$B$11:$B$190=$B22)*('Budget Lead'!$M$11:$AV$190)*1)} -> 0 | ... AZ22: {=SUMPRODUCT(('Budget Lead'!$M$8:$AV$8=AZ$9)*('Budget Lead'!$B$11:$B$190=$B22)*('Budget Lead'!$M$11:$AV$190)*1)} -> 0 | BE22: =SUM(Q22:AZ22) -> 0 | BF22: =IFERROR(BE22/O22,0) -> 0 | BH22: =BB22+BE22 -> 0 | BI22: =IFERROR(BH22/O22,0) -> 0
C23: =B3 -> P1 | L23: =SUM(L24:L33) -> 0 | O23: =SUM(O24:O33) -> 0 | Q23: =SUM(Q24:Q33) -> 0 | R23: =SUM(R24:R33) -> 0 | S23: =SUM(S24:S33) -> 0 | T23: =SUM(T24:T33) -> 0 | U23: =SUM(U24:U33) -> 0 | V23: =SUM(V24:V33) -> 0 | W23: =SUM(W24:W33) -> 0 | X23: =SUM(X24:X33) -> 0 | ... AZ23: =SUM(AZ24:AZ33) -> 0 | BB23: =SUM(BB24:BB32) -> 0 | BE23: =SUM(BE24:BE33) -> 0 | BF23: =IFERROR(BE23/O23,0) -> 0 | BH23: =SUM(BH24:BH33) -> 0 | BI23: =IFERROR(BH23/O23,0) -> 0
B24: P11101 | C24: =IFERROR(VLOOKUP($B24,'P1'!$B:$AQ,2,FALSE),0) -> 0 | D24: =IFERROR(VLOOKUP($B24,'P1'!$B:$AQ,3,FALSE),0) -> 0 | E24: =IFERROR(VLOOKUP($B24,'P1'!$B:$AQ,4,FALSE),0) -> 0 | F24: =IFERROR(VLOOKUP($B24,'P1'!$B:$AQ,5,FALSE),0) -> 0 | G24: =IFERROR(VLOOKUP($B24,'P1'!$B:$AQ,6,FALSE),0) -> 0 | H24: =IFERROR(VLOOKUP($B24,'P1'!$B:$AQ,7,FALSE),0) -> 0 | I24: =IFERROR(VLOOKUP($B24,'P1'!$B:$AQ,8,FALSE),0) -> 0 | J24: =IFERROR(VLOOKUP($B24,'P1'!$B:$AQ,9,FALSE),0) -> 0 | L24: =J24*F24*H24*D24 -> 0 | O24: =SUM(K24:N24) -> 0 | Q24: {=SUMPRODUCT(('P1'!$M$8:$AV$8=Q$9)*('P1'!$B$11:$B$190=$B24)*('P1'!$M$11:$AV$190*1))} -> 0 | R24: {=SUMPRODUCT(('P1'!$M$8:$AV$8=R$9)*('P1'!$B$11:$B$190=$B24)*('P1'!$M$11:$AV$190*1))} -> 0 | S24: {=SUMPRODUCT(('P1'!$M$8:$AV$8=S$9)*('P1'!$B$11:$B$190=$B24)*('P1'!$M$11:$AV$190*1))} -> 0 | T24: {=SUMPRODUCT(('P1'!$M$8:$AV$8=T$9)*('P1'!$B$11:$B$190=$B24)*('P1'!$M$11:$AV$190*1))} -> 0 | U24: {=SUMPRODUCT(('P1'!$M$8:$AV$8=U$9)*('P1'!$B$11:$B$190=$B24)*('P1'!$M$11:$AV$190*1))} -> 0 | V24: {=SUMPRODUCT(('P1'!$M$8:$AV$8=V$9)*('P1'!$B$11:$B$190=$B24)*('P1'!$M$11:$AV$190*1))} -> 0 | W24: {=SUMPRODUCT(('P1'!$M$8:$AV$8=W$9)*('P1'!$B$11:$B$190=$B24)*('P1'!$M$11:$AV$190*1))} -> 0 | X24: {=SUMPRODUCT(('P1'!$M$8:$AV$8=X$9)*('P1'!$B$11:$B$190=$B24)*('P1'!$M$11:$AV$190*1))} -> 0 | ... AZ24: {=SUMPRODUCT(('P1'!$M$8:$AV$8=AZ$9)*('P1'!$B$11:$B$190=$B24)*('P1'!$M$11:$AV$190*1))} -> 0 | BE24: =SUM(Q24:AZ24) -> 0 | BF24: =IFERROR(BE24/O24,0) -> 0 | BH24: =BB24+BE24 -> 0 | BI24: =IFERROR(BH24/O24,0) -> 0
B25: P11102 | C25: =IFERROR(VLOOKUP($B25,'P1'!$B:$AQ,2,FALSE),0) -> 0 | D25: =IFERROR(VLOOKUP($B25,'P1'!$B:$AQ,3,FALSE),0) -> 0 | E25: =IFERROR(VLOOKUP($B25,'P1'!$B:$AQ,4,FALSE),0) -> 0 | F25: =IFERROR(VLOOKUP($B25,'P1'!$B:$AQ,5,FALSE),0) -> 0 | G25: =IFERROR(VLOOKUP($B25,'P1'!$B:$AQ,6,FALSE),0) -> 0 | H25: =IFERROR(VLOOKUP($B25,'P1'!$B:$AQ,7,FALSE),0) -> 0 | I25: =IFERROR(VLOOKUP($B25,'P1'!$B:$AQ,8,FALSE),0) -> 0 | J25: =IFERROR(VLOOKUP($B25,'P1'!$B:$AQ,9,FALSE),0) -> 0 | L25: =J25*F25*H25*D25 -> 0 | O25: =SUM(K25:N25) -> 0 | Q25: {=SUMPRODUCT(('P1'!$M$8:$AV$8=Q$9)*('P1'!$B$11:$B$190=$B25)*('P1'!$M$11:$AV$190*1))} -> 0 | R25: {=SUMPRODUCT(('P1'!$M$8:$AV$8=R$9)*('P1'!$B$11:$B$190=$B25)*('P1'!$M$11:$AV$190*1))} -> 0 | S25: {=SUMPRODUCT(('P1'!$M$8:$AV$8=S$9)*('P1'!$B$11:$B$190=$B25)*('P1'!$M$11:$AV$190*1))} -> 0 | T25: {=SUMPRODUCT(('P1'!$M$8:$AV$8=T$9)*('P1'!$B$11:$B$190=$B25)*('P1'!$M$11:$AV$190*1))} -> 0 | U25: {=SUMPRODUCT(('P1'!$M$8:$AV$8=U$9)*('P1'!$B$11:$B$190=$B25)*('P1'!$M$11:$AV$190*1))} -> 0 | V25: {=SUMPRODUCT(('P1'!$M$8:$AV$8=V$9)*('P1'!$B$11:$B$190=$B25)*('P1'!$M$11:$AV$190*1))} -> 0 | W25: {=SUMPRODUCT(('P1'!$M$8:$AV$8=W$9)*('P1'!$B$11:$B$190=$B25)*('P1'!$M$11:$AV$190*1))} -> 0 | X25: {=SUMPRODUCT(('P1'!$M$8:$AV$8=X$9)*('P1'!$B$11:$B$190=$B25)*('P1'!$M$11:$AV$190*1))} -> 0 | ... AZ25: {=SUMPRODUCT(('P1'!$M$8:$AV$8=AZ$9)*('P1'!$B$11:$B$190=$B25)*('P1'!$M$11:$AV$190*1))} -> 0 | BE25: =SUM(Q25:AZ25) -> 0 | BF25: =IFERROR(BE25/O25,0) -> 0 | BH25: =BB25+BE25 -> 0 | BI25: =IFERROR(BH25/O25,0) -> 0
B26: P11103 | C26: =IFERROR(VLOOKUP($B26,'P1'!$B:$AQ,2,FALSE),0) -> 0 | D26: =IFERROR(VLOOKUP($B26,'P1'!$B:$AQ,3,FALSE),0) -> 0 | E26: =IFERROR(VLOOKUP($B26,'P1'!$B:$AQ,4,FALSE),0) -> 0 | F26: =IFERROR(VLOOKUP($B26,'P1'!$B:$AQ,5,FALSE),0) -> 0 | G26: =IFERROR(VLOOKUP($B26,'P1'!$B:$AQ,6,FALSE),0) -> 0 | H26: =IFERROR(VLOOKUP($B26,'P1'!$B:$AQ,7,FALSE),0) -> 0 | I26: =IFERROR(VLOOKUP($B26,'P1'!$B:$AQ,8,FALSE),0) -> 0 | J26: =IFERROR(VLOOKUP($B26,'P1'!$B:$AQ,9,FALSE),0) -> 0 | L26: =J26*F26*H26*D26 -> 0 | O26: =SUM(K26:N26) -> 0 | Q26: {=SUMPRODUCT(('P1'!$M$8:$AV$8=Q$9)*('P1'!$B$11:$B$190=$B26)*('P1'!$M$11:$AV$190*1))} -> 0 | R26: {=SUMPRODUCT(('P1'!$M$8:$AV$8=R$9)*('P1'!$B$11:$B$190=$B26)*('P1'!$M$11:$AV$190*1))} -> 0 | S26: {=SUMPRODUCT(('P1'!$M$8:$AV$8=S$9)*('P1'!$B$11:$B$190=$B26)*('P1'!$M$11:$AV$190*1))} -> 0 | T26: {=SUMPRODUCT(('P1'!$M$8:$AV$8=T$9)*('P1'!$B$11:$B$190=$B26)*('P1'!$M$11:$AV$190*1))} -> 0 | U26: {=SUMPRODUCT(('P1'!$M$8:$AV$8=U$9)*('P1'!$B$11:$B$190=$B26)*('P1'!$M$11:$AV$190*1))} -> 0 | V26: {=SUMPRODUCT(('P1'!$M$8:$AV$8=V$9)*('P1'!$B$11:$B$190=$B26)*('P1'!$M$11:$AV$190*1))} -> 0 | W26: {=SUMPRODUCT(('P1'!$M$8:$AV$8=W$9)*('P1'!$B$11:$B$190=$B26)*('P1'!$M$11:$AV$190*1))} -> 0 | X26: {=SUMPRODUCT(('P1'!$M$8:$AV$8=X$9)*('P1'!$B$11:$B$190=$B26)*('P1'!$M$11:$AV$190*1))} -> 0 | ... AZ26: {=SUMPRODUCT(('P1'!$M$8:$AV$8=AZ$9)*('P1'!$B$11:$B$190=$B26)*('P1'!$M$11:$AV$190*1))} -> 0 | BE26: =SUM(Q26:AZ26) -> 0 | BF26: =IFERROR(BE26/O26,0) -> 0 | BH26: =BB26+BE26 -> 0 | BI26: =IFERROR(BH26/O26,0) -> 0
B27: P11104 | C27: =IFERROR(VLOOKUP($B27,'P1'!$B:$AQ,2,FALSE),0) -> 0 | D27: =IFERROR(VLOOKUP($B27,'P1'!$B:$AQ,3,FALSE),0) -> 0 | E27: =IFERROR(VLOOKUP($B27,'P1'!$B:$AQ,4,FALSE),0) -> 0 | F27: =IFERROR(VLOOKUP($B27,'P1'!$B:$AQ,5,FALSE),0) -> 0 | G27: =IFERROR(VLOOKUP($B27,'P1'!$B:$AQ,6,FALSE),0) -> 0 | H27: =IFERROR(VLOOKUP($B27,'P1'!$B:$AQ,7,FALSE),0) -> 0 | I27: =IFERROR(VLOOKUP($B27,'P1'!$B:$AQ,8,FALSE),0) -> 0 | J27: =IFERROR(VLOOKUP($B27,'P1'!$B:$AQ,9,FALSE),0) -> 0 | L27: =J27*F27*H27*D27 -> 0 | O27: =SUM(K27:N27) -> 0 | Q27: {=SUMPRODUCT(('P1'!$M$8:$AV$8=Q$9)*('P1'!$B$11:$B$190=$B27)*('P1'!$M$11:$AV$190*1))} -> 0 | R27: {=SUMPRODUCT(('P1'!$M$8:$AV$8=R$9)*('P1'!$B$11:$B$190=$B27)*('P1'!$M$11:$AV$190*1))} -> 0 | S27: {=SUMPRODUCT(('P1'!$M$8:$AV$8=S$9)*('P1'!$B$11:$B$190=$B27)*('P1'!$M$11:$AV$190*1))} -> 0 | T27: {=SUMPRODUCT(('P1'!$M$8:$AV$8=T$9)*('P1'!$B$11:$B$190=$B27)*('P1'!$M$11:$AV$190*1))} -> 0 | U27: {=SUMPRODUCT(('P1'!$M$8:$AV$8=U$9)*('P1'!$B$11:$B$190=$B27)*('P1'!$M$11:$AV$190*1))} -> 0 | V27: {=SUMPRODUCT(('P1'!$M$8:$AV$8=V$9)*('P1'!$B$11:$B$190=$B27)*('P1'!$M$11:$AV$190*1))} -> 0 | W27: {=SUMPRODUCT(('P1'!$M$8:$AV$8=W$9)*('P1'!$B$11:$B$190=$B27)*('P1'!$M$11:$AV$190*1))} -> 0 | X27: {=SUMPRODUCT(('P1'!$M$8:$AV$8=X$9)*('P1'!$B$11:$B$190=$B27)*('P1'!$M$11:$AV$190*1))} -> 0 | ... AZ27: {=SUMPRODUCT(('P1'!$M$8:$AV$8=AZ$9)*('P1'!$B$11:$B$190=$B27)*('P1'!$M$11:$AV$190*1))} -> 0 | BE27: =SUM(Q27:AZ27) -> 0 | BF27: =IFERROR(BE27/O27,0) -> 0 | BH27: =BB27+BE27 -> 0 | BI27: =IFERROR(BH27/O27,0) -> 0
B28: P11105 | C28: =IFERROR(VLOOKUP($B28,'P1'!$B:$AQ,2,FALSE),0) -> 0 | D28: =IFERROR(VLOOKUP($B28,'P1'!$B:$AQ,3,FALSE),0) -> 0 | E28: =IFERROR(VLOOKUP($B28,'P1'!$B:$AQ,4,FALSE),0) -> 0 | F28: =IFERROR(VLOOKUP($B28,'P1'!$B:$AQ,5,FALSE),0) -> 0 | G28: =IFERROR(VLOOKUP($B28,'P1'!$B:$AQ,6,FALSE),0) -> 0 | H28: =IFERROR(VLOOKUP($B28,'P1'!$B:$AQ,7,FALSE),0) -> 0 | I28: =IFERROR(VLOOKUP($B28,'P1'!$B:$AQ,8,FALSE),0) -> 0 | J28: =IFERROR(VLOOKUP($B28,'P1'!$B:$AQ,9,FALSE),0) -> 0 | L28: =J28*F28*H28*D28 -> 0 | O28: =SUM(K28:N28) -> 0 | Q28: {=SUMPRODUCT(('P1'!$M$8:$AV$8=Q$9)*('P1'!$B$11:$B$190=$B28)*('P1'!$M$11:$AV$190*1))} -> 0 | R28: {=SUMPRODUCT(('P1'!$M$8:$AV$8=R$9)*('P1'!$B$11:$B$190=$B28)*('P1'!$M$11:$AV$190*1))} -> 0 | S28: {=SUMPRODUCT(('P1'!$M$8:$AV$8=S$9)*('P1'!$B$11:$B$190=$B28)*('P1'!$M$11:$AV$190*1))} -> 0 | T28: {=SUMPRODUCT(('P1'!$M$8:$AV$8=T$9)*('P1'!$B$11:$B$190=$B28)*('P1'!$M$11:$AV$190*1))} -> 0 | U28: {=SUMPRODUCT(('P1'!$M$8:$AV$8=U$9)*('P1'!$B$11:$B$190=$B28)*('P1'!$M$11:$AV$190*1))} -> 0 | V28: {=SUMPRODUCT(('P1'!$M$8:$AV$8=V$9)*('P1'!$B$11:$B$190=$B28)*('P1'!$M$11:$AV$190*1))} -> 0 | W28: {=SUMPRODUCT(('P1'!$M$8:$AV$8=W$9)*('P1'!$B$11:$B$190=$B28)*('P1'!$M$11:$AV$190*1))} -> 0 | X28: {=SUMPRODUCT(('P1'!$M$8:$AV$8=X$9)*('P1'!$B$11:$B$190=$B28)*('P1'!$M$11:$AV$190*1))} -> 0 | ... AZ28: {=SUMPRODUCT(('P1'!$M$8:$AV$8=AZ$9)*('P1'!$B$11:$B$190=$B28)*('P1'!$M$11:$AV$190*1))} -> 0 | BE28: =SUM(Q28:AZ28) -> 0 | BF28: =IFERROR(BE28/O28,0) -> 0 | BH28: =BB28+BE28 -> 0 | BI28: =IFERROR(BH28/O28,0) -> 0
B29: P11106 | C29: =IFERROR(VLOOKUP($B29,'P1'!$B:$AQ,2,FALSE),0) -> 0 | D29: =IFERROR(VLOOKUP($B29,'P1'!$B:$AQ,3,FALSE),0) -> 0 | E29: =IFERROR(VLOOKUP($B29,'P1'!$B:$AQ,4,FALSE),0) -> 0 | F29: =IFERROR(VLOOKUP($B29,'P1'!$B:$AQ,5,FALSE),0) -> 0 | G29: =IFERROR(VLOOKUP($B29,'P1'!$B:$AQ,6,FALSE),0) -> 0 | H29: =IFERROR(VLOOKUP($B29,'P1'!$B:$AQ,7,FALSE),0) -> 0 | I29: =IFERROR(VLOOKUP($B29,'P1'!$B:$AQ,8,FALSE),0) -> 0 | J29: =IFERROR(VLOOKUP($B29,'P1'!$B:$AQ,9,FALSE),0) -> 0 | L29: =J29*F29*H29*D29 -> 0 | O29: =SUM(K29:N29) -> 0 | Q29: {=SUMPRODUCT(('P1'!$M$8:$AV$8=Q$9)*('P1'!$B$11:$B$190=$B29)*('P1'!$M$11:$AV$190*1))} -> 0 | R29: {=SUMPRODUCT(('P1'!$M$8:$AV$8=R$9)*('P1'!$B$11:$B$190=$B29)*('P1'!$M$11:$AV$190*1))} -> 0 | S29: {=SUMPRODUCT(('P1'!$M$8:$AV$8=S$9)*('P1'!$B$11:$B$190=$B29)*('P1'!$M$11:$AV$190*1))} -> 0 | T29: {=SUMPRODUCT(('P1'!$M$8:$AV$8=T$9)*('P1'!$B$11:$B$190=$B29)*('P1'!$M$11:$AV$190*1))} -> 0 | U29: {=SUMPRODUCT(('P1'!$M$8:$AV$8=U$9)*('P1'!$B$11:$B$190=$B29)*('P1'!$M$11:$AV$190*1))} -> 0 | V29: {=SUMPRODUCT(('P1'!$M$8:$AV$8=V$9)*('P1'!$B$11:$B$190=$B29)*('P1'!$M$11:$AV$190*1))} -> 0 | W29: {=SUMPRODUCT(('P1'!$M$8:$AV$8=W$9)*('P1'!$B$11:$B$190=$B29)*('P1'!$M$11:$AV$190*1))} -> 0 | X29: {=SUMPRODUCT(('P1'!$M$8:$AV$8=X$9)*('P1'!$B$11:$B$190=$B29)*('P1'!$M$11:$AV$190*1))} -> 0 | ... AZ29: {=SUMPRODUCT(('P1'!$M$8:$AV$8=AZ$9)*('P1'!$B$11:$B$190=$B29)*('P1'!$M$11:$AV$190*1))} -> 0 | BE29: =SUM(Q29:AZ29) -> 0 | BF29: =IFERROR(BE29/O29,0) -> 0 | BH29: =BB29+BE29 -> 0 | BI29: =IFERROR(BH29/O29,0) -> 0
B30: P11107 | C30: =IFERROR(VLOOKUP($B30,'P1'!$B:$AQ,2,FALSE),0) -> 0 | D30: =IFERROR(VLOOKUP($B30,'P1'!$B:$AQ,3,FALSE),0) -> 0 | E30: =IFERROR(VLOOKUP($B30,'P1'!$B:$AQ,4,FALSE),0) -> 0 | F30: =IFERROR(VLOOKUP($B30,'P1'!$B:$AQ,5,FALSE),0) -> 0 | G30: =IFERROR(VLOOKUP($B30,'P1'!$B:$AQ,6,FALSE),0) -> 0 | H30: =IFERROR(VLOOKUP($B30,'P1'!$B:$AQ,7,FALSE),0) -> 0 | I30: =IFERROR(VLOOKUP($B30,'P1'!$B:$AQ,8,FALSE),0) -> 0 | J30: =IFERROR(VLOOKUP($B30,'P1'!$B:$AQ,9,FALSE),0) -> 0 | L30: =J30*F30*H30*D30 -> 0 | O30: =SUM(K30:N30) -> 0 | Q30: {=SUMPRODUCT(('P1'!$M$8:$AV$8=Q$9)*('P1'!$B$11:$B$190=$B30)*('P1'!$M$11:$AV$190*1))} -> 0 | R30: {=SUMPRODUCT(('P1'!$M$8:$AV$8=R$9)*('P1'!$B$11:$B$190=$B30)*('P1'!$M$11:$AV$190*1))} -> 0 | S30: {=SUMPRODUCT(('P1'!$M$8:$AV$8=S$9)*('P1'!$B$11:$B$190=$B30)*('P1'!$M$11:$AV$190*1))} -> 0 | T30: {=SUMPRODUCT(('P1'!$M$8:$AV$8=T$9)*('P1'!$B$11:$B$190=$B30)*('P1'!$M$11:$AV$190*1))} -> 0 | U30: {=SUMPRODUCT(('P1'!$M$8:$AV$8=U$9)*('P1'!$B$11:$B$190=$B30)*('P1'!$M$11:$AV$190*1))} -> 0 | V30: {=SUMPRODUCT(('P1'!$M$8:$AV$8=V$9)*('P1'!$B$11:$B$190=$B30)*('P1'!$M$11:$AV$190*1))} -> 0 | W30: {=SUMPRODUCT(('P1'!$M$8:$AV$8=W$9)*('P1'!$B$11:$B$190=$B30)*('P1'!$M$11:$AV$190*1))} -> 0 | X30: {=SUMPRODUCT(('P1'!$M$8:$AV$8=X$9)*('P1'!$B$11:$B$190=$B30)*('P1'!$M$11:$AV$190*1))} -> 0 | ... AZ30: {=SUMPRODUCT(('P1'!$M$8:$AV$8=AZ$9)*('P1'!$B$11:$B$190=$B30)*('P1'!$M$11:$AV$190*1))} -> 0 | BE30: =SUM(Q30:AZ30) -> 0 | BF30: =IFERROR(BE30/O30,0) -> 0 | BH30: =BB30+BE30 -> 0 | BI30: =IFERROR(BH30/O30,0) -> 0
B31: P11108 | C31: =IFERROR(VLOOKUP($B31,'P1'!$B:$AQ,2,FALSE),0) -> 0 | D31: =IFERROR(VLOOKUP($B31,'P1'!$B:$AQ,3,FALSE),0) -> 0 | E31: =IFERROR(VLOOKUP($B31,'P1'!$B:$AQ,4,FALSE),0) -> 0 | F31: =IFERROR(VLOOKUP($B31,'P1'!$B:$AQ,5,FALSE),0) -> 0 | G31: =IFERROR(VLOOKUP($B31,'P1'!$B:$AQ,6,FALSE),0) -> 0 | H31: =IFERROR(VLOOKUP($B31,'P1'!$B:$AQ,7,FALSE),0) -> 0 | I31: =IFERROR(VLOOKUP($B31,'P1'!$B:$AQ,8,FALSE),0) -> 0 | J31: =IFERROR(VLOOKUP($B31,'P1'!$B:$AQ,9,FALSE),0) -> 0 | L31: =J31*F31*H31*D31 -> 0 | O31: =SUM(K31:N31) -> 0 | Q31: {=SUMPRODUCT(('P1'!$M$8:$AV$8=Q$9)*('P1'!$B$11:$B$190=$B31)*('P1'!$M$11:$AV$190*1))} -> 0 | R31: {=SUMPRODUCT(('P1'!$M$8:$AV$8=R$9)*('P1'!$B$11:$B$190=$B31)*('P1'!$M$11:$AV$190*1))} -> 0 | S31: {=SUMPRODUCT(('P1'!$M$8:$AV$8=S$9)*('P1'!$B$11:$B$190=$B31)*('P1'!$M$11:$AV$190*1))} -> 0 | T31: {=SUMPRODUCT(('P1'!$M$8:$AV$8=T$9)*('P1'!$B$11:$B$190=$B31)*('P1'!$M$11:$AV$190*1))} -> 0 | U31: {=SUMPRODUCT(('P1'!$M$8:$AV$8=U$9)*('P1'!$B$11:$B$190=$B31)*('P1'!$M$11:$AV$190*1))} -> 0 | V31: {=SUMPRODUCT(('P1'!$M$8:$AV$8=V$9)*('P1'!$B$11:$B$190=$B31)*('P1'!$M$11:$AV$190*1))} -> 0 | W31: {=SUMPRODUCT(('P1'!$M$8:$AV$8=W$9)*('P1'!$B$11:$B$190=$B31)*('P1'!$M$11:$AV$190*1))} -> 0 | X31: {=SUMPRODUCT(('P1'!$M$8:$AV$8=X$9)*('P1'!$B$11:$B$190=$B31)*('P1'!$M$11:$AV$190*1))} -> 0 | ... AZ31: {=SUMPRODUCT(('P1'!$M$8:$AV$8=AZ$9)*('P1'!$B$11:$B$190=$B31)*('P1'!$M$11:$AV$190*1))} -> 0 | BE31: =SUM(Q31:AZ31) -> 0 | BF31: =IFERROR(BE31/O31,0) -> 0 | BH31: =BB31+BE31 -> 0 | BI31: =IFERROR(BH31/O31,0) -> 0
B32: P11109 | C32: =IFERROR(VLOOKUP($B32,'P1'!$B:$AQ,2,FALSE),0) -> 0 | D32: =IFERROR(VLOOKUP($B32,'P1'!$B:$AQ,3,FALSE),0) -> 0 | E32: =IFERROR(VLOOKUP($B32,'P1'!$B:$AQ,4,FALSE),0) -> 0 | F32: =IFERROR(VLOOKUP($B32,'P1'!$B:$AQ,5,FALSE),0) -> 0 | G32: =IFERROR(VLOOKUP($B32,'P1'!$B:$AQ,6,FALSE),0) -> 0 | H32: =IFERROR(VLOOKUP($B32,'P1'!$B:$AQ,7,FALSE),0) -> 0 | I32: =IFERROR(VLOOKUP($B32,'P1'!$B:$AQ,8,FALSE),0) -> 0 | J32: =IFERROR(VLOOKUP($B32,'P1'!$B:$AQ,9,FALSE),0) -> 0 | L32: =J32*F32*H32*D32 -> 0 | O32: =SUM(K32:N32) -> 0 | Q32: {=SUMPRODUCT(('P1'!$M$8:$AV$8=Q$9)*('P1'!$B$11:$B$190=$B32)*('P1'!$M$11:$AV$190*1))} -> 0 | R32: {=SUMPRODUCT(('P1'!$M$8:$AV$8=R$9)*('P1'!$B$11:$B$190=$B32)*('P1'!$M$11:$AV$190*1))} -> 0 | S32: {=SUMPRODUCT(('P1'!$M$8:$AV$8=S$9)*('P1'!$B$11:$B$190=$B32)*('P1'!$M$11:$AV$190*1))} -> 0 | T32: {=SUMPRODUCT(('P1'!$M$8:$AV$8=T$9)*('P1'!$B$11:$B$190=$B32)*('P1'!$M$11:$AV$190*1))} -> 0 | U32: {=SUMPRODUCT(('P1'!$M$8:$AV$8=U$9)*('P1'!$B$11:$B$190=$B32)*('P1'!$M$11:$AV$190*1))} -> 0 | V32: {=SUMPRODUCT(('P1'!$M$8:$AV$8=V$9)*('P1'!$B$11:$B$190=$B32)*('P1'!$M$11:$AV$190*1))} -> 0 | W32: {=SUMPRODUCT(('P1'!$M$8:$AV$8=W$9)*('P1'!$B$11:$B$190=$B32)*('P1'!$M$11:$AV$190*1))} -> 0 | X32: {=SUMPRODUCT(('P1'!$M$8:$AV$8=X$9)*('P1'!$B$11:$B$190=$B32)*('P1'!$M$11:$AV$190*1))} -> 0 | ... AZ32: {=SUMPRODUCT(('P1'!$M$8:$AV$8=AZ$9)*('P1'!$B$11:$B$190=$B32)*('P1'!$M$11:$AV$190*1))} -> 0 | BE32: =SUM(Q32:AZ32) -> 0 | BF32: =IFERROR(BE32/O32,0) -> 0 | BH32: =BB32+BE32 -> 0 | BI32: =IFERROR(BH32/O32,0) -> 0
B33: P11110 | C33: =IFERROR(VLOOKUP($B33,'P1'!$B:$AQ,2,FALSE),0) -> 0 | D33: =IFERROR(VLOOKUP($B33,'P1'!$B:$AQ,3,FALSE),0) -> 0 | E33: =IFERROR(VLOOKUP($B33,'P1'!$B:$AQ,4,FALSE),0) -> 0 | F33: =IFERROR(VLOOKUP($B33,'P1'!$B:$AQ,5,FALSE),0) -> 0 | G33: =IFERROR(VLOOKUP($B33,'P1'!$B:$AQ,6,FALSE),0) -> 0 | H33: =IFERROR(VLOOKUP($B33,'P1'!$B:$AQ,7,FALSE),0) -> 0 | I33: =IFERROR(VLOOKUP($B33,'P1'!$B:$AQ,8,FALSE),0) -> 0 | J33: =IFERROR(VLOOKUP($B33,'P1'!$B:$AQ,9,FALSE),0) -> 0 | L33: =J33*F33*H33*D33 -> 0 | O33: =SUM(K33:N33) -> 0 | Q33: {=SUMPRODUCT(('P1'!$M$8:$AV$8=Q$9)*('P1'!$B$11:$B$190=$B33)*('P1'!$M$11:$AV$190*1))} -> 0 | R33: {=SUMPRODUCT(('P1'!$M$8:$AV$8=R$9)*('P1'!$B$11:$B$190=$B33)*('P1'!$M$11:$AV$190*1))} -> 0 | S33: {=SUMPRODUCT(('P1'!$M$8:$AV$8=S$9)*('P1'!$B$11:$B$190=$B33)*('P1'!$M$11:$AV$190*1))} -> 0 | T33: {=SUMPRODUCT(('P1'!$M$8:$AV$8=T$9)*('P1'!$B$11:$B$190=$B33)*('P1'!$M$11:$AV$190*1))} -> 0 | U33: {=SUMPRODUCT(('P1'!$M$8:$AV$8=U$9)*('P1'!$B$11:$B$190=$B33)*('P1'!$M$11:$AV$190*1))} -> 0 | V33: {=SUMPRODUCT(('P1'!$M$8:$AV$8=V$9)*('P1'!$B$11:$B$190=$B33)*('P1'!$M$11:$AV$190*1))} -> 0 | W33: {=SUMPRODUCT(('P1'!$M$8:$AV$8=W$9)*('P1'!$B$11:$B$190=$B33)*('P1'!$M$11:$AV$190*1))} -> 0 | X33: {=SUMPRODUCT(('P1'!$M$8:$AV$8=X$9)*('P1'!$B$11:$B$190=$B33)*('P1'!$M$11:$AV$190*1))} -> 0 | ... AZ33: {=SUMPRODUCT(('P1'!$M$8:$AV$8=AZ$9)*('P1'!$B$11:$B$190=$B33)*('P1'!$M$11:$AV$190*1))} -> 0 | BE33: =SUM(Q33:AZ33) -> 0 | BF33: =IFERROR(BE33/O33,0) -> 0 | BH33: =BB33+BE33 -> 0 | BI33: =IFERROR(BH33/O33,0) -> 0
C34: =B4 -> P2 | M34: =SUM(M35:M44) -> 0 | O34: =SUM(O35:O44) -> 0 | Q34: =SUM(Q35:Q44) -> 0 | R34: =SUM(R35:R44) -> 0 | S34: =SUM(S35:S44) -> 0 | T34: =SUM(T35:T44) -> 0 | U34: =SUM(U35:U44) -> 0 | V34: =SUM(V35:V44) -> 0 | W34: =SUM(W35:W44) -> 0 | X34: =SUM(X35:X44) -> 0 | ... AZ34: =SUM(AZ35:AZ44) -> 0 | BB34: =SUM(BB35:BB44) -> 0 | BE34: =SUM(BE35:BE44) -> 0 | BF34: =IFERROR(BE34/O34,0) -> 0 | BH34: =SUM(BH35:BH44) -> 0 | BI34: =IFERROR(BH34/O34,0) -> 0
B35: P21101 | C35: =IFERROR(VLOOKUP($B35,'P2'!$B:$AQ,2,FALSE),0) -> 0 | D35: =IFERROR(VLOOKUP($B35,'P2'!$B:$AQ,3,FALSE),0) -> 0 | E35: =IFERROR(VLOOKUP($B35,'P2'!$B:$AQ,4,FALSE),0) -> 0 | F35: =IFERROR(VLOOKUP($B35,'P2'!$B:$AQ,5,FALSE),0) -> 0 | G35: =IFERROR(VLOOKUP($B35,'P2'!$B:$AQ,6,FALSE),0) -> 0 | H35: =IFERROR(VLOOKUP($B35,'P2'!$B:$AQ,7,FALSE),0) -> 0 | I35: =IFERROR(VLOOKUP($B35,'P2'!$B:$AQ,8,FALSE),0) -> 0 | J35: =IFERROR(VLOOKUP($B35,'P2'!$B:$AQ,9,FALSE),0) -> 0 | M35: =D35*F35*H35*J35 -> 0 | O35: =SUM(K35:N35) -> 0 | Q35: {=SUMPRODUCT(('P2'!$M$8:$AV$8=Q$9)*('P2'!$B$11:$B$190=$B35)*('P2'!$M$11:$AV$190*1))} -> 0 | R35: {=SUMPRODUCT(('P2'!$M$8:$AV$8=R$9)*('P2'!$B$11:$B$190=$B35)*('P2'!$M$11:$AV$190*1))} -> 0 | S35: {=SUMPRODUCT(('P2'!$M$8:$AV$8=S$9)*('P2'!$B$11:$B$190=$B35)*('P2'!$M$11:$AV$190*1))} -> 0 | T35: {=SUMPRODUCT(('P2'!$M$8:$AV$8=T$9)*('P2'!$B$11:$B$190=$B35)*('P2'!$M$11:$AV$190*1))} -> 0 | U35: {=SUMPRODUCT(('P2'!$M$8:$AV$8=U$9)*('P2'!$B$11:$B$190=$B35)*('P2'!$M$11:$AV$190*1))} -> 0 | V35: {=SUMPRODUCT(('P2'!$M$8:$AV$8=V$9)*('P2'!$B$11:$B$190=$B35)*('P2'!$M$11:$AV$190*1))} -> 0 | W35: {=SUMPRODUCT(('P2'!$M$8:$AV$8=W$9)*('P2'!$B$11:$B$190=$B35)*('P2'!$M$11:$AV$190*1))} -> 0 | X35: {=SUMPRODUCT(('P2'!$M$8:$AV$8=X$9)*('P2'!$B$11:$B$190=$B35)*('P2'!$M$11:$AV$190*1))} -> 0 | ... AZ35: {=SUMPRODUCT(('P2'!$M$8:$AV$8=AZ$9)*('P2'!$B$11:$B$190=$B35)*('P2'!$M$11:$AV$190*1))} -> 0 | BE35: =SUM(Q35:AZ35) -> 0 | BF35: =IFERROR(BE35/O35,0) -> 0 | BH35: =BB35+BE35 -> 0 | BI35: =IFERROR(BH35/O35,0) -> 0
B36: P21102 | C36: =IFERROR(VLOOKUP($B36,'P2'!$B:$AQ,2,FALSE),0) -> 0 | D36: =IFERROR(VLOOKUP($B36,'P2'!$B:$AQ,3,FALSE),0) -> 0 | E36: =IFERROR(VLOOKUP($B36,'P2'!$B:$AQ,4,FALSE),0) -> 0 | F36: =IFERROR(VLOOKUP($B36,'P2'!$B:$AQ,5,FALSE),0) -> 0 | G36: =IFERROR(VLOOKUP($B36,'P2'!$B:$AQ,6,FALSE),0) -> 0 | H36: =IFERROR(VLOOKUP($B36,'P2'!$B:$AQ,7,FALSE),0) -> 0 | I36: =IFERROR(VLOOKUP($B36,'P2'!$B:$AQ,8,FALSE),0) -> 0 | J36: =IFERROR(VLOOKUP($B36,'P2'!$B:$AQ,9,FALSE),0) -> 0 | M36: =D36*F36*H36*J36 -> 0 | O36: =SUM(K36:N36) -> 0 | Q36: {=SUMPRODUCT(('P2'!$M$8:$AV$8=Q$9)*('P2'!$B$11:$B$190=$B36)*('P2'!$M$11:$AV$190*1))} -> 0 | R36: {=SUMPRODUCT(('P2'!$M$8:$AV$8=R$9)*('P2'!$B$11:$B$190=$B36)*('P2'!$M$11:$AV$190*1))} -> 0 | S36: {=SUMPRODUCT(('P2'!$M$8:$AV$8=S$9)*('P2'!$B$11:$B$190=$B36)*('P2'!$M$11:$AV$190*1))} -> 0 | T36: {=SUMPRODUCT(('P2'!$M$8:$AV$8=T$9)*('P2'!$B$11:$B$190=$B36)*('P2'!$M$11:$AV$190*1))} -> 0 | U36: {=SUMPRODUCT(('P2'!$M$8:$AV$8=U$9)*('P2'!$B$11:$B$190=$B36)*('P2'!$M$11:$AV$190*1))} -> 0 | V36: {=SUMPRODUCT(('P2'!$M$8:$AV$8=V$9)*('P2'!$B$11:$B$190=$B36)*('P2'!$M$11:$AV$190*1))} -> 0 | W36: {=SUMPRODUCT(('P2'!$M$8:$AV$8=W$9)*('P2'!$B$11:$B$190=$B36)*('P2'!$M$11:$AV$190*1))} -> 0 | X36: {=SUMPRODUCT(('P2'!$M$8:$AV$8=X$9)*('P2'!$B$11:$B$190=$B36)*('P2'!$M$11:$AV$190*1))} -> 0 | ... AZ36: {=SUMPRODUCT(('P2'!$M$8:$AV$8=AZ$9)*('P2'!$B$11:$B$190=$B36)*('P2'!$M$11:$AV$190*1))} -> 0 | BE36: =SUM(Q36:AZ36) -> 0 | BF36: =IFERROR(BE36/O36,0) -> 0 | BH36: =BB36+BE36 -> 0 | BI36: =IFERROR(BH36/O36,0) -> 0
B37: P21103 | C37: =IFERROR(VLOOKUP($B37,'P2'!$B:$AQ,2,FALSE),0) -> 0 | D37: =IFERROR(VLOOKUP($B37,'P2'!$B:$AQ,3,FALSE),0) -> 0 | E37: =IFERROR(VLOOKUP($B37,'P2'!$B:$AQ,4,FALSE),0) -> 0 | F37: =IFERROR(VLOOKUP($B37,'P2'!$B:$AQ,5,FALSE),0) -> 0 | G37: =IFERROR(VLOOKUP($B37,'P2'!$B:$AQ,6,FALSE),0) -> 0 | H37: =IFERROR(VLOOKUP($B37,'P2'!$B:$AQ,7,FALSE),0) -> 0 | I37: =IFERROR(VLOOKUP($B37,'P2'!$B:$AQ,8,FALSE),0) -> 0 | J37: =IFERROR(VLOOKUP($B37,'P2'!$B:$AQ,9,FALSE),0) -> 0 | M37: =D37*F37*H37*J37 -> 0 | O37: =SUM(K37:N37) -> 0 | Q37: {=SUMPRODUCT(('P2'!$M$8:$AV$8=Q$9)*('P2'!$B$11:$B$190=$B37)*('P2'!$M$11:$AV$190*1))} -> 0 | R37: {=SUMPRODUCT(('P2'!$M$8:$AV$8=R$9)*('P2'!$B$11:$B$190=$B37)*('P2'!$M$11:$AV$190*1))} -> 0 | S37: {=SUMPRODUCT(('P2'!$M$8:$AV$8=S$9)*('P2'!$B$11:$B$190=$B37)*('P2'!$M$11:$AV$190*1))} -> 0 | T37: {=SUMPRODUCT(('P2'!$M$8:$AV$8=T$9)*('P2'!$B$11:$B$190=$B37)*('P2'!$M$11:$AV$190*1))} -> 0 | U37: {=SUMPRODUCT(('P2'!$M$8:$AV$8=U$9)*('P2'!$B$11:$B$190=$B37)*('P2'!$M$11:$AV$190*1))} -> 0 | V37: {=SUMPRODUCT(('P2'!$M$8:$AV$8=V$9)*('P2'!$B$11:$B$190=$B37)*('P2'!$M$11:$AV$190*1))} -> 0 | W37: {=SUMPRODUCT(('P2'!$M$8:$AV$8=W$9)*('P2'!$B$11:$B$190=$B37)*('P2'!$M$11:$AV$190*1))} -> 0 | X37: {=SUMPRODUCT(('P2'!$M$8:$AV$8=X$9)*('P2'!$B$11:$B$190=$B37)*('P2'!$M$11:$AV$190*1))} -> 0 | ... AZ37: {=SUMPRODUCT(('P2'!$M$8:$AV$8=AZ$9)*('P2'!$B$11:$B$190=$B37)*('P2'!$M$11:$AV$190*1))} -> 0 | BE37: =SUM(Q37:AZ37) -> 0 | BF37: =IFERROR(BE37/O37,0) -> 0 | BH37: =BB37+BE37 -> 0 | BI37: =IFERROR(BH37/O37,0) -> 0
B38: P21104 | C38: =IFERROR(VLOOKUP($B38,'P2'!$B:$AQ,2,FALSE),0) -> 0 | D38: =IFERROR(VLOOKUP($B38,'P2'!$B:$AQ,3,FALSE),0) -> 0 | E38: =IFERROR(VLOOKUP($B38,'P2'!$B:$AQ,4,FALSE),0) -> 0 | F38: =IFERROR(VLOOKUP($B38,'P2'!$B:$AQ,5,FALSE),0) -> 0 | G38: =IFERROR(VLOOKUP($B38,'P2'!$B:$AQ,6,FALSE),0) -> 0 | H38: =IFERROR(VLOOKUP($B38,'P2'!$B:$AQ,7,FALSE),0) -> 0 | I38: =IFERROR(VLOOKUP($B38,'P2'!$B:$AQ,8,FALSE),0) -> 0 | J38: =IFERROR(VLOOKUP($B38,'P2'!$B:$AQ,9,FALSE),0) -> 0 | M38: =D38*F38*H38*J38 -> 0 | O38: =SUM(K38:N38) -> 0 | Q38: {=SUMPRODUCT(('P2'!$M$8:$AV$8=Q$9)*('P2'!$B$11:$B$190=$B38)*('P2'!$M$11:$AV$190*1))} -> 0 | R38: {=SUMPRODUCT(('P2'!$M$8:$AV$8=R$9)*('P2'!$B$11:$B$190=$B38)*('P2'!$M$11:$AV$190*1))} -> 0 | S38: {=SUMPRODUCT(('P2'!$M$8:$AV$8=S$9)*('P2'!$B$11:$B$190=$B38)*('P2'!$M$11:$AV$190*1))} -> 0 | T38: {=SUMPRODUCT(('P2'!$M$8:$AV$8=T$9)*('P2'!$B$11:$B$190=$B38)*('P2'!$M$11:$AV$190*1))} -> 0 | U38: {=SUMPRODUCT(('P2'!$M$8:$AV$8=U$9)*('P2'!$B$11:$B$190=$B38)*('P2'!$M$11:$AV$190*1))} -> 0 | V38: {=SUMPRODUCT(('P2'!$M$8:$AV$8=V$9)*('P2'!$B$11:$B$190=$B38)*('P2'!$M$11:$AV$190*1))} -> 0 | W38: {=SUMPRODUCT(('P2'!$M$8:$AV$8=W$9)*('P2'!$B$11:$B$190=$B38)*('P2'!$M$11:$AV$190*1))} -> 0 | X38: {=SUMPRODUCT(('P2'!$M$8:$AV$8=X$9)*('P2'!$B$11:$B$190=$B38)*('P2'!$M$11:$AV$190*1))} -> 0 | ... AZ38: {=SUMPRODUCT(('P2'!$M$8:$AV$8=AZ$9)*('P2'!$B$11:$B$190=$B38)*('P2'!$M$11:$AV$190*1))} -> 0 | BE38: =SUM(Q38:AZ38) -> 0 | BF38: =IFERROR(BE38/O38,0) -> 0 | BH38: =BB38+BE38 -> 0 | BI38: =IFERROR(BH38/O38,0) -> 0
B39: P21105 | C39: =IFERROR(VLOOKUP($B39,'P2'!$B:$AQ,2,FALSE),0) -> 0 | D39: =IFERROR(VLOOKUP($B39,'P2'!$B:$AQ,3,FALSE),0) -> 0 | E39: =IFERROR(VLOOKUP($B39,'P2'!$B:$AQ,4,FALSE),0) -> 0 | F39: =IFERROR(VLOOKUP($B39,'P2'!$B:$AQ,5,FALSE),0) -> 0 | G39: =IFERROR(VLOOKUP($B39,'P2'!$B:$AQ,6,FALSE),0) -> 0 | H39: =IFERROR(VLOOKUP($B39,'P2'!$B:$AQ,7,FALSE),0) -> 0 | I39: =IFERROR(VLOOKUP($B39,'P2'!$B:$AQ,8,FALSE),0) -> 0 | J39: =IFERROR(VLOOKUP($B39,'P2'!$B:$AQ,9,FALSE),0) -> 0 | M39: =D39*F39*H39*J39 -> 0 | O39: =SUM(K39:N39) -> 0 | Q39: {=SUMPRODUCT(('P2'!$M$8:$AV$8=Q$9)*('P2'!$B$11:$B$190=$B39)*('P2'!$M$11:$AV$190*1))} -> 0 | R39: {=SUMPRODUCT(('P2'!$M$8:$AV$8=R$9)*('P2'!$B$11:$B$190=$B39)*('P2'!$M$11:$AV$190*1))} -> 0 | S39: {=SUMPRODUCT(('P2'!$M$8:$AV$8=S$9)*('P2'!$B$11:$B$190=$B39)*('P2'!$M$11:$AV$190*1))} -> 0 | T39: {=SUMPRODUCT(('P2'!$M$8:$AV$8=T$9)*('P2'!$B$11:$B$190=$B39)*('P2'!$M$11:$AV$190*1))} -> 0 | U39: {=SUMPRODUCT(('P2'!$M$8:$AV$8=U$9)*('P2'!$B$11:$B$190=$B39)*('P2'!$M$11:$AV$190*1))} -> 0 | V39: {=SUMPRODUCT(('P2'!$M$8:$AV$8=V$9)*('P2'!$B$11:$B$190=$B39)*('P2'!$M$11:$AV$190*1))} -> 0 | W39: {=SUMPRODUCT(('P2'!$M$8:$AV$8=W$9)*('P2'!$B$11:$B$190=$B39)*('P2'!$M$11:$AV$190*1))} -> 0 | X39: {=SUMPRODUCT(('P2'!$M$8:$AV$8=X$9)*('P2'!$B$11:$B$190=$B39)*('P2'!$M$11:$AV$190*1))} -> 0 | ... AZ39: {=SUMPRODUCT(('P2'!$M$8:$AV$8=AZ$9)*('P2'!$B$11:$B$190=$B39)*('P2'!$M$11:$AV$190*1))} -> 0 | BE39: =SUM(Q39:AZ39) -> 0 | BF39: =IFERROR(BE39/O39,0) -> 0 | BH39: =BB39+BE39 -> 0 | BI39: =IFERROR(BH39/O39,0) -> 0
B40: P21106 | C40: =IFERROR(VLOOKUP($B40,'P2'!$B:$AQ,2,FALSE),0) -> 0 | D40: =IFERROR(VLOOKUP($B40,'P2'!$B:$AQ,3,FALSE),0) -> 0 | E40: =IFERROR(VLOOKUP($B40,'P2'!$B:$AQ,4,FALSE),0) -> 0 | F40: =IFERROR(VLOOKUP($B40,'P2'!$B:$AQ,5,FALSE),0) -> 0 | G40: =IFERROR(VLOOKUP($B40,'P2'!$B:$AQ,6,FALSE),0) -> 0 | H40: =IFERROR(VLOOKUP($B40,'P2'!$B:$AQ,7,FALSE),0) -> 0 | I40: =IFERROR(VLOOKUP($B40,'P2'!$B:$AQ,8,FALSE),0) -> 0 | J40: =IFERROR(VLOOKUP($B40,'P2'!$B:$AQ,9,FALSE),0) -> 0 | M40: =D40*F40*H40*J40 -> 0 | O40: =SUM(K40:N40) -> 0 | Q40: {=SUMPRODUCT(('P2'!$M$8:$AV$8=Q$9)*('P2'!$B$11:$B$190=$B40)*('P2'!$M$11:$AV$190*1))} -> 0 | R40: {=SUMPRODUCT(('P2'!$M$8:$AV$8=R$9)*('P2'!$B$11:$B$190=$B40)*('P2'!$M$11:$AV$190*1))} -> 0 | S40: {=SUMPRODUCT(('P2'!$M$8:$AV$8=S$9)*('P2'!$B$11:$B$190=$B40)*('P2'!$M$11:$AV$190*1))} -> 0 | T40: {=SUMPRODUCT(('P2'!$M$8:$AV$8=T$9)*('P2'!$B$11:$B$190=$B40)*('P2'!$M$11:$AV$190*1))} -> 0 | U40: {=SUMPRODUCT(('P2'!$M$8:$AV$8=U$9)*('P2'!$B$11:$B$190=$B40)*('P2'!$M$11:$AV$190*1))} -> 0 | V40: {=SUMPRODUCT(('P2'!$M$8:$AV$8=V$9)*('P2'!$B$11:$B$190=$B40)*('P2'!$M$11:$AV$190*1))} -> 0 | W40: {=SUMPRODUCT(('P2'!$M$8:$AV$8=W$9)*('P2'!$B$11:$B$190=$B40)*('P2'!$M$11:$AV$190*1))} -> 0 | X40: {=SUMPRODUCT(('P2'!$M$8:$AV$8=X$9)*('P2'!$B$11:$B$190=$B40)*('P2'!$M$11:$AV$190*1))} -> 0 | ... AZ40: {=SUMPRODUCT(('P2'!$M$8:$AV$8=AZ$9)*('P2'!$B$11:$B$190=$B40)*('P2'!$M$11:$AV$190*1))} -> 0 | BE40: =SUM(Q40:AZ40) -> 0 | BF40: =IFERROR(BE40/O40,0) -> 0 | BH40: =BB40+BE40 -> 0 | BI40: =IFERROR(BH40/O40,0) -> 0
B41: P21107 | C41: =IFERROR(VLOOKUP($B41,'P2'!$B:$AQ,2,FALSE),0) -> 0 | D41: =IFERROR(VLOOKUP($B41,'P2'!$B:$AQ,3,FALSE),0) -> 0 | E41: =IFERROR(VLOOKUP($B41,'P2'!$B:$AQ,4,FALSE),0) -> 0 | F41: =IFERROR(VLOOKUP($B41,'P2'!$B:$AQ,5,FALSE),0) -> 0 | G41: =IFERROR(VLOOKUP($B41,'P2'!$B:$AQ,6,FALSE),0) -> 0 | H41: =IFERROR(VLOOKUP($B41,'P2'!$B:$AQ,7,FALSE),0) -> 0 | I41: =IFERROR(VLOOKUP($B41,'P2'!$B:$AQ,8,FALSE),0) -> 0 | J41: =IFERROR(VLOOKUP($B41,'P2'!$B:$AQ,9,FALSE),0) -> 0 | M41: =D41*F41*H41*J41 -> 0 | O41: =SUM(K41:N41) -> 0 | Q41: {=SUMPRODUCT(('P2'!$M$8:$AV$8=Q$9)*('P2'!$B$11:$B$190=$B41)*('P2'!$M$11:$AV$190*1))} -> 0 | R41: {=SUMPRODUCT(('P2'!$M$8:$AV$8=R$9)*('P2'!$B$11:$B$190=$B41)*('P2'!$M$11:$AV$190*1))} -> 0 | S41: {=SUMPRODUCT(('P2'!$M$8:$AV$8=S$9)*('P2'!$B$11:$B$190=$B41)*('P2'!$M$11:$AV$190*1))} -> 0 | T41: {=SUMPRODUCT(('P2'!$M$8:$AV$8=T$9)*('P2'!$B$11:$B$190=$B41)*('P2'!$M$11:$AV$190*1))} -> 0 | U41: {=SUMPRODUCT(('P2'!$M$8:$AV$8=U$9)*('P2'!$B$11:$B$190=$B41)*('P2'!$M$11:$AV$190*1))} -> 0 | V41: {=SUMPRODUCT(('P2'!$M$8:$AV$8=V$9)*('P2'!$B$11:$B$190=$B41)*('P2'!$M$11:$AV$190*1))} -> 0 | W41: {=SUMPRODUCT(('P2'!$M$8:$AV$8=W$9)*('P2'!$B$11:$B$190=$B41)*('P2'!$M$11:$AV$190*1))} -> 0 | X41: {=SUMPRODUCT(('P2'!$M$8:$AV$8=X$9)*('P2'!$B$11:$B$190=$B41)*('P2'!$M$11:$AV$190*1))} -> 0 | ... AZ41: {=SUMPRODUCT(('P2'!$M$8:$AV$8=AZ$9)*('P2'!$B$11:$B$190=$B41)*('P2'!$M$11:$AV$190*1))} -> 0 | BE41: =SUM(Q41:AZ41) -> 0 | BF41: =IFERROR(BE41/O41,0) -> 0 | BH41: =BB41+BE41 -> 0 | BI41: =IFERROR(BH41/O41,0) -> 0
B42: P21108 | C42: =IFERROR(VLOOKUP($B42,'P2'!$B:$AQ,2,FALSE),0) -> 0 | D42: =IFERROR(VLOOKUP($B42,'P2'!$B:$AQ,3,FALSE),0) -> 0 | E42: =IFERROR(VLOOKUP($B42,'P2'!$B:$AQ,4,FALSE),0) -> 0 | F42: =IFERROR(VLOOKUP($B42,'P2'!$B:$AQ,5,FALSE),0) -> 0 | G42: =IFERROR(VLOOKUP($B42,'P2'!$B:$AQ,6,FALSE),0) -> 0 | H42: =IFERROR(VLOOKUP($B42,'P2'!$B:$AQ,7,FALSE),0) -> 0 | I42: =IFERROR(VLOOKUP($B42,'P2'!$B:$AQ,8,FALSE),0) -> 0 | J42: =IFERROR(VLOOKUP($B42,'P2'!$B:$AQ,9,FALSE),0) -> 0 | M42: =D42*F42*H42*J42 -> 0 | O42: =SUM(K42:N42) -> 0 | Q42: {=SUMPRODUCT(('P2'!$M$8:$AV$8=Q$9)*('P2'!$B$11:$B$190=$B42)*('P2'!$M$11:$AV$190*1))} -> 0 | R42: {=SUMPRODUCT(('P2'!$M$8:$AV$8=R$9)*('P2'!$B$11:$B$190=$B42)*('P2'!$M$11:$AV$190*1))} -> 0 | S42: {=SUMPRODUCT(('P2'!$M$8:$AV$8=S$9)*('P2'!$B$11:$B$190=$B42)*('P2'!$M$11:$AV$190*1))} -> 0 | T42: {=SUMPRODUCT(('P2'!$M$8:$AV$8=T$9)*('P2'!$B$11:$B$190=$B42)*('P2'!$M$11:$AV$190*1))} -> 0 | U42: {=SUMPRODUCT(('P2'!$M$8:$AV$8=U$9)*('P2'!$B$11:$B$190=$B42)*('P2'!$M$11:$AV$190*1))} -> 0 | V42: {=SUMPRODUCT(('P2'!$M$8:$AV$8=V$9)*('P2'!$B$11:$B$190=$B42)*('P2'!$M$11:$AV$190*1))} -> 0 | W42: {=SUMPRODUCT(('P2'!$M$8:$AV$8=W$9)*('P2'!$B$11:$B$190=$B42)*('P2'!$M$11:$AV$190*1))} -> 0 | X42: {=SUMPRODUCT(('P2'!$M$8:$AV$8=X$9)*('P2'!$B$11:$B$190=$B42)*('P2'!$M$11:$AV$190*1))} -> 0 | ... AZ42: {=SUMPRODUCT(('P2'!$M$8:$AV$8=AZ$9)*('P2'!$B$11:$B$190=$B42)*('P2'!$M$11:$AV$190*1))} -> 0 | BE42: =SUM(Q42:AZ42) -> 0 | BF42: =IFERROR(BE42/O42,0) -> 0 | BH42: =BB42+BE42 -> 0 | BI42: =IFERROR(BH42/O42,0) -> 0
B43: P21109 | C43: =IFERROR(VLOOKUP($B43,'P2'!$B:$AQ,2,FALSE),0) -> 0 | D43: =IFERROR(VLOOKUP($B43,'P2'!$B:$AQ,3,FALSE),0) -> 0 | E43: =IFERROR(VLOOKUP($B43,'P2'!$B:$AQ,4,FALSE),0) -> 0 | F43: =IFERROR(VLOOKUP($B43,'P2'!$B:$AQ,5,FALSE),0) -> 0 | G43: =IFERROR(VLOOKUP($B43,'P2'!$B:$AQ,6,FALSE),0) -> 0 | H43: =IFERROR(VLOOKUP($B43,'P2'!$B:$AQ,7,FALSE),0) -> 0 | I43: =IFERROR(VLOOKUP($B43,'P2'!$B:$AQ,8,FALSE),0) -> 0 | J43: =IFERROR(VLOOKUP($B43,'P2'!$B:$AQ,9,FALSE),0) -> 0 | M43: =D43*F43*H43*J43 -> 0 | O43: =SUM(K43:N43) -> 0 | Q43: {=SUMPRODUCT(('P2'!$M$8:$AV$8=Q$9)*('P2'!$B$11:$B$190=$B43)*('P2'!$M$11:$AV$190*1))} -> 0 | R43: {=SUMPRODUCT(('P2'!$M$8:$AV$8=R$9)*('P2'!$B$11:$B$190=$B43)*('P2'!$M$11:$AV$190*1))} -> 0 | S43: {=SUMPRODUCT(('P2'!$M$8:$AV$8=S$9)*('P2'!$B$11:$B$190=$B43)*('P2'!$M$11:$AV$190*1))} -> 0 | T43: {=SUMPRODUCT(('P2'!$M$8:$AV$8=T$9)*('P2'!$B$11:$B$190=$B43)*('P2'!$M$11:$AV$190*1))} -> 0 | U43: {=SUMPRODUCT(('P2'!$M$8:$AV$8=U$9)*('P2'!$B$11:$B$190=$B43)*('P2'!$M$11:$AV$190*1))} -> 0 | V43: {=SUMPRODUCT(('P2'!$M$8:$AV$8=V$9)*('P2'!$B$11:$B$190=$B43)*('P2'!$M$11:$AV$190*1))} -> 0 | W43: {=SUMPRODUCT(('P2'!$M$8:$AV$8=W$9)*('P2'!$B$11:$B$190=$B43)*('P2'!$M$11:$AV$190*1))} -> 0 | X43: {=SUMPRODUCT(('P2'!$M$8:$AV$8=X$9)*('P2'!$B$11:$B$190=$B43)*('P2'!$M$11:$AV$190*1))} -> 0 | ... AZ43: {=SUMPRODUCT(('P2'!$M$8:$AV$8=AZ$9)*('P2'!$B$11:$B$190=$B43)*('P2'!$M$11:$AV$190*1))} -> 0 | BE43: =SUM(Q43:AZ43) -> 0 | BF43: =IFERROR(BE43/O43,0) -> 0 | BH43: =BB43+BE43 -> 0 | BI43: =IFERROR(BH43/O43,0) -> 0
B44: P21110 | C44: =IFERROR(VLOOKUP($B44,'P2'!$B:$AQ,2,FALSE),0) -> 0 | D44: =IFERROR(VLOOKUP($B44,'P2'!$B:$AQ,3,FALSE),0) -> 0 | E44: =IFERROR(VLOOKUP($B44,'P2'!$B:$AQ,4,FALSE),0) -> 0 | F44: =IFERROR(VLOOKUP($B44,'P2'!$B:$AQ,5,FALSE),0) -> 0 | G44: =IFERROR(VLOOKUP($B44,'P2'!$B:$AQ,6,FALSE),0) -> 0 | H44: =IFERROR(VLOOKUP($B44,'P2'!$B:$AQ,7,FALSE),0) -> 0 | I44: =IFERROR(VLOOKUP($B44,'P2'!$B:$AQ,8,FALSE),0) -> 0 | J44: =IFERROR(VLOOKUP($B44,'P2'!$B:$AQ,9,FALSE),0) -> 0 | M44: =D44*F44*H44*J44 -> 0 | O44: =SUM(K44:N44) -> 0 | Q44: {=SUMPRODUCT(('P2'!$M$8:$AV$8=Q$9)*('P2'!$B$11:$B$190=$B44)*('P2'!$M$11:$AV$190*1))} -> 0 | R44: {=SUMPRODUCT(('P2'!$M$8:$AV$8=R$9)*('P2'!$B$11:$B$190=$B44)*('P2'!$M$11:$AV$190*1))} -> 0 | S44: {=SUMPRODUCT(('P2'!$M$8:$AV$8=S$9)*('P2'!$B$11:$B$190=$B44)*('P2'!$M$11:$AV$190*1))} -> 0 | T44: {=SUMPRODUCT(('P2'!$M$8:$AV$8=T$9)*('P2'!$B$11:$B$190=$B44)*('P2'!$M$11:$AV$190*1))} -> 0 | U44: {=SUMPRODUCT(('P2'!$M$8:$AV$8=U$9)*('P2'!$B$11:$B$190=$B44)*('P2'!$M$11:$AV$190*1))} -> 0 | V44: {=SUMPRODUCT(('P2'!$M$8:$AV$8=V$9)*('P2'!$B$11:$B$190=$B44)*('P2'!$M$11:$AV$190*1))} -> 0 | W44: {=SUMPRODUCT(('P2'!$M$8:$AV$8=W$9)*('P2'!$B$11:$B$190=$B44)*('P2'!$M$11:$AV$190*1))} -> 0 | X44: {=SUMPRODUCT(('P2'!$M$8:$AV$8=X$9)*('P2'!$B$11:$B$190=$B44)*('P2'!$M$11:$AV$190*1))} -> 0 | ... AZ44: {=SUMPRODUCT(('P2'!$M$8:$AV$8=AZ$9)*('P2'!$B$11:$B$190=$B44)*('P2'!$M$11:$AV$190*1))} -> 0 | BE44: =SUM(Q44:AZ44) -> 0 | BF44: =IFERROR(BE44/O44,0) -> 0 | BH44: =BB44+BE44 -> 0 | BI44: =IFERROR(BH44/O44,0) -> 0
C45: =B5 -> P3 | N45: =SUM(N46:N55) -> 0 | O45: =SUM(O46:O55) -> 0 | Q45: =SUM(Q46:Q55) -> 0 | R45: =SUM(R46:R55) -> 0 | S45: =SUM(S46:S55) -> 0 | T45: =SUM(T46:T55) -> 0 | U45: =SUM(U46:U55) -> 0 | V45: =SUM(V46:V55) -> 0 | W45: =SUM(W46:W55) -> 0 | X45: =SUM(X46:X55) -> 0 | ... AZ45: =SUM(AZ46:AZ55) -> 0 | BB45: =SUM(BB46:BB55) -> 0 | BE45: =SUM(BE46:BE55) -> 0 | BF45: =IFERROR(BE45/O45,0) -> 0 | BH45: =SUM(BH46:BH55) -> 0 | BI45: =IFERROR(BH45/O45,0) -> 0
B46: P31101 | C46: =IFERROR(VLOOKUP($B46,'P3'!$B:$AQ,2,FALSE),0) -> 0 | D46: =IFERROR(VLOOKUP($B46,'P3'!$B:$AQ,3,FALSE),0) -> 0 | E46: =IFERROR(VLOOKUP($B46,'P3'!$B:$AQ,4,FALSE),0) -> 0 | F46: =IFERROR(VLOOKUP($B46,'P3'!$B:$AQ,5,FALSE),0) -> 0 | G46: =IFERROR(VLOOKUP($B46,'P3'!$B:$AQ,6,FALSE),0) -> 0 | H46: =IFERROR(VLOOKUP($B46,'P3'!$B:$AQ,7,FALSE),0) -> 0 | I46: =IFERROR(VLOOKUP($B46,'P3'!$B:$AQ,8,FALSE),0) -> 0 | J46: =IFERROR(VLOOKUP($B46,'P3'!$B:$AQ,9,FALSE),0) -> 0 | N46: =D46*F46*H46*J46 -> 0 | O46: =SUM(K46:N46) -> 0 | Q46: {=SUMPRODUCT(('P3'!$M$8:$AV$8=Q$9)*('P3'!$B$11:$B$190=$B46)*('P3'!$M$11:$AV$190*1))} -> 0 | R46: {=SUMPRODUCT(('P3'!$M$8:$AV$8=R$9)*('P3'!$B$11:$B$190=$B46)*('P3'!$M$11:$AV$190*1))} -> 0 | S46: {=SUMPRODUCT(('P3'!$M$8:$AV$8=S$9)*('P3'!$B$11:$B$190=$B46)*('P3'!$M$11:$AV$190*1))} -> 0 | T46: {=SUMPRODUCT(('P3'!$M$8:$AV$8=T$9)*('P3'!$B$11:$B$190=$B46)*('P3'!$M$11:$AV$190*1))} -> 0 | U46: {=SUMPRODUCT(('P3'!$M$8:$AV$8=U$9)*('P3'!$B$11:$B$190=$B46)*('P3'!$M$11:$AV$190*1))} -> 0 | V46: {=SUMPRODUCT(('P3'!$M$8:$AV$8=V$9)*('P3'!$B$11:$B$190=$B46)*('P3'!$M$11:$AV$190*1))} -> 0 | W46: {=SUMPRODUCT(('P3'!$M$8:$AV$8=W$9)*('P3'!$B$11:$B$190=$B46)*('P3'!$M$11:$AV$190*1))} -> 0 | X46: {=SUMPRODUCT(('P3'!$M$8:$AV$8=X$9)*('P3'!$B$11:$B$190=$B46)*('P3'!$M$11:$AV$190*1))} -> 0 | ... AZ46: {=SUMPRODUCT(('P3'!$M$8:$AV$8=AZ$9)*('P3'!$B$11:$B$190=$B46)*('P3'!$M$11:$AV$190*1))} -> 0 | BE46: =SUM(Q46:AZ46) -> 0 | BF46: =IFERROR(BE46/O46,0) -> 0 | BH46: =BB46+BE46 -> 0 | BI46: =IFERROR(BH46/O46,0) -> 0
B47: P31102 | C47: =IFERROR(VLOOKUP($B47,'P3'!$B:$AQ,2,FALSE),0) -> 0 | D47: =IFERROR(VLOOKUP($B47,'P3'!$B:$AQ,3,FALSE),0) -> 0 | E47: =IFERROR(VLOOKUP($B47,'P3'!$B:$AQ,4,FALSE),0) -> 0 | F47: =IFERROR(VLOOKUP($B47,'P3'!$B:$AQ,5,FALSE),0) -> 0 | G47: =IFERROR(VLOOKUP($B47,'P3'!$B:$AQ,6,FALSE),0) -> 0 | H47: =IFERROR(VLOOKUP($B47,'P3'!$B:$AQ,7,FALSE),0) -> 0 | I47: =IFERROR(VLOOKUP($B47,'P3'!$B:$AQ,8,FALSE),0) -> 0 | J47: =IFERROR(VLOOKUP($B47,'P3'!$B:$AQ,9,FALSE),0) -> 0 | N47: =D47*F47*H47*J47 -> 0 | O47: =SUM(K47:N47) -> 0 | Q47: {=SUMPRODUCT(('P3'!$M$8:$AV$8=Q$9)*('P3'!$B$11:$B$190=$B47)*('P3'!$M$11:$AV$190*1))} -> 0 | R47: {=SUMPRODUCT(('P3'!$M$8:$AV$8=R$9)*('P3'!$B$11:$B$190=$B47)*('P3'!$M$11:$AV$190*1))} -> 0 | S47: {=SUMPRODUCT(('P3'!$M$8:$AV$8=S$9)*('P3'!$B$11:$B$190=$B47)*('P3'!$M$11:$AV$190*1))} -> 0 | T47: {=SUMPRODUCT(('P3'!$M$8:$AV$8=T$9)*('P3'!$B$11:$B$190=$B47)*('P3'!$M$11:$AV$190*1))} -> 0 | U47: {=SUMPRODUCT(('P3'!$M$8:$AV$8=U$9)*('P3'!$B$11:$B$190=$B47)*('P3'!$M$11:$AV$190*1))} -> 0 | V47: {=SUMPRODUCT(('P3'!$M$8:$AV$8=V$9)*('P3'!$B$11:$B$190=$B47)*('P3'!$M$11:$AV$190*1))} -> 0 | W47: {=SUMPRODUCT(('P3'!$M$8:$AV$8=W$9)*('P3'!$B$11:$B$190=$B47)*('P3'!$M$11:$AV$190*1))} -> 0 | X47: {=SUMPRODUCT(('P3'!$M$8:$AV$8=X$9)*('P3'!$B$11:$B$190=$B47)*('P3'!$M$11:$AV$190*1))} -> 0 | ... AZ47: {=SUMPRODUCT(('P3'!$M$8:$AV$8=AZ$9)*('P3'!$B$11:$B$190=$B47)*('P3'!$M$11:$AV$190*1))} -> 0 | BE47: =SUM(Q47:AZ47) -> 0 | BF47: =IFERROR(BE47/O47,0) -> 0 | BH47: =BB47+BE47 -> 0 | BI47: =IFERROR(BH47/O47,0) -> 0
B48: P31103 | C48: =IFERROR(VLOOKUP($B48,'P3'!$B:$AQ,2,FALSE),0) -> 0 | D48: =IFERROR(VLOOKUP($B48,'P3'!$B:$AQ,3,FALSE),0) -> 0 | E48: =IFERROR(VLOOKUP($B48,'P3'!$B:$AQ,4,FALSE),0) -> 0 | F48: =IFERROR(VLOOKUP($B48,'P3'!$B:$AQ,5,FALSE),0) -> 0 | G48: =IFERROR(VLOOKUP($B48,'P3'!$B:$AQ,6,FALSE),0) -> 0 | H48: =IFERROR(VLOOKUP($B48,'P3'!$B:$AQ,7,FALSE),0) -> 0 | I48: =IFERROR(VLOOKUP($B48,'P3'!$B:$AQ,8,FALSE),0) -> 0 | J48: =IFERROR(VLOOKUP($B48,'P3'!$B:$AQ,9,FALSE),0) -> 0 | N48: =D48*F48*H48*J48 -> 0 | O48: =SUM(K48:N48) -> 0 | Q48: {=SUMPRODUCT(('P3'!$M$8:$AV$8=Q$9)*('P3'!$B$11:$B$190=$B48)*('P3'!$M$11:$AV$190*1))} -> 0 | R48: {=SUMPRODUCT(('P3'!$M$8:$AV$8=R$9)*('P3'!$B$11:$B$190=$B48)*('P3'!$M$11:$AV$190*1))} -> 0 | S48: {=SUMPRODUCT(('P3'!$M$8:$AV$8=S$9)*('P3'!$B$11:$B$190=$B48)*('P3'!$M$11:$AV$190*1))} -> 0 | T48: {=SUMPRODUCT(('P3'!$M$8:$AV$8=T$9)*('P3'!$B$11:$B$190=$B48)*('P3'!$M$11:$AV$190*1))} -> 0 | U48: {=SUMPRODUCT(('P3'!$M$8:$AV$8=U$9)*('P3'!$B$11:$B$190=$B48)*('P3'!$M$11:$AV$190*1))} -> 0 | V48: {=SUMPRODUCT(('P3'!$M$8:$AV$8=V$9)*('P3'!$B$11:$B$190=$B48)*('P3'!$M$11:$AV$190*1))} -> 0 | W48: {=SUMPRODUCT(('P3'!$M$8:$AV$8=W$9)*('P3'!$B$11:$B$190=$B48)*('P3'!$M$11:$AV$190*1))} -> 0 | X48: {=SUMPRODUCT(('P3'!$M$8:$AV$8=X$9)*('P3'!$B$11:$B$190=$B48)*('P3'!$M$11:$AV$190*1))} -> 0 | ... AZ48: {=SUMPRODUCT(('P3'!$M$8:$AV$8=AZ$9)*('P3'!$B$11:$B$190=$B48)*('P3'!$M$11:$AV$190*1))} -> 0 | BE48: =SUM(Q48:AZ48) -> 0 | BF48: =IFERROR(BE48/O48,0) -> 0 | BH48: =BB48+BE48 -> 0 | BI48: =IFERROR(BH48/O48,0) -> 0
B49: P31104 | C49: =IFERROR(VLOOKUP($B49,'P3'!$B:$AQ,2,FALSE),0) -> 0 | D49: =IFERROR(VLOOKUP($B49,'P3'!$B:$AQ,3,FALSE),0) -> 0 | E49: =IFERROR(VLOOKUP($B49,'P3'!$B:$AQ,4,FALSE),0) -> 0 | F49: =IFERROR(VLOOKUP($B49,'P3'!$B:$AQ,5,FALSE),0) -> 0 | G49: =IFERROR(VLOOKUP($B49,'P3'!$B:$AQ,6,FALSE),0) -> 0 | H49: =IFERROR(VLOOKUP($B49,'P3'!$B:$AQ,7,FALSE),0) -> 0 | I49: =IFERROR(VLOOKUP($B49,'P3'!$B:$AQ,8,FALSE),0) -> 0 | J49: =IFERROR(VLOOKUP($B49,'P3'!$B:$AQ,9,FALSE),0) -> 0 | N49: =D49*F49*H49*J49 -> 0 | O49: =SUM(K49:N49) -> 0 | Q49: {=SUMPRODUCT(('P3'!$M$8:$AV$8=Q$9)*('P3'!$B$11:$B$190=$B49)*('P3'!$M$11:$AV$190*1))} -> 0 | R49: {=SUMPRODUCT(('P3'!$M$8:$AV$8=R$9)*('P3'!$B$11:$B$190=$B49)*('P3'!$M$11:$AV$190*1))} -> 0 | S49: {=SUMPRODUCT(('P3'!$M$8:$AV$8=S$9)*('P3'!$B$11:$B$190=$B49)*('P3'!$M$11:$AV$190*1))} -> 0 | T49: {=SUMPRODUCT(('P3'!$M$8:$AV$8=T$9)*('P3'!$B$11:$B$190=$B49)*('P3'!$M$11:$AV$190*1))} -> 0 | U49: {=SUMPRODUCT(('P3'!$M$8:$AV$8=U$9)*('P3'!$B$11:$B$190=$B49)*('P3'!$M$11:$AV$190*1))} -> 0 | V49: {=SUMPRODUCT(('P3'!$M$8:$AV$8=V$9)*('P3'!$B$11:$B$190=$B49)*('P3'!$M$11:$AV$190*1))} -> 0 | W49: {=SUMPRODUCT(('P3'!$M$8:$AV$8=W$9)*('P3'!$B$11:$B$190=$B49)*('P3'!$M$11:$AV$190*1))} -> 0 | X49: {=SUMPRODUCT(('P3'!$M$8:$AV$8=X$9)*('P3'!$B$11:$B$190=$B49)*('P3'!$M$11:$AV$190*1))} -> 0 | ... AZ49: {=SUMPRODUCT(('P3'!$M$8:$AV$8=AZ$9)*('P3'!$B$11:$B$190=$B49)*('P3'!$M$11:$AV$190*1))} -> 0 | BE49: =SUM(Q49:AZ49) -> 0 | BF49: =IFERROR(BE49/O49,0) -> 0 | BH49: =BB49+BE49 -> 0 | BI49: =IFERROR(BH49/O49,0) -> 0
B50: P31105 | C50: =IFERROR(VLOOKUP($B50,'P3'!$B:$AQ,2,FALSE),0) -> 0 | D50: =IFERROR(VLOOKUP($B50,'P3'!$B:$AQ,3,FALSE),0) -> 0 | E50: =IFERROR(VLOOKUP($B50,'P3'!$B:$AQ,4,FALSE),0) -> 0 | F50: =IFERROR(VLOOKUP($B50,'P3'!$B:$AQ,5,FALSE),0) -> 0 | G50: =IFERROR(VLOOKUP($B50,'P3'!$B:$AQ,6,FALSE),0) -> 0 | H50: =IFERROR(VLOOKUP($B50,'P3'!$B:$AQ,7,FALSE),0) -> 0 | I50: =IFERROR(VLOOKUP($B50,'P3'!$B:$AQ,8,FALSE),0) -> 0 | J50: =IFERROR(VLOOKUP($B50,'P3'!$B:$AQ,9,FALSE),0) -> 0 | N50: =D50*F50*H50*J50 -> 0 | O50: =SUM(K50:N50) -> 0 | Q50: {=SUMPRODUCT(('P3'!$M$8:$AV$8=Q$9)*('P3'!$B$11:$B$190=$B50)*('P3'!$M$11:$AV$190*1))} -> 0 | R50: {=SUMPRODUCT(('P3'!$M$8:$AV$8=R$9)*('P3'!$B$11:$B$190=$B50)*('P3'!$M$11:$AV$190*1))} -> 0 | S50: {=SUMPRODUCT(('P3'!$M$8:$AV$8=S$9)*('P3'!$B$11:$B$190=$B50)*('P3'!$M$11:$AV$190*1))} -> 0 | T50: {=SUMPRODUCT(('P3'!$M$8:$AV$8=T$9)*('P3'!$B$11:$B$190=$B50)*('P3'!$M$11:$AV$190*1))} -> 0 | U50: {=SUMPRODUCT(('P3'!$M$8:$AV$8=U$9)*('P3'!$B$11:$B$190=$B50)*('P3'!$M$11:$AV$190*1))} -> 0 | V50: {=SUMPRODUCT(('P3'!$M$8:$AV$8=V$9)*('P3'!$B$11:$B$190=$B50)*('P3'!$M$11:$AV$190*1))} -> 0 | W50: {=SUMPRODUCT(('P3'!$M$8:$AV$8=W$9)*('P3'!$B$11:$B$190=$B50)*('P3'!$M$11:$AV$190*1))} -> 0 | X50: {=SUMPRODUCT(('P3'!$M$8:$AV$8=X$9)*('P3'!$B$11:$B$190=$B50)*('P3'!$M$11:$AV$190*1))} -> 0 | ... AZ50: {=SUMPRODUCT(('P3'!$M$8:$AV$8=AZ$9)*('P3'!$B$11:$B$190=$B50)*('P3'!$M$11:$AV$190*1))} -> 0 | BE50: =SUM(Q50:AZ50) -> 0 | BF50: =IFERROR(BE50/O50,0) -> 0 | BH50: =BB50+BE50 -> 0 | BI50: =IFERROR(BH50/O50,0) -> 0
B51: P31106 | C51: =IFERROR(VLOOKUP($B51,'P3'!$B:$AQ,2,FALSE),0) -> 0 | D51: =IFERROR(VLOOKUP($B51,'P3'!$B:$AQ,3,FALSE),0) -> 0 | E51: =IFERROR(VLOOKUP($B51,'P3'!$B:$AQ,4,FALSE),0) -> 0 | F51: =IFERROR(VLOOKUP($B51,'P3'!$B:$AQ,5,FALSE),0) -> 0 | G51: =IFERROR(VLOOKUP($B51,'P3'!$B:$AQ,6,FALSE),0) -> 0 | H51: =IFERROR(VLOOKUP($B51,'P3'!$B:$AQ,7,FALSE),0) -> 0 | I51: =IFERROR(VLOOKUP($B51,'P3'!$B:$AQ,8,FALSE),0) -> 0 | J51: =IFERROR(VLOOKUP($B51,'P3'!$B:$AQ,9,FALSE),0) -> 0 | N51: =D51*F51*H51*J51 -> 0 | O51: =SUM(K51:N51) -> 0 | Q51: {=SUMPRODUCT(('P3'!$M$8:$AV$8=Q$9)*('P3'!$B$11:$B$190=$B51)*('P3'!$M$11:$AV$190*1))} -> 0 | R51: {=SUMPRODUCT(('P3'!$M$8:$AV$8=R$9)*('P3'!$B$11:$B$190=$B51)*('P3'!$M$11:$AV$190*1))} -> 0 | S51: {=SUMPRODUCT(('P3'!$M$8:$AV$8=S$9)*('P3'!$B$11:$B$190=$B51)*('P3'!$M$11:$AV$190*1))} -> 0 | T51: {=SUMPRODUCT(('P3'!$M$8:$AV$8=T$9)*('P3'!$B$11:$B$190=$B51)*('P3'!$M$11:$AV$190*1))} -> 0 | U51: {=SUMPRODUCT(('P3'!$M$8:$AV$8=U$9)*('P3'!$B$11:$B$190=$B51)*('P3'!$M$11:$AV$190*1))} -> 0 | V51: {=SUMPRODUCT(('P3'!$M$8:$AV$8=V$9)*('P3'!$B$11:$B$190=$B51)*('P3'!$M$11:$AV$190*1))} -> 0 | W51: {=SUMPRODUCT(('P3'!$M$8:$AV$8=W$9)*('P3'!$B$11:$B$190=$B51)*('P3'!$M$11:$AV$190*1))} -> 0 | X51: {=SUMPRODUCT(('P3'!$M$8:$AV$8=X$9)*('P3'!$B$11:$B$190=$B51)*('P3'!$M$11:$AV$190*1))} -> 0 | ... AZ51: {=SUMPRODUCT(('P3'!$M$8:$AV$8=AZ$9)*('P3'!$B$11:$B$190=$B51)*('P3'!$M$11:$AV$190*1))} -> 0 | BE51: =SUM(Q51:AZ51) -> 0 | BF51: =IFERROR(BE51/O51,0) -> 0 | BH51: =BB51+BE51 -> 0 | BI51: =IFERROR(BH51/O51,0) -> 0
B52: P31107 | C52: =IFERROR(VLOOKUP($B52,'P3'!$B:$AQ,2,FALSE),0) -> 0 | D52: =IFERROR(VLOOKUP($B52,'P3'!$B:$AQ,3,FALSE),0) -> 0 | E52: =IFERROR(VLOOKUP($B52,'P3'!$B:$AQ,4,FALSE),0) -> 0 | F52: =IFERROR(VLOOKUP($B52,'P3'!$B:$AQ,5,FALSE),0) -> 0 | G52: =IFERROR(VLOOKUP($B52,'P3'!$B:$AQ,6,FALSE),0) -> 0 | H52: =IFERROR(VLOOKUP($B52,'P3'!$B:$AQ,7,FALSE),0) -> 0 | I52: =IFERROR(VLOOKUP($B52,'P3'!$B:$AQ,8,FALSE),0) -> 0 | J52: =IFERROR(VLOOKUP($B52,'P3'!$B:$AQ,9,FALSE),0) -> 0 | N52: =D52*F52*H52*J52 -> 0 | O52: =SUM(K52:N52) -> 0 | Q52: {=SUMPRODUCT(('P3'!$M$8:$AV$8=Q$9)*('P3'!$B$11:$B$190=$B52)*('P3'!$M$11:$AV$190*1))} -> 0 | R52: {=SUMPRODUCT(('P3'!$M$8:$AV$8=R$9)*('P3'!$B$11:$B$190=$B52)*('P3'!$M$11:$AV$190*1))} -> 0 | S52: {=SUMPRODUCT(('P3'!$M$8:$AV$8=S$9)*('P3'!$B$11:$B$190=$B52)*('P3'!$M$11:$AV$190*1))} -> 0 | T52: {=SUMPRODUCT(('P3'!$M$8:$AV$8=T$9)*('P3'!$B$11:$B$190=$B52)*('P3'!$M$11:$AV$190*1))} -> 0 | U52: {=SUMPRODUCT(('P3'!$M$8:$AV$8=U$9)*('P3'!$B$11:$B$190=$B52)*('P3'!$M$11:$AV$190*1))} -> 0 | V52: {=SUMPRODUCT(('P3'!$M$8:$AV$8=V$9)*('P3'!$B$11:$B$190=$B52)*('P3'!$M$11:$AV$190*1))} -> 0 | W52: {=SUMPRODUCT(('P3'!$M$8:$AV$8=W$9)*('P3'!$B$11:$B$190=$B52)*('P3'!$M$11:$AV$190*1))} -> 0 | X52: {=SUMPRODUCT(('P3'!$M$8:$AV$8=X$9)*('P3'!$B$11:$B$190=$B52)*('P3'!$M$11:$AV$190*1))} -> 0 | ... AZ52: {=SUMPRODUCT(('P3'!$M$8:$AV$8=AZ$9)*('P3'!$B$11:$B$190=$B52)*('P3'!$M$11:$AV$190*1))} -> 0 | BE52: =SUM(Q52:AZ52) -> 0 | BF52: =IFERROR(BE52/O52,0) -> 0 | BH52: =BB52+BE52 -> 0 | BI52: =IFERROR(BH52/O52,0) -> 0
B53: P31108 | C53: =IFERROR(VLOOKUP($B53,'P3'!$B:$AQ,2,FALSE),0) -> 0 | D53: =IFERROR(VLOOKUP($B53,'P3'!$B:$AQ,3,FALSE),0) -> 0 | E53: =IFERROR(VLOOKUP($B53,'P3'!$B:$AQ,4,FALSE),0) -> 0 | F53: =IFERROR(VLOOKUP($B53,'P3'!$B:$AQ,5,FALSE),0) -> 0 | G53: =IFERROR(VLOOKUP($B53,'P3'!$B:$AQ,6,FALSE),0) -> 0 | H53: =IFERROR(VLOOKUP($B53,'P3'!$B:$AQ,7,FALSE),0) -> 0 | I53: =IFERROR(VLOOKUP($B53,'P3'!$B:$AQ,8,FALSE),0) -> 0 | J53: =IFERROR(VLOOKUP($B53,'P3'!$B:$AQ,9,FALSE),0) -> 0 | N53: =D53*F53*H53*J53 -> 0 | O53: =SUM(K53:N53) -> 0 | Q53: {=SUMPRODUCT(('P3'!$M$8:$AV$8=Q$9)*('P3'!$B$11:$B$190=$B53)*('P3'!$M$11:$AV$190*1))} -> 0 | R53: {=SUMPRODUCT(('P3'!$M$8:$AV$8=R$9)*('P3'!$B$11:$B$190=$B53)*('P3'!$M$11:$AV$190*1))} -> 0 | S53: {=SUMPRODUCT(('P3'!$M$8:$AV$8=S$9)*('P3'!$B$11:$B$190=$B53)*('P3'!$M$11:$AV$190*1))} -> 0 | T53: {=SUMPRODUCT(('P3'!$M$8:$AV$8=T$9)*('P3'!$B$11:$B$190=$B53)*('P3'!$M$11:$AV$190*1))} -> 0 | U53: {=SUMPRODUCT(('P3'!$M$8:$AV$8=U$9)*('P3'!$B$11:$B$190=$B53)*('P3'!$M$11:$AV$190*1))} -> 0 | V53: {=SUMPRODUCT(('P3'!$M$8:$AV$8=V$9)*('P3'!$B$11:$B$190=$B53)*('P3'!$M$11:$AV$190*1))} -> 0 | W53: {=SUMPRODUCT(('P3'!$M$8:$AV$8=W$9)*('P3'!$B$11:$B$190=$B53)*('P3'!$M$11:$AV$190*1))} -> 0 | X53: {=SUMPRODUCT(('P3'!$M$8:$AV$8=X$9)*('P3'!$B$11:$B$190=$B53)*('P3'!$M$11:$AV$190*1))} -> 0 | ... AZ53: {=SUMPRODUCT(('P3'!$M$8:$AV$8=AZ$9)*('P3'!$B$11:$B$190=$B53)*('P3'!$M$11:$AV$190*1))} -> 0 | BE53: =SUM(Q53:AZ53) -> 0 | BF53: =IFERROR(BE53/O53,0) -> 0 | BH53: =BB53+BE53 -> 0 | BI53: =IFERROR(BH53/O53,0) -> 0
B54: P31109 | C54: =IFERROR(VLOOKUP($B54,'P3'!$B:$AQ,2,FALSE),0) -> 0 | D54: =IFERROR(VLOOKUP($B54,'P3'!$B:$AQ,3,FALSE),0) -> 0 | E54: =IFERROR(VLOOKUP($B54,'P3'!$B:$AQ,4,FALSE),0) -> 0 | F54: =IFERROR(VLOOKUP($B54,'P3'!$B:$AQ,5,FALSE),0) -> 0 | G54: =IFERROR(VLOOKUP($B54,'P3'!$B:$AQ,6,FALSE),0) -> 0 | H54: =IFERROR(VLOOKUP($B54,'P3'!$B:$AQ,7,FALSE),0) -> 0 | I54: =IFERROR(VLOOKUP($B54,'P3'!$B:$AQ,8,FALSE),0) -> 0 | J54: =IFERROR(VLOOKUP($B54,'P3'!$B:$AQ,9,FALSE),0) -> 0 | N54: =D54*F54*H54*J54 -> 0 | O54: =SUM(K54:N54) -> 0 | Q54: {=SUMPRODUCT(('P3'!$M$8:$AV$8=Q$9)*('P3'!$B$11:$B$190=$B54)*('P3'!$M$11:$AV$190*1))} -> 0 | R54: {=SUMPRODUCT(('P3'!$M$8:$AV$8=R$9)*('P3'!$B$11:$B$190=$B54)*('P3'!$M$11:$AV$190*1))} -> 0 | S54: {=SUMPRODUCT(('P3'!$M$8:$AV$8=S$9)*('P3'!$B$11:$B$190=$B54)*('P3'!$M$11:$AV$190*1))} -> 0 | T54: {=SUMPRODUCT(('P3'!$M$8:$AV$8=T$9)*('P3'!$B$11:$B$190=$B54)*('P3'!$M$11:$AV$190*1))} -> 0 | U54: {=SUMPRODUCT(('P3'!$M$8:$AV$8=U$9)*('P3'!$B$11:$B$190=$B54)*('P3'!$M$11:$AV$190*1))} -> 0 | V54: {=SUMPRODUCT(('P3'!$M$8:$AV$8=V$9)*('P3'!$B$11:$B$190=$B54)*('P3'!$M$11:$AV$190*1))} -> 0 | W54: {=SUMPRODUCT(('P3'!$M$8:$AV$8=W$9)*('P3'!$B$11:$B$190=$B54)*('P3'!$M$11:$AV$190*1))} -> 0 | X54: {=SUMPRODUCT(('P3'!$M$8:$AV$8=X$9)*('P3'!$B$11:$B$190=$B54)*('P3'!$M$11:$AV$190*1))} -> 0 | ... AZ54: {=SUMPRODUCT(('P3'!$M$8:$AV$8=AZ$9)*('P3'!$B$11:$B$190=$B54)*('P3'!$M$11:$AV$190*1))} -> 0 | BE54: =SUM(Q54:AZ54) -> 0 | BF54: =IFERROR(BE54/O54,0) -> 0 | BH54: =BB54+BE54 -> 0 | BI54: =IFERROR(BH54/O54,0) -> 0
B55: P31110 | C55: =IFERROR(VLOOKUP($B55,'P3'!$B:$AQ,2,FALSE),0) -> 0 | D55: =IFERROR(VLOOKUP($B55,'P3'!$B:$AQ,3,FALSE),0) -> 0 | E55: =IFERROR(VLOOKUP($B55,'P3'!$B:$AQ,4,FALSE),0) -> 0 | F55: =IFERROR(VLOOKUP($B55,'P3'!$B:$AQ,5,FALSE),0) -> 0 | G55: =IFERROR(VLOOKUP($B55,'P3'!$B:$AQ,6,FALSE),0) -> 0 | H55: =IFERROR(VLOOKUP($B55,'P3'!$B:$AQ,7,FALSE),0) -> 0 | I55: =IFERROR(VLOOKUP($B55,'P3'!$B:$AQ,8,FALSE),0) -> 0 | J55: =IFERROR(VLOOKUP($B55,'P3'!$B:$AQ,9,FALSE),0) -> 0 | N55: =D55*F55*H55*J55 -> 0 | O55: =SUM(K55:N55) -> 0 | Q55: {=SUMPRODUCT(('P3'!$M$8:$AV$8=Q$9)*('P3'!$B$11:$B$190=$B55)*('P3'!$M$11:$AV$190*1))} -> 0 | R55: {=SUMPRODUCT(('P3'!$M$8:$AV$8=R$9)*('P3'!$B$11:$B$190=$B55)*('P3'!$M$11:$AV$190*1))} -> 0 | S55: {=SUMPRODUCT(('P3'!$M$8:$AV$8=S$9)*('P3'!$B$11:$B$190=$B55)*('P3'!$M$11:$AV$190*1))} -> 0 | T55: {=SUMPRODUCT(('P3'!$M$8:$AV$8=T$9)*('P3'!$B$11:$B$190=$B55)*('P3'!$M$11:$AV$190*1))} -> 0 | U55: {=SUMPRODUCT(('P3'!$M$8:$AV$8=U$9)*('P3'!$B$11:$B$190=$B55)*('P3'!$M$11:$AV$190*1))} -> 0 | V55: {=SUMPRODUCT(('P3'!$M$8:$AV$8=V$9)*('P3'!$B$11:$B$190=$B55)*('P3'!$M$11:$AV$190*1))} -> 0 | W55: {=SUMPRODUCT(('P3'!$M$8:$AV$8=W$9)*('P3'!$B$11:$B$190=$B55)*('P3'!$M$11:$AV$190*1))} -> 0 | X55: {=SUMPRODUCT(('P3'!$M$8:$AV$8=X$9)*('P3'!$B$11:$B$190=$B55)*('P3'!$M$11:$AV$190*1))} -> 0 | ... AZ55: {=SUMPRODUCT(('P3'!$M$8:$AV$8=AZ$9)*('P3'!$B$11:$B$190=$B55)*('P3'!$M$11:$AV$190*1))} -> 0 | BE55: =SUM(Q55:AZ55) -> 0 | BF55: =IFERROR(BE55/O55,0) -> 0 | BH55: =BB55+BE55 -> 0 | BI55: =IFERROR(BH55/O55,0) -> 0
C56: 1.2. Food Security & Livelihood | K56: =K57+K68+K79+K90 -> 0 | L56: =L57+L68+L79+L90 -> 0 | M56: =M57+M68+M79+M90 -> 0 | N56: =N57+N68+N79+N90 -> 0 | O56: =O57+O68+O79+O90 -> 0 | Q56: =Q57+Q68+Q79+Q90 -> 0 | R56: =R57+R68+R79+R90 -> 0 | S56: =S57+S68+S79+S90 -> 0 | T56: =T57+T68+T79+T90 -> 0 | U56: =U57+U68+U79+U90 -> 0 | V56: =V57+V68+V79+V90 -> 0 | W56: =W57+W68+W79+W90 -> 0 | X56: =X57+X68+X79+X90 -> 0 | ... AZ56: =AZ57+AZ68+AZ79+AZ90 -> 0 | BB56: =BB57+BB68+BB79+BB90 -> 0 | BE56: =BE57+BE68+BE79+BE90 -> 0 | BF56: =IFERROR(BE56/O56,0) -> 0 | BH56: =BH57+BH68+BH79+BH90 -> 0 | BI56: =IFERROR(BH56/O56,0) -> 0
C57: =B2 -> Lead Partner | K57: =SUM(K58:K67) -> 0 | L57: =SUM(L58:L67) -> 0 | M57: =SUM(M58:M67) -> 0 | N57: =SUM(N58:N67) -> 0 | O57: =SUM(O58:O67) -> 0 | Q57: =SUM(Q58:Q67) -> 0 | R57: =SUM(R58:R67) -> 0 | S57: =SUM(S58:S67) -> 0 | T57: =SUM(T58:T67) -> 0 | U57: =SUM(U58:U67) -> 0 | V57: =SUM(V58:V67) -> 0 | W57: =SUM(W58:W67) -> 0 | X57: =SUM(X58:X67) -> 0 | ... AZ57: =SUM(AZ58:AZ67) -> 0 | BB57: =SUM(BB58:BB67) -> 0 | BE57: =SUM(BE58:BE67) -> 0 | BF57: =IFERROR(BE57/O57,0) -> 0 | BH57: =SUM(BH58:BH67) -> 0 | BI57: =IFERROR(BH57/O57,0) -> 0
B58: LP1201 | C58: =IFERROR(VLOOKUP(B58,'Budget Lead'!B:AY,2,FALSE),0) -> 0 | D58: =IFERROR(VLOOKUP(B58,'Budget Lead'!B:AQ,3,FALSE),0) -> 0 | E58: =IFERROR(VLOOKUP($B58,'Budget Lead'!$B:$AQ,4,FALSE),0) -> 0 | F58: =IFERROR(VLOOKUP($B58,'Budget Lead'!$B:$AQ,5,FALSE),0) -> 0 | G58: =IFERROR(VLOOKUP($B58,'Budget Lead'!$B:$AQ,6,FALSE),0) -> 0 | H58: =IFERROR(VLOOKUP($B58,'Budget Lead'!$B:$AQ,7,FALSE),0) -> 0 | I58: =IFERROR(VLOOKUP($B58,'Budget Lead'!$B:$AQ,8,FALSE),0) -> 0 | J58: =IFERROR(VLOOKUP($B58,'Budget Lead'!$B:$AQ,9,FALSE),0) -> 0 | K58: =D58*F58*H58*J58 -> 0 | O58: =SUM(K58:N58) -> 0 | Q58: {=SUMPRODUCT(('Budget Lead'!$M$8:$AV$8=Q$9)*('Budget Lead'!$B$11:$B$190=$B58)*('Budget Lead'!$M$11:$AV$190)*1)} -> 0 | R58: {=SUMPRODUCT(('Budget Lead'!$M$8:$AV$8=R$9)*('Budget Lead'!$B$11:$B$190=$B58)*('Budget Lead'!$M$11:$AV$190)*1)} -> 0 | S58: {=SUMPRODUCT(('Budget Lead'!$M$8:$AV$8=S$9)*('Budget Lead'!$B$11:$B$190=$B58)*('Budget Lead'!$M$11:$AV$190)*1)} -> 0 | T58: {=SUMPRODUCT(('Budget Lead'!$M$8:$AV$8=T$9)*('Budget Lead'!$B$11:$B$190=$B58)*('Budget Lead'!$M$11:$AV$190)*1)} -> 0 | U58: {=SUMPRODUCT(('Budget Lead'!$M$8:$AV$8=U$9)*('Budget Lead'!$B$11:$B$190=$B58)*('Budget Lead'!$M$11:$AV$190)*1)} -> 0 | V58: {=SUMPRODUCT(('Budget Lead'!$M$8:$AV$8=V$9)*('Budget Lead'!$B$11:$B$190=$B58)*('Budget Lead'!$M$11:$AV$190)*1)} -> 0 | W58: {=SUMPRODUCT(('Budget Lead'!$M$8:$AV$8=W$9)*('Budget Lead'!$B$11:$B$190=$B58)*('Budget Lead'!$M$11:$AV$190)*1)} -> 0 | X58: {=SUMPRODUCT(('Budget Lead'!$M$8:$AV$8=X$9)*('Budget Lead'!$B$11:$B$190=$B58)*('Budget Lead'!$M$11:$AV$190)*1)} -> 0 | ... AZ58: {=SUMPRODUCT(('Budget Lead'!$M$8:$AV$8=AZ$9)*('Budget Lead'!$B$11:$B$190=$B58)*('Budget Lead'!$M$11:$AV$190)*1)} -> 0 | BE58: =SUM(Q58:AZ58) -> 0 | BF58: =IFERROR(BE58/O58,0) -> 0 | BH58: =BB58+BE58 -> 0 | BI58: =IFERROR(BH58/O58,0) -> 0
B59: LP1202 | C59: =IFERROR(VLOOKUP(B59,'Budget Lead'!B:AY,2,FALSE),0) -> 0 | D59: =IFERROR(VLOOKUP(B59,'Budget Lead'!B:AQ,3,FALSE),0) -> 0 | E59: =IFERROR(VLOOKUP($B59,'Budget Lead'!$B:$AQ,4,FALSE),0) -> 0 | F59: =IFERROR(VLOOKUP($B59,'Budget Lead'!$B:$AQ,5,FALSE),0) -> 0 | G59: =IFERROR(VLOOKUP($B59,'Budget Lead'!$B:$AQ,6,FALSE),0) -> 0 | H59: =IFERROR(VLOOKUP($B59,'Budget Lead'!$B:$AQ,7,FALSE),0) -> 0 | I59: =IFERROR(VLOOKUP($B59,'Budget Lead'!$B:$AQ,8,FALSE),0) -> 0 | J59: =IFERROR(VLOOKUP($B59,'Budget Lead'!$B:$AQ,9,FALSE),0) -> 0 | K59: =D59*F59*H59*J59 -> 0 | O59: =SUM(K59:N59) -> 0 | Q59: {=SUMPRODUCT(('Budget Lead'!$M$8:$AV$8=Q$9)*('Budget Lead'!$B$11:$B$190=$B59)*('Budget Lead'!$M$11:$AV$190)*1)} -> 0 | R59: {=SUMPRODUCT(('Budget Lead'!$M$8:$AV$8=R$9)*('Budget Lead'!$B$11:$B$190=$B59)*('Budget Lead'!$M$11:$AV$190)*1)} -> 0 | S59: {=SUMPRODUCT(('Budget Lead'!$M$8:$AV$8=S$9)*('Budget Lead'!$B$11:$B$190=$B59)*('Budget Lead'!$M$11:$AV$190)*1)} -> 0 | T59: {=SUMPRODUCT(('Budget Lead'!$M$8:$AV$8=T$9)*('Budget Lead'!$B$11:$B$190=$B59)*('Budget Lead'!$M$11:$AV$190)*1)} -> 0 | U59: {=SUMPRODUCT(('Budget Lead'!$M$8:$AV$8=U$9)*('Budget Lead'!$B$11:$B$190=$B59)*('Budget Lead'!$M$11:$AV$190)*1)} -> 0 | V59: {=SUMPRODUCT(('Budget Lead'!$M$8:$AV$8=V$9)*('Budget Lead'!$B$11:$B$190=$B59)*('Budget Lead'!$M$11:$AV$190)*1)} -> 0 | W59: {=SUMPRODUCT(('Budget Lead'!$M$8:$AV$8=W$9)*('Budget Lead'!$B$11:$B$190=$B59)*('Budget Lead'!$M$11:$AV$190)*1)} -> 0 | X59: {=SUMPRODUCT(('Budget Lead'!$M$8:$AV$8=X$9)*('Budget Lead'!$B$11:$B$190=$B59)*('Budget Lead'!$M$11:$AV$190)*1)} -> 0 | ... AZ59: {=SUMPRODUCT(('Budget Lead'!$M$8:$AV$8=AZ$9)*('Budget Lead'!$B$11:$B$190=$B59)*('Budget Lead'!$M$11:$AV$190)*1)} -> 0 | BE59: =SUM(Q59:AZ59) -> 0 | BF59: =IFERROR(BE59/O59,0) -> 0 | BH59: =BB59+BE59 -> 0 | BI59: =IFERROR(BH59/O59,0) -> 0
B60: LP1203 | C60: =IFERROR(VLOOKUP(B60,'Budget Lead'!B:AY,2,FALSE),0) -> 0 | D60: =IFERROR(VLOOKUP(B60,'Budget Lead'!B:AQ,3,FALSE),0) -> 0 | E60: =IFERROR(VLOOKUP($B60,'Budget Lead'!$B:$AQ,4,FALSE),0) -> 0 | F60: =IFERROR(VLOOKUP($B60,'Budget Lead'!$B:$AQ,5,FALSE),0) -> 0 | G60: =IFERROR(VLOOKUP($B60,'Budget Lead'!$B:$AQ,6,FALSE),0) -> 0 | H60: =IFERROR(VLOOKUP($B60,'Budget Lead'!$B:$AQ,7,FALSE),0) -> 0 | I60: =IFERROR(VLOOKUP($B60,'Budget Lead'!$B:$AQ,8,FALSE),0) -> 0 | J60: =IFERROR(VLOOKUP($B60,'Budget Lead'!$B:$AQ,9,FALSE),0) -> 0 | K60: =D60*F60*H60*J60 -> 0 | O60: =SUM(K60:N60) -> 0 | Q60: {=SUMPRODUCT(('Budget Lead'!$M$8:$AV$8=Q$9)*('Budget Lead'!$B$11:$B$190=$B60)*('Budget Lead'!$M$11:$AV$190)*1)} -> 0 | R60: {=SUMPRODUCT(('Budget Lead'!$M$8:$AV$8=R$9)*('Budget Lead'!$B$11:$B$190=$B60)*('Budget Lead'!$M$11:$AV$190)*1)} -> 0 | S60: {=SUMPRODUCT(('Budget Lead'!$M$8:$AV$8=S$9)*('Budget Lead'!$B$11:$B$190=$B60)*('Budget Lead'!$M$11:$AV$190)*1)} -> 0 | T60: {=SUMPRODUCT(('Budget Lead'!$M$8:$AV$8=T$9)*('Budget Lead'!$B$11:$B$190=$B60)*('Budget Lead'!$M$11:$AV$190)*1)} -> 0 | U60: {=SUMPRODUCT(('Budget Lead'!$M$8:$AV$8=U$9)*('Budget Lead'!$B$11:$B$190=$B60)*('Budget Lead'!$M$11:$AV$190)*1)} -> 0 | V60: {=SUMPRODUCT(('Budget Lead'!$M$8:$AV$8=V$9)*('Budget Lead'!$B$11:$B$190=$B60)*('Budget Lead'!$M$11:$AV$190)*1)} -> 0 | W60: {=SUMPRODUCT(('Budget Lead'!$M$8:$AV$8=W$9)*('Budget Lead'!$B$11:$B$190=$B60)*('Budget Lead'!$M$11:$AV$190)*1)} -> 0 | X60: {=SUMPRODUCT(('Budget Lead'!$M$8:$AV$8=X$9)*('Budget Lead'!$B$11:$B$190=$B60)*('Budget Lead'!$M$11:$AV$190)*1)} -> 0 | ... AZ60: {=SUMPRODUCT(('Budget Lead'!$M$8:$AV$8=AZ$9)*('Budget Lead'!$B$11:$B$190=$B60)*('Budget Lead'!$M$11:$AV$190)*1)} -> 0 | BE60: =SUM(Q60:AZ60) -> 0 | BF60: =IFERROR(BE60/O60,0) -> 0 | BH60: =BB60+BE60 -> 0 | BI60: =IFERROR(BH60/O60,0) -> 0
B61: LP1204 | C61: =IFERROR(VLOOKUP(B61,'Budget Lead'!B:AY,2,FALSE),0) -> 0 | D61: =IFERROR(VLOOKUP(B61,'Budget Lead'!B:AQ,3,FALSE),0) -> 0 | E61: =IFERROR(VLOOKUP($B61,'Budget Lead'!$B:$AQ,4,FALSE),0) -> 0 | F61: =IFERROR(VLOOKUP($B61,'Budget Lead'!$B:$AQ,5,FALSE),0) -> 0 | G61: =IFERROR(VLOOKUP($B61,'Budget Lead'!$B:$AQ,6,FALSE),0) -> 0 | H61: =IFERROR(VLOOKUP($B61,'Budget Lead'!$B:$AQ,7,FALSE),0) -> 0 | I61: =IFERROR(VLOOKUP($B61,'Budget Lead'!$B:$AQ,8,FALSE),0) -> 0 | J61: =IFERROR(VLOOKUP($B61,'Budget Lead'!$B:$AQ,9,FALSE),0) -> 0 | K61: =D61*F61*H61*J61 -> 0 | O61: =SUM(K61:N61) -> 0 | Q61: {=SUMPRODUCT(('Budget Lead'!$M$8:$AV$8=Q$9)*('Budget Lead'!$B$11:$B$190=$B61)*('Budget Lead'!$M$11:$AV$190)*1)} -> 0 | R61: {=SUMPRODUCT(('Budget Lead'!$M$8:$AV$8=R$9)*('Budget Lead'!$B$11:$B$190=$B61)*('Budget Lead'!$M$11:$AV$190)*1)} -> 0 | S61: {=SUMPRODUCT(('Budget Lead'!$M$8:$AV$8=S$9)*('Budget Lead'!$B$11:$B$190=$B61)*('Budget Lead'!$M$11:$AV$190)*1)} -> 0 | T61: {=SUMPRODUCT(('Budget Lead'!$M$8:$AV$8=T$9)*('Budget Lead'!$B$11:$B$190=$B61)*('Budget Lead'!$M$11:$AV$190)*1)} -> 0 | U61: {=SUMPRODUCT(('Budget Lead'!$M$8:$AV$8=U$9)*('Budget Lead'!$B$11:$B$190=$B61)*('Budget Lead'!$M$11:$AV$190)*1)} -> 0 | V61: {=SUMPRODUCT(('Budget Lead'!$M$8:$AV$8=V$9)*('Budget Lead'!$B$11:$B$190=$B61)*('Budget Lead'!$M$11:$AV$190)*1)} -> 0 | W61: {=SUMPRODUCT(('Budget Lead'!$M$8:$AV$8=W$9)*('Budget Lead'!$B$11:$B$190=$B61)*('Budget Lead'!$M$11:$AV$190)*1)} -> 0 | X61: {=SUMPRODUCT(('Budget Lead'!$M$8:$AV$8=X$9)*('Budget Lead'!$B$11:$B$190=$B61)*('Budget Lead'!$M$11:$AV$190)*1)} -> 0 | ... AZ61: {=SUMPRODUCT(('Budget Lead'!$M$8:$AV$8=AZ$9)*('Budget Lead'!$B$11:$B$190=$B61)*('Budget Lead'!$M$11:$AV$190)*1)} -> 0 | BE61: =SUM(Q61:AZ61) -> 0 | BF61: =IFERROR(BE61/O61,0) -> 0 | BH61: =BB61+BE61 -> 0 | BI61: =IFERROR(BH61/O61,0) -> 0
B62: LP1205 | C62: =IFERROR(VLOOKUP(B62,'Budget Lead'!B:AY,2,FALSE),0) -> 0 | D62: =IFERROR(VLOOKUP(B62,'Budget Lead'!B:AQ,3,FALSE),0) -> 0 | E62: =IFERROR(VLOOKUP($B62,'Budget Lead'!$B:$AQ,4,FALSE),0) -> 0 | F62: =IFERROR(VLOOKUP($B62,'Budget Lead'!$B:$AQ,5,FALSE),0) -> 0 | G62: =IFERROR(VLOOKUP($B62,'Budget Lead'!$B:$AQ,6,FALSE),0) -> 0 | H62: =IFERROR(VLOOKUP($B62,'Budget Lead'!$B:$AQ,7,FALSE),0) -> 0 | I62: =IFERROR(VLOOKUP($B62,'Budget Lead'!$B:$AQ,8,FALSE),0) -> 0 | J62: =IFERROR(VLOOKUP($B62,'Budget Lead'!$B:$AQ,9,FALSE),0) -> 0 | K62: =D62*F62*H62*J62 -> 0 | O62: =SUM(K62:N62) -> 0 | Q62: {=SUMPRODUCT(('Budget Lead'!$M$8:$AV$8=Q$9)*('Budget Lead'!$B$11:$B$190=$B62)*('Budget Lead'!$M$11:$AV$190)*1)} -> 0 | R62: {=SUMPRODUCT(('Budget Lead'!$M$8:$AV$8=R$9)*('Budget Lead'!$B$11:$B$190=$B62)*('Budget Lead'!$M$11:$AV$190)*1)} -> 0 | S62: {=SUMPRODUCT(('Budget Lead'!$M$8:$AV$8=S$9)*('Budget Lead'!$B$11:$B$190=$B62)*('Budget Lead'!$M$11:$AV$190)*1)} -> 0 | T62: {=SUMPRODUCT(('Budget Lead'!$M$8:$AV$8=T$9)*('Budget Lead'!$B$11:$B$190=$B62)*('Budget Lead'!$M$11:$AV$190)*1)} -> 0 | U62: {=SUMPRODUCT(('Budget Lead'!$M$8:$AV$8=U$9)*('Budget Lead'!$B$11:$B$190=$B62)*('Budget Lead'!$M$11:$AV$190)*1)} -> 0 | V62: {=SUMPRODUCT(('Budget Lead'!$M$8:$AV$8=V$9)*('Budget Lead'!$B$11:$B$190=$B62)*('Budget Lead'!$M$11:$AV$190)*1)} -> 0 | W62: {=SUMPRODUCT(('Budget Lead'!$M$8:$AV$8=W$9)*('Budget Lead'!$B$11:$B$190=$B62)*('Budget Lead'!$M$11:$AV$190)*1)} -> 0 | X62: {=SUMPRODUCT(('Budget Lead'!$M$8:$AV$8=X$9)*('Budget Lead'!$B$11:$B$190=$B62)*('Budget Lead'!$M$11:$AV$190)*1)} -> 0 | ... AZ62: {=SUMPRODUCT(('Budget Lead'!$M$8:$AV$8=AZ$9)*('Budget Lead'!$B$11:$B$190=$B62)*('Budget Lead'!$M$11:$AV$190)*1)} -> 0 | BE62: =SUM(Q62:AZ62) -> 0 | BF62: =IFERROR(BE62/O62,0) -> 0 | BH62: =BB62+BE62 -> 0 | BI62: =IFERROR(BH62/O62,0) -> 0
B63: LP1206 | C63: =IFERROR(VLOOKUP(B63,'Budget Lead'!B:AY,2,FALSE),0) -> 0 | D63: =IFERROR(VLOOKUP(B63,'Budget Lead'!B:AQ,3,FALSE),0) -> 0 | E63: =IFERROR(VLOOKUP($B63,'Budget Lead'!$B:$AQ,4,FALSE),0) -> 0 | F63: =IFERROR(VLOOKUP($B63,'Budget Lead'!$B:$AQ,5,FALSE),0) -> 0 | G63: =IFERROR(VLOOKUP($B63,'Budget Lead'!$B:$AQ,6,FALSE),0) -> 0 | H63: =IFERROR(VLOOKUP($B63,'Budget Lead'!$B:$AQ,7,FALSE),0) -> 0 | I63: =IFERROR(VLOOKUP($B63,'Budget Lead'!$B:$AQ,8,FALSE),0) -> 0 | J63: =IFERROR(VLOOKUP($B63,'Budget Lead'!$B:$AQ,9,FALSE),0) -> 0 | K63: =D63*F63*H63*J63 -> 0 | O63: =SUM(K63:N63) -> 0 | Q63: {=SUMPRODUCT(('Budget Lead'!$M$8:$AV$8=Q$9)*('Budget Lead'!$B$11:$B$190=$B63)*('Budget Lead'!$M$11:$AV$190)*1)} -> 0 | R63: {=SUMPRODUCT(('Budget Lead'!$M$8:$AV$8=R$9)*('Budget Lead'!$B$11:$B$190=$B63)*('Budget Lead'!$M$11:$AV$190)*1)} -> 0 | S63: {=SUMPRODUCT(('Budget Lead'!$M$8:$AV$8=S$9)*('Budget Lead'!$B$11:$B$190=$B63)*('Budget Lead'!$M$11:$AV$190)*1)} -> 0 | T63: {=SUMPRODUCT(('Budget Lead'!$M$8:$AV$8=T$9)*('Budget Lead'!$B$11:$B$190=$B63)*('Budget Lead'!$M$11:$AV$190)*1)} -> 0 | U63: {=SUMPRODUCT(('Budget Lead'!$M$8:$AV$8=U$9)*('Budget Lead'!$B$11:$B$190=$B63)*('Budget Lead'!$M$11:$AV$190)*1)} -> 0 | V63: {=SUMPRODUCT(('Budget Lead'!$M$8:$AV$8=V$9)*('Budget Lead'!$B$11:$B$190=$B63)*('Budget Lead'!$M$11:$AV$190)*1)} -> 0 | W63: {=SUMPRODUCT(('Budget Lead'!$M$8:$AV$8=W$9)*('Budget Lead'!$B$11:$B$190=$B63)*('Budget Lead'!$M$11:$AV$190)*1)} -> 0 | X63: {=SUMPRODUCT(('Budget Lead'!$M$8:$AV$8=X$9)*('Budget Lead'!$B$11:$B$190=$B63)*('Budget Lead'!$M$11:$AV$190)*1)} -> 0 | ... AZ63: {=SUMPRODUCT(('Budget Lead'!$M$8:$AV$8=AZ$9)*('Budget Lead'!$B$11:$B$190=$B63)*('Budget Lead'!$M$11:$AV$190)*1)} -> 0 | BE63: =SUM(Q63:AZ63) -> 0 | BF63: =IFERROR(BE63/O63,0) -> 0 | BH63: =BB63+BE63 -> 0 | BI63: =IFERROR(BH63/O63,0) -> 0
B64: LP1207 | C64: =IFERROR(VLOOKUP(B64,'Budget Lead'!B:AY,2,FALSE),0) -> 0 | D64: =IFERROR(VLOOKUP(B64,'Budget Lead'!B:AQ,3,FALSE),0) -> 0 | E64: =IFERROR(VLOOKUP($B64,'Budget Lead'!$B:$AQ,4,FALSE),0) -> 0 | F64: =IFERROR(VLOOKUP($B64,'Budget Lead'!$B:$AQ,5,FALSE),0) -> 0 | G64: =IFERROR(VLOOKUP($B64,'Budget Lead'!$B:$AQ,6,FALSE),0) -> 0 | H64: =IFERROR(VLOOKUP($B64,'Budget Lead'!$B:$AQ,7,FALSE),0) -> 0 | I64: =IFERROR(VLOOKUP($B64,'Budget Lead'!$B:$AQ,8,FALSE),0) -> 0 | J64: =IFERROR(VLOOKUP($B64,'Budget Lead'!$B:$AQ,9,FALSE),0) -> 0 | K64: =D64*F64*H64*J64 -> 0 | O64: =SUM(K64:N64) -> 0 | Q64: {=SUMPRODUCT(('Budget Lead'!$M$8:$AV$8=Q$9)*('Budget Lead'!$B$11:$B$190=$B64)*('Budget Lead'!$M$11:$AV$190)*1)} -> 0 | R64: {=SUMPRODUCT(('Budget Lead'!$M$8:$AV$8=R$9)*('Budget Lead'!$B$11:$B$190=$B64)*('Budget Lead'!$M$11:$AV$190)*1)} -> 0 | S64: {=SUMPRODUCT(('Budget Lead'!$M$8:$AV$8=S$9)*('Budget Lead'!$B$11:$B$190=$B64)*('Budget Lead'!$M$11:$AV$190)*1)} -> 0 | T64: {=SUMPRODUCT(('Budget Lead'!$M$8:$AV$8=T$9)*('Budget Lead'!$B$11:$B$190=$B64)*('Budget Lead'!$M$11:$AV$190)*1)} -> 0 | U64: {=SUMPRODUCT(('Budget Lead'!$M$8:$AV$8=U$9)*('Budget Lead'!$B$11:$B$190=$B64)*('Budget Lead'!$M$11:$AV$190)*1)} -> 0 | V64: {=SUMPRODUCT(('Budget Lead'!$M$8:$AV$8=V$9)*('Budget Lead'!$B$11:$B$190=$B64)*('Budget Lead'!$M$11:$AV$190)*1)} -> 0 | W64: {=SUMPRODUCT(('Budget Lead'!$M$8:$AV$8=W$9)*('Budget Lead'!$B$11:$B$190=$B64)*('Budget Lead'!$M$11:$AV$190)*1)} -> 0 | X64: {=SUMPRODUCT(('Budget Lead'!$M$8:$AV$8=X$9)*('Budget Lead'!$B$11:$B$190=$B64)*('Budget Lead'!$M$11:$AV$190)*1)} -> 0 | ... AZ64: {=SUMPRODUCT(('Budget Lead'!$M$8:$AV$8=AZ$9)*('Budget Lead'!$B$11:$B$190=$B64)*('Budget Lead'!$M$11:$AV$190)*1)} -> 0 | BE64: =SUM(Q64:AZ64) -> 0 | BF64: =IFERROR(BE64/O64,0) -> 0 | BH64: =BB64+BE64 -> 0 | BI64: =IFERROR(BH64/O64,0) -> 0
B65: LP1208 | C65: =IFERROR(VLOOKUP(B65,'Budget Lead'!B:AY,2,FALSE),0) -> 0 | D65: =IFERROR(VLOOKUP(B65,'Budget Lead'!B:AQ,3,FALSE),0) -> 0 | E65: =IFERROR(VLOOKUP($B65,'Budget Lead'!$B:$AQ,4,FALSE),0) -> 0 | F65: =IFERROR(VLOOKUP($B65,'Budget Lead'!$B:$AQ,5,FALSE),0) -> 0 | G65: =IFERROR(VLOOKUP($B65,'Budget Lead'!$B:$AQ,6,FALSE),0) -> 0 | H65: =IFERROR(VLOOKUP($B65,'Budget Lead'!$B:$AQ,7,FALSE),0) -> 0 | I65: =IFERROR(VLOOKUP($B65,'Budget Lead'!$B:$AQ,8,FALSE),0) -> 0 | J65: =IFERROR(VLOOKUP($B65,'Budget Lead'!$B:$AQ,9,FALSE),0) -> 0 | K65: =D65*F65*H65*J65 -> 0 | O65: =SUM(K65:N65) -> 0 | Q65: {=SUMPRODUCT(('Budget Lead'!$M$8:$AV$8=Q$9)*('Budget Lead'!$B$11:$B$190=$B65)*('Budget Lead'!$M$11:$AV$190)*1)} -> 0 | R65: {=SUMPRODUCT(('Budget Lead'!$M$8:$AV$8=R$9)*('Budget Lead'!$B$11:$B$190=$B65)*('Budget Lead'!$M$11:$AV$190)*1)} -> 0 | S65: {=SUMPRODUCT(('Budget Lead'!$M$8:$AV$8=S$9)*('Budget Lead'!$B$11:$B$190=$B65)*('Budget Lead'!$M$11:$AV$190)*1)} -> 0 | T65: {=SUMPRODUCT(('Budget Lead'!$M$8:$AV$8=T$9)*('Budget Lead'!$B$11:$B$190=$B65)*('Budget Lead'!$M$11:$AV$190)*1)} -> 0 | U65: {=SUMPRODUCT(('Budget Lead'!$M$8:$AV$8=U$9)*('Budget Lead'!$B$11:$B$190=$B65)*('Budget Lead'!$M$11:$AV$190)*1)} -> 0 | V65: {=SUMPRODUCT(('Budget Lead'!$M$8:$AV$8=V$9)*('Budget Lead'!$B$11:$B$190=$B65)*('Budget Lead'!$M$11:$AV$190)*1)} -> 0 | W65: {=SUMPRODUCT(('Budget Lead'!$M$8:$AV$8=W$9)*('Budget Lead'!$B$11:$B$190=$B65)*('Budget Lead'!$M$11:$AV$190)*1)} -> 0 | X65: {=SUMPRODUCT(('Budget Lead'!$M$8:$AV$8=X$9)*('Budget Lead'!$B$11:$B$190=$B65)*('Budget Lead'!$M$11:$AV$190)*1)} -> 0 | ... AZ65: {=SUMPRODUCT(('Budget Lead'!$M$8:$AV$8=AZ$9)*('Budget Lead'!$B$11:$B$190=$B65)*('Budget Lead'!$M$11:$AV$190)*1)} -> 0 | BE65: =SUM(Q65:AZ65) -> 0 | BF65: =IFERROR(BE65/O65,0) -> 0 | BH65: =BB65+BE65 -> 0 | BI65: =IFERROR(BH65/O65,0) -> 0
B66: LP1209 | C66: =IFERROR(VLOOKUP(B66,'Budget Lead'!B:AY,2,FALSE),0) -> 0 | D66: =IFERROR(VLOOKUP(B66,'Budget Lead'!B:AQ,3,FALSE),0) -> 0 | E66: =IFERROR(VLOOKUP($B66,'Budget Lead'!$B:$AQ,4,FALSE),0) -> 0 | F66: =IFERROR(VLOOKUP($B66,'Budget Lead'!$B:$AQ,5,FALSE),0) -> 0 | G66: =IFERROR(VLOOKUP($B66,'Budget Lead'!$B:$AQ,6,FALSE),0) -> 0 | H66: =IFERROR(VLOOKUP($B66,'Budget Lead'!$B:$AQ,7,FALSE),0) -> 0 | I66: =IFERROR(VLOOKUP($B66,'Budget Lead'!$B:$AQ,8,FALSE),0) -> 0 | J66: =IFERROR(VLOOKUP($B66,'Budget Lead'!$B:$AQ,9,FALSE),0) -> 0 | K66: =D66*F66*H66*J66 -> 0 | O66: =SUM(K66:N66) -> 0 | Q66: {=SUMPRODUCT(('Budget Lead'!$M$8:$AV$8=Q$9)*('Budget Lead'!$B$11:$B$190=$B66)*('Budget Lead'!$M$11:$AV$190)*1)} -> 0 | R66: {=SUMPRODUCT(('Budget Lead'!$M$8:$AV$8=R$9)*('Budget Lead'!$B$11:$B$190=$B66)*('Budget Lead'!$M$11:$AV$190)*1)} -> 0 | S66: {=SUMPRODUCT(('Budget Lead'!$M$8:$AV$8=S$9)*('Budget Lead'!$B$11:$B$190=$B66)*('Budget Lead'!$M$11:$AV$190)*1)} -> 0 | T66: {=SUMPRODUCT(('Budget Lead'!$M$8:$AV$8=T$9)*('Budget Lead'!$B$11:$B$190=$B66)*('Budget Lead'!$M$11:$AV$190)*1)} -> 0 | U66: {=SUMPRODUCT(('Budget Lead'!$M$8:$AV$8=U$9)*('Budget Lead'!$B$11:$B$190=$B66)*('Budget Lead'!$M$11:$AV$190)*1)} -> 0 | V66: {=SUMPRODUCT(('Budget Lead'!$M$8:$AV$8=V$9)*('Budget Lead'!$B$11:$B$190=$B66)*('Budget Lead'!$M$11:$AV$190)*1)} -> 0 | W66: {=SUMPRODUCT(('Budget Lead'!$M$8:$AV$8=W$9)*('Budget Lead'!$B$11:$B$190=$B66)*('Budget Lead'!$M$11:$AV$190)*1)} -> 0 | X66: {=SUMPRODUCT(('Budget Lead'!$M$8:$AV$8=X$9)*('Budget Lead'!$B$11:$B$190=$B66)*('Budget Lead'!$M$11:$AV$190)*1)} -> 0 | ... AZ66: {=SUMPRODUCT(('Budget Lead'!$M$8:$AV$8=AZ$9)*('Budget Lead'!$B$11:$B$190=$B66)*('Budget Lead'!$M$11:$AV$190)*1)} -> 0 | BE66: =SUM(Q66:AZ66) -> 0 | BF66: =IFERROR(BE66/O66,0) -> 0 | BH66: =BB66+BE66 -> 0 | BI66: =IFERROR(BH66/O66,0) -> 0
B67: LP1210 | C67: =IFERROR(VLOOKUP(B67,'Budget Lead'!B:AY,2,FALSE),0) -> 0 | D67: =IFERROR(VLOOKUP(B67,'Budget Lead'!B:AQ,3,FALSE),0) -> 0 | E67: =IFERROR(VLOOKUP($B67,'Budget Lead'!$B:$AQ,4,FALSE),0) -> 0 | F67: =IFERROR(VLOOKUP($B67,'Budget Lead'!$B:$AQ,5,FALSE),0) -> 0 | G67: =IFERROR(VLOOKUP($B67,'Budget Lead'!$B:$AQ,6,FALSE),0) -> 0 | H67: =IFERROR(VLOOKUP($B67,'Budget Lead'!$B:$AQ,7,FALSE),0) -> 0 | I67: =IFERROR(VLOOKUP($B67,'Budget Lead'!$B:$AQ,8,FALSE),0) -> 0 | J67: =IFERROR(VLOOKUP($B67,'Budget Lead'!$B:$AQ,9,FALSE),0) -> 0 | K67: =D67*F67*H67*J67 -> 0 | O67: =SUM(K67:N67) -> 0 | Q67: {=SUMPRODUCT(('Budget Lead'!$M$8:$AV$8=Q$9)*('Budget Lead'!$B$11:$B$190=$B67)*('Budget Lead'!$M$11:$AV$190)*1)} -> 0 | R67: {=SUMPRODUCT(('Budget Lead'!$M$8:$AV$8=R$9)*('Budget Lead'!$B$11:$B$190=$B67)*('Budget Lead'!$M$11:$AV$190)*1)} -> 0 | S67: {=SUMPRODUCT(('Budget Lead'!$M$8:$AV$8=S$9)*('Budget Lead'!$B$11:$B$190=$B67)*('Budget Lead'!$M$11:$AV$190)*1)} -> 0 | T67: {=SUMPRODUCT(('Budget Lead'!$M$8:$AV$8=T$9)*('Budget Lead'!$B$11:$B$190=$B67)*('Budget Lead'!$M$11:$AV$190)*1)} -> 0 | U67: {=SUMPRODUCT(('Budget Lead'!$M$8:$AV$8=U$9)*('Budget Lead'!$B$11:$B$190=$B67)*('Budget Lead'!$M$11:$AV$190)*1)} -> 0 | V67: {=SUMPRODUCT(('Budget Lead'!$M$8:$AV$8=V$9)*('Budget Lead'!$B$11:$B$190=$B67)*('Budget Lead'!$M$11:$AV$190)*1)} -> 0 | W67: {=SUMPRODUCT(('Budget Lead'!$M$8:$AV$8=W$9)*('Budget Lead'!$B$11:$B$190=$B67)*('Budget Lead'!$M$11:$AV$190)*1)} -> 0 | X67: {=SUMPRODUCT(('Budget Lead'!$M$8:$AV$8=X$9)*('Budget Lead'!$B$11:$B$190=$B67)*('Budget Lead'!$M$11:$AV$190)*1)} -> 0 | ... AZ67: {=SUMPRODUCT(('Budget Lead'!$M$8:$AV$8=AZ$9)*('Budget Lead'!$B$11:$B$190=$B67)*('Budget Lead'!$M$11:$AV$190)*1)} -> 0 | BE67: =SUM(Q67:AZ67) -> 0 | BF67: =IFERROR(BE67/O67,0) -> 0 | BH67: =BB67+BE67 -> 0 | BI67: =IFERROR(BH67/O67,0) -> 0
C68: =B3 -> P1 | L68: =SUM(L69:L78) -> 0 | O68: =SUM(O69:O78) -> 0 | Q68: =SUM(Q69:Q78) -> 0 | R68: =SUM(R69:R78) -> 0 | S68: =SUM(S69:S78) -> 0 | T68: =SUM(T69:T78) -> 0 | U68: =SUM(U69:U78) -> 0 | V68: =SUM(V69:V78) -> 0 | W68: =SUM(W69:W78) -> 0 | X68: =SUM(X69:X78) -> 0 | ... AZ68: =SUM(AZ69:AZ78) -> 0 | BB68: =SUM(BB69:BB78) -> 0 | BE68: =SUM(BE69:BE78) -> 0 | BF68: =IFERROR(BE68/O68,0) -> 0 | BH68: =SUM(BH69:BH78) -> 0 | BI68: =IFERROR(BH68/O68,0) -> 0
B69: P11201 | C69: =IFERROR(VLOOKUP($B69,'P1'!$B:$AQ,2,FALSE),0) -> 0 | D69: =IFERROR(VLOOKUP($B69,'P1'!$B:$AQ,3,FALSE),0) -> 0 | E69: =IFERROR(VLOOKUP($B69,'P1'!$B:$AQ,4,FALSE),0) -> 0 | F69: =IFERROR(VLOOKUP($B69,'P1'!$B:$AQ,5,FALSE),0) -> 0 | G69: =IFERROR(VLOOKUP($B69,'P1'!$B:$AQ,6,FALSE),0) -> 0 | H69: =IFERROR(VLOOKUP($B69,'P1'!$B:$AQ,7,FALSE),0) -> 0 | I69: =IFERROR(VLOOKUP($B69,'P1'!$B:$AQ,8,FALSE),0) -> 0 | J69: =IFERROR(VLOOKUP($B69,'P1'!$B:$AQ,9,FALSE),0) -> 0 | L69: =J69*F69*H69*D69 -> 0 | O69: =SUM(K69:N69) -> 0 | Q69: {=SUMPRODUCT(('P1'!$M$8:$AV$8=Q$9)*('P1'!$B$11:$B$190=$B69)*('P1'!$M$11:$AV$190*1))} -> 0 | R69: {=SUMPRODUCT(('P1'!$M$8:$AV$8=R$9)*('P1'!$B$11:$B$190=$B69)*('P1'!$M$11:$AV$190*1))} -> 0 | S69: {=SUMPRODUCT(('P1'!$M$8:$AV$8=S$9)*('P1'!$B$11:$B$190=$B69)*('P1'!$M$11:$AV$190*1))} -> 0 | T69: {=SUMPRODUCT(('P1'!$M$8:$AV$8=T$9)*('P1'!$B$11:$B$190=$B69)*('P1'!$M$11:$AV$190*1))} -> 0 | U69: {=SUMPRODUCT(('P1'!$M$8:$AV$8=U$9)*('P1'!$B$11:$B$190=$B69)*('P1'!$M$11:$AV$190*1))} -> 0 | V69: {=SUMPRODUCT(('P1'!$M$8:$AV$8=V$9)*('P1'!$B$11:$B$190=$B69)*('P1'!$M$11:$AV$190*1))} -> 0 | W69: {=SUMPRODUCT(('P1'!$M$8:$AV$8=W$9)*('P1'!$B$11:$B$190=$B69)*('P1'!$M$11:$AV$190*1))} -> 0 | X69: {=SUMPRODUCT(('P1'!$M$8:$AV$8=X$9)*('P1'!$B$11:$B$190=$B69)*('P1'!$M$11:$AV$190*1))} -> 0 | ... AZ69: {=SUMPRODUCT(('P1'!$M$8:$AV$8=AZ$9)*('P1'!$B$11:$B$190=$B69)*('P1'!$M$11:$AV$190*1))} -> 0 | BE69: =SUM(Q69:AZ69) -> 0 | BF69: =IFERROR(BE69/O69,0) -> 0 | BH69: =BB69+BE69 -> 0 | BI69: =IFERROR(BH69/O69,0) -> 0
B70: P11202 | C70: =IFERROR(VLOOKUP($B70,'P1'!$B:$AQ,2,FALSE),0) -> 0 | D70: =IFERROR(VLOOKUP($B70,'P1'!$B:$AQ,3,FALSE),0) -> 0 | E70: =IFERROR(VLOOKUP($B70,'P1'!$B:$AQ,4,FALSE),0) -> 0 | F70: =IFERROR(VLOOKUP($B70,'P1'!$B:$AQ,5,FALSE),0) -> 0 | G70: =IFERROR(VLOOKUP($B70,'P1'!$B:$AQ,6,FALSE),0) -> 0 | H70: =IFERROR(VLOOKUP($B70,'P1'!$B:$AQ,7,FALSE),0) -> 0 | I70: =IFERROR(VLOOKUP($B70,'P1'!$B:$AQ,8,FALSE),0) -> 0 | J70: =IFERROR(VLOOKUP($B70,'P1'!$B:$AQ,9,FALSE),0) -> 0 | L70: =J70*F70*H70*D70 -> 0 | O70: =SUM(K70:N70) -> 0 | Q70: {=SUMPRODUCT(('P1'!$M$8:$AV$8=Q$9)*('P1'!$B$11:$B$190=$B70)*('P1'!$M$11:$AV$190*1))} -> 0 | R70: {=SUMPRODUCT(('P1'!$M$8:$AV$8=R$9)*('P1'!$B$11:$B$190=$B70)*('P1'!$M$11:$AV$190*1))} -> 0 | S70: {=SUMPRODUCT(('P1'!$M$8:$AV$8=S$9)*('P1'!$B$11:$B$190=$B70)*('P1'!$M$11:$AV$190*1))} -> 0 | T70: {=SUMPRODUCT(('P1'!$M$8:$AV$8=T$9)*('P1'!$B$11:$B$190=$B70)*('P1'!$M$11:$AV$190*1))} -> 0 | U70: {=SUMPRODUCT(('P1'!$M$8:$AV$8=U$9)*('P1'!$B$11:$B$190=$B70)*('P1'!$M$11:$AV$190*1))} -> 0 | V70: {=SUMPRODUCT(('P1'!$M$8:$AV$8=V$9)*('P1'!$B$11:$B$190=$B70)*('P1'!$M$11:$AV$190*1))} -> 0 | W70: {=SUMPRODUCT(('P1'!$M$8:$AV$8=W$9)*('P1'!$B$11:$B$190=$B70)*('P1'!$M$11:$AV$190*1))} -> 0 | X70: {=SUMPRODUCT(('P1'!$M$8:$AV$8=X$9)*('P1'!$B$11:$B$190=$B70)*('P1'!$M$11:$AV$190*1))} -> 0 | ... AZ70: {=SUMPRODUCT(('P1'!$M$8:$AV$8=AZ$9)*('P1'!$B$11:$B$190=$B70)*('P1'!$M$11:$AV$190*1))} -> 0 | BE70: =SUM(Q70:AZ70) -> 0 | BF70: =IFERROR(BE70/O70,0) -> 0 | BH70: =BB70+BE70 -> 0 | BI70: =IFERROR(BH70/O70,0) -> 0
B71: P11203 | C71: =IFERROR(VLOOKUP($B71,'P1'!$B:$AQ,2,FALSE),0) -> 0 | D71: =IFERROR(VLOOKUP($B71,'P1'!$B:$AQ,3,FALSE),0) -> 0 | E71: =IFERROR(VLOOKUP($B71,'P1'!$B:$AQ,4,FALSE),0) -> 0 | F71: =IFERROR(VLOOKUP($B71,'P1'!$B:$AQ,5,FALSE),0) -> 0 | G71: =IFERROR(VLOOKUP($B71,'P1'!$B:$AQ,6,FALSE),0) -> 0 | H71: =IFERROR(VLOOKUP($B71,'P1'!$B:$AQ,7,FALSE),0) -> 0 | I71: =IFERROR(VLOOKUP($B71,'P1'!$B:$AQ,8,FALSE),0) -> 0 | J71: =IFERROR(VLOOKUP($B71,'P1'!$B:$AQ,9,FALSE),0) -> 0 | L71: =J71*F71*H71*D71 -> 0 | O71: =SUM(K71:N71) -> 0 | Q71: {=SUMPRODUCT(('P1'!$M$8:$AV$8=Q$9)*('P1'!$B$11:$B$190=$B71)*('P1'!$M$11:$AV$190*1))} -> 0 | R71: {=SUMPRODUCT(('P1'!$M$8:$AV$8=R$9)*('P1'!$B$11:$B$190=$B71)*('P1'!$M$11:$AV$190*1))} -> 0 | S71: {=SUMPRODUCT(('P1'!$M$8:$AV$8=S$9)*('P1'!$B$11:$B$190=$B71)*('P1'!$M$11:$AV$190*1))} -> 0 | T71: {=SUMPRODUCT(('P1'!$M$8:$AV$8=T$9)*('P1'!$B$11:$B$190=$B71)*('P1'!$M$11:$AV$190*1))} -> 0 | U71: {=SUMPRODUCT(('P1'!$M$8:$AV$8=U$9)*('P1'!$B$11:$B$190=$B71)*('P1'!$M$11:$AV$190*1))} -> 0 | V71: {=SUMPRODUCT(('P1'!$M$8:$AV$8=V$9)*('P1'!$B$11:$B$190=$B71)*('P1'!$M$11:$AV$190*1))} -> 0 | W71: {=SUMPRODUCT(('P1'!$M$8:$AV$8=W$9)*('P1'!$B$11:$B$190=$B71)*('P1'!$M$11:$AV$190*1))} -> 0 | X71: {=SUMPRODUCT(('P1'!$M$8:$AV$8=X$9)*('P1'!$B$11:$B$190=$B71)*('P1'!$M$11:$AV$190*1))} -> 0 | ... AZ71: {=SUMPRODUCT(('P1'!$M$8:$AV$8=AZ$9)*('P1'!$B$11:$B$190=$B71)*('P1'!$M$11:$AV$190*1))} -> 0 | BE71: =SUM(Q71:AZ71) -> 0 | BF71: =IFERROR(BE71/O71,0) -> 0 | BH71: =BB71+BE71 -> 0 | BI71: =IFERROR(BH71/O71,0) -> 0
B72: P11204 | C72: =IFERROR(VLOOKUP($B72,'P1'!$B:$AQ,2,FALSE),0) -> 0 | D72: =IFERROR(VLOOKUP($B72,'P1'!$B:$AQ,3,FALSE),0) -> 0 | E72: =IFERROR(VLOOKUP($B72,'P1'!$B:$AQ,4,FALSE),0) -> 0 | F72: =IFERROR(VLOOKUP($B72,'P1'!$B:$AQ,5,FALSE),0) -> 0 | G72: =IFERROR(VLOOKUP($B72,'P1'!$B:$AQ,6,FALSE),0) -> 0 | H72: =IFERROR(VLOOKUP($B72,'P1'!$B:$AQ,7,FALSE),0) -> 0 | I72: =IFERROR(VLOOKUP($B72,'P1'!$B:$AQ,8,FALSE),0) -> 0 | J72: =IFERROR(VLOOKUP($B72,'P1'!$B:$AQ,9,FALSE),0) -> 0 | L72: =J72*F72*H72*D72 -> 0 | O72: =SUM(K72:N72) -> 0 | Q72: {=SUMPRODUCT(('P1'!$M$8:$AV$8=Q$9)*('P1'!$B$11:$B$190=$B72)*('P1'!$M$11:$AV$190*1))} -> 0 | R72: {=SUMPRODUCT(('P1'!$M$8:$AV$8=R$9)*('P1'!$B$11:$B$190=$B72)*('P1'!$M$11:$AV$190*1))} -> 0 | S72: {=SUMPRODUCT(('P1'!$M$8:$AV$8=S$9)*('P1'!$B$11:$B$190=$B72)*('P1'!$M$11:$AV$190*1))} -> 0 | T72: {=SUMPRODUCT(('P1'!$M$8:$AV$8=T$9)*('P1'!$B$11:$B$190=$B72)*('P1'!$M$11:$AV$190*1))} -> 0 | U72: {=SUMPRODUCT(('P1'!$M$8:$AV$8=U$9)*('P1'!$B$11:$B$190=$B72)*('P1'!$M$11:$AV$190*1))} -> 0 | V72: {=SUMPRODUCT(('P1'!$M$8:$AV$8=V$9)*('P1'!$B$11:$B$190=$B72)*('P1'!$M$11:$AV$190*1))} -> 0 | W72: {=SUMPRODUCT(('P1'!$M$8:$AV$8=W$9)*('P1'!$B$11:$B$190=$B72)*('P1'!$M$11:$AV$190*1))} -> 0 | X72: {=SUMPRODUCT(('P1'!$M$8:$AV$8=X$9)*('P1'!$B$11:$B$190=$B72)*('P1'!$M$11:$AV$190*1))} -> 0 | ... AZ72: {=SUMPRODUCT(('P1'!$M$8:$AV$8=AZ$9)*('P1'!$B$11:$B$190=$B72)*('P1'!$M$11:$AV$190*1))} -> 0 | BE72: =SUM(Q72:AZ72) -> 0 | BF72: =IFERROR(BE72/O72,0) -> 0 | BH72: =BB72+BE72 -> 0 | BI72: =IFERROR(BH72/O72,0) -> 0
B73: P11205 | C73: =IFERROR(VLOOKUP($B73,'P1'!$B:$AQ,2,FALSE),0) -> 0 | D73: =IFERROR(VLOOKUP($B73,'P1'!$B:$AQ,3,FALSE),0) -> 0 | E73: =IFERROR(VLOOKUP($B73,'P1'!$B:$AQ,4,FALSE),0) -> 0 | F73: =IFERROR(VLOOKUP($B73,'P1'!$B:$AQ,5,FALSE),0) -> 0 | G73: =IFERROR(VLOOKUP($B73,'P1'!$B:$AQ,6,FALSE),0) -> 0 | H73: =IFERROR(VLOOKUP($B73,'P1'!$B:$AQ,7,FALSE),0) -> 0 | I73: =IFERROR(VLOOKUP($B73,'P1'!$B:$AQ,8,FALSE),0) -> 0 | J73: =IFERROR(VLOOKUP($B73,'P1'!$B:$AQ,9,FALSE),0) -> 0 | L73: =J73*F73*H73*D73 -> 0 | O73: =SUM(K73:N73) -> 0 | Q73: {=SUMPRODUCT(('P1'!$M$8:$AV$8=Q$9)*('P1'!$B$11:$B$190=$B73)*('P1'!$M$11:$AV$190*1))} -> 0 | R73: {=SUMPRODUCT(('P1'!$M$8:$AV$8=R$9)*('P1'!$B$11:$B$190=$B73)*('P1'!$M$11:$AV$190*1))} -> 0 | S73: {=SUMPRODUCT(('P1'!$M$8:$AV$8=S$9)*('P1'!$B$11:$B$190=$B73)*('P1'!$M$11:$AV$190*1))} -> 0 | T73: {=SUMPRODUCT(('P1'!$M$8:$AV$8=T$9)*('P1'!$B$11:$B$190=$B73)*('P1'!$M$11:$AV$190*1))} -> 0 | U73: {=SUMPRODUCT(('P1'!$M$8:$AV$8=U$9)*('P1'!$B$11:$B$190=$B73)*('P1'!$M$11:$AV$190*1))} -> 0 | V73: {=SUMPRODUCT(('P1'!$M$8:$AV$8=V$9)*('P1'!$B$11:$B$190=$B73)*('P1'!$M$11:$AV$190*1))} -> 0 | W73: {=SUMPRODUCT(('P1'!$M$8:$AV$8=W$9)*('P1'!$B$11:$B$190=$B73)*('P1'!$M$11:$AV$190*1))} -> 0 | X73: {=SUMPRODUCT(('P1'!$M$8:$AV$8=X$9)*('P1'!$B$11:$B$190=$B73)*('P1'!$M$11:$AV$190*1))} -> 0 | ... AZ73: {=SUMPRODUCT(('P1'!$M$8:$AV$8=AZ$9)*('P1'!$B$11:$B$190=$B73)*('P1'!$M$11:$AV$190*1))} -> 0 | BE73: =SUM(Q73:AZ73) -> 0 | BF73: =IFERROR(BE73/O73,0) -> 0 | BH73: =BB73+BE73 -> 0 | BI73: =IFERROR(BH73/O73,0) -> 0
B74: P11206 | C74: =IFERROR(VLOOKUP($B74,'P1'!$B:$AQ,2,FALSE),0) -> 0 | D74: =IFERROR(VLOOKUP($B74,'P1'!$B:$AQ,3,FALSE),0) -> 0 | E74: =IFERROR(VLOOKUP($B74,'P1'!$B:$AQ,4,FALSE),0) -> 0 | F74: =IFERROR(VLOOKUP($B74,'P1'!$B:$AQ,5,FALSE),0) -> 0 | G74: =IFERROR(VLOOKUP($B74,'P1'!$B:$AQ,6,FALSE),0) -> 0 | H74: =IFERROR(VLOOKUP($B74,'P1'!$B:$AQ,7,FALSE),0) -> 0 | I74: =IFERROR(VLOOKUP($B74,'P1'!$B:$AQ,8,FALSE),0) -> 0 | J74: =IFERROR(VLOOKUP($B74,'P1'!$B:$AQ,9,FALSE),0) -> 0 | L74: =J74*F74*H74*D74 -> 0 | O74: =SUM(K74:N74) -> 0 | Q74: {=SUMPRODUCT(('P1'!$M$8:$AV$8=Q$9)*('P1'!$B$11:$B$190=$B74)*('P1'!$M$11:$AV$190*1))} -> 0 | R74: {=SUMPRODUCT(('P1'!$M$8:$AV$8=R$9)*('P1'!$B$11:$B$190=$B74)*('P1'!$M$11:$AV$190*1))} -> 0 | S74: {=SUMPRODUCT(('P1'!$M$8:$AV$8=S$9)*('P1'!$B$11:$B$190=$B74)*('P1'!$M$11:$AV$190*1))} -> 0 | T74: {=SUMPRODUCT(('P1'!$M$8:$AV$8=T$9)*('P1'!$B$11:$B$190=$B74)*('P1'!$M$11:$AV$190*1))} -> 0 | U74: {=SUMPRODUCT(('P1'!$M$8:$AV$8=U$9)*('P1'!$B$11:$B$190=$B74)*('P1'!$M$11:$AV$190*1))} -> 0 | V74: {=SUMPRODUCT(('P1'!$M$8:$AV$8=V$9)*('P1'!$B$11:$B$190=$B74)*('P1'!$M$11:$AV$190*1))} -> 0 | W74: {=SUMPRODUCT(('P1'!$M$8:$AV$8=W$9)*('P1'!$B$11:$B$190=$B74)*('P1'!$M$11:$AV$190*1))} -> 0 | X74: {=SUMPRODUCT(('P1'!$M$8:$AV$8=X$9)*('P1'!$B$11:$B$190=$B74)*('P1'!$M$11:$AV$190*1))} -> 0 | ... AZ74: {=SUMPRODUCT(('P1'!$M$8:$AV$8=AZ$9)*('P1'!$B$11:$B$190=$B74)*('P1'!$M$11:$AV$190*1))} -> 0 | BE74: =SUM(Q74:AZ74) -> 0 | BF74: =IFERROR(BE74/O74,0) -> 0 | BH74: =BB74+BE74 -> 0 | BI74: =IFERROR(BH74/O74,0) -> 0
B75: P11207 | C75: =IFERROR(VLOOKUP($B75,'P1'!$B:$AQ,2,FALSE),0) -> 0 | D75: =IFERROR(VLOOKUP($B75,'P1'!$B:$AQ,3,FALSE),0) -> 0 | E75: =IFERROR(VLOOKUP($B75,'P1'!$B:$AQ,4,FALSE),0) -> 0 | F75: =IFERROR(VLOOKUP($B75,'P1'!$B:$AQ,5,FALSE),0) -> 0 | G75: =IFERROR(VLOOKUP($B75,'P1'!$B:$AQ,6,FALSE),0) -> 0 | H75: =IFERROR(VLOOKUP($B75,'P1'!$B:$AQ,7,FALSE),0) -> 0 | I75: =IFERROR(VLOOKUP($B75,'P1'!$B:$AQ,8,FALSE),0) -> 0 | J75: =IFERROR(VLOOKUP($B75,'P1'!$B:$AQ,9,FALSE),0) -> 0 | L75: =J75*F75*H75*D75 -> 0 | O75: =SUM(K75:N75) -> 0 | Q75: {=SUMPRODUCT(('P1'!$M$8:$AV$8=Q$9)*('P1'!$B$11:$B$190=$B75)*('P1'!$M$11:$AV$190*1))} -> 0 | R75: {=SUMPRODUCT(('P1'!$M$8:$AV$8=R$9)*('P1'!$B$11:$B$190=$B75)*('P1'!$M$11:$AV$190*1))} -> 0 | S75: {=SUMPRODUCT(('P1'!$M$8:$AV$8=S$9)*('P1'!$B$11:$B$190=$B75)*('P1'!$M$11:$AV$190*1))} -> 0 | T75: {=SUMPRODUCT(('P1'!$M$8:$AV$8=T$9)*('P1'!$B$11:$B$190=$B75)*('P1'!$M$11:$AV$190*1))} -> 0 | U75: {=SUMPRODUCT(('P1'!$M$8:$AV$8=U$9)*('P1'!$B$11:$B$190=$B75)*('P1'!$M$11:$AV$190*1))} -> 0 | V75: {=SUMPRODUCT(('P1'!$M$8:$AV$8=V$9)*('P1'!$B$11:$B$190=$B75)*('P1'!$M$11:$AV$190*1))} -> 0 | W75: {=SUMPRODUCT(('P1'!$M$8:$AV$8=W$9)*('P1'!$B$11:$B$190=$B75)*('P1'!$M$11:$AV$190*1))} -> 0 | X75: {=SUMPRODUCT(('P1'!$M$8:$AV$8=X$9)*('P1'!$B$11:$B$190=$B75)*('P1'!$M$11:$AV$190*1))} -> 0 | ... AZ75: {=SUMPRODUCT(('P1'!$M$8:$AV$8=AZ$9)*('P1'!$B$11:$B$190=$B75)*('P1'!$M$11:$AV$190*1))} -> 0 | BE75: =SUM(Q75:AZ75) -> 0 | BF75: =IFERROR(BE75/O75,0) -> 0 | BH75: =BB75+BE75 -> 0 | BI75: =IFERROR(BH75/O75,0) -> 0
B76: P11208 | C76: =IFERROR(VLOOKUP($B76,'P1'!$B:$AQ,2,FALSE),0) -> 0 | D76: =IFERROR(VLOOKUP($B76,'P1'!$B:$AQ,3,FALSE),0) -> 0 | E76: =IFERROR(VLOOKUP($B76,'P1'!$B:$AQ,4,FALSE),0) -> 0 | F76: =IFERROR(VLOOKUP($B76,'P1'!$B:$AQ,5,FALSE),0) -> 0 | G76: =IFERROR(VLOOKUP($B76,'P1'!$B:$AQ,6,FALSE),0) -> 0 | H76: =IFERROR(VLOOKUP($B76,'P1'!$B:$AQ,7,FALSE),0) -> 0 | I76: =IFERROR(VLOOKUP($B76,'P1'!$B:$AQ,8,FALSE),0) -> 0 | J76: =IFERROR(VLOOKUP($B76,'P1'!$B:$AQ,9,FALSE),0) -> 0 | L76: =J76*F76*H76*D76 -> 0 | O76: =SUM(K76:N76) -> 0 | Q76: {=SUMPRODUCT(('P1'!$M$8:$AV$8=Q$9)*('P1'!$B$11:$B$190=$B76)*('P1'!$M$11:$AV$190*1))} -> 0 | R76: {=SUMPRODUCT(('P1'!$M$8:$AV$8=R$9)*('P1'!$B$11:$B$190=$B76)*('P1'!$M$11:$AV$190*1))} -> 0 | S76: {=SUMPRODUCT(('P1'!$M$8:$AV$8=S$9)*('P1'!$B$11:$B$190=$B76)*('P1'!$M$11:$AV$190*1))} -> 0 | T76: {=SUMPRODUCT(('P1'!$M$8:$AV$8=T$9)*('P1'!$B$11:$B$190=$B76)*('P1'!$M$11:$AV$190*1))} -> 0 | U76: {=SUMPRODUCT(('P1'!$M$8:$AV$8=U$9)*('P1'!$B$11:$B$190=$B76)*('P1'!$M$11:$AV$190*1))} -> 0 | V76: {=SUMPRODUCT(('P1'!$M$8:$AV$8=V$9)*('P1'!$B$11:$B$190=$B76)*('P1'!$M$11:$AV$190*1))} -> 0 | W76: {=SUMPRODUCT(('P1'!$M$8:$AV$8=W$9)*('P1'!$B$11:$B$190=$B76)*('P1'!$M$11:$AV$190*1))} -> 0 | X76: {=SUMPRODUCT(('P1'!$M$8:$AV$8=X$9)*('P1'!$B$11:$B$190=$B76)*('P1'!$M$11:$AV$190*1))} -> 0 | ... AZ76: {=SUMPRODUCT(('P1'!$M$8:$AV$8=AZ$9)*('P1'!$B$11:$B$190=$B76)*('P1'!$M$11:$AV$190*1))} -> 0 | BE76: =SUM(Q76:AZ76) -> 0 | BF76: =IFERROR(BE76/O76,0) -> 0 | BH76: =BB76+BE76 -> 0 | BI76: =IFERROR(BH76/O76,0) -> 0
B77: P11209 | C77: =IFERROR(VLOOKUP($B77,'P1'!$B:$AQ,2,FALSE),0) -> 0 | D77: =IFERROR(VLOOKUP($B77,'P1'!$B:$AQ,3,FALSE),0) -> 0 | E77: =IFERROR(VLOOKUP($B77,'P1'!$B:$AQ,4,FALSE),0) -> 0 | F77: =IFERROR(VLOOKUP($B77,'P1'!$B:$AQ,5,FALSE),0) -> 0 | G77: =IFERROR(VLOOKUP($B77,'P1'!$B:$AQ,6,FALSE),0) -> 0 | H77: =IFERROR(VLOOKUP($B77,'P1'!$B:$AQ,7,FALSE),0) -> 0 | I77: =IFERROR(VLOOKUP($B77,'P1'!$B:$AQ,8,FALSE),0) -> 0 | J77: =IFERROR(VLOOKUP($B77,'P1'!$B:$AQ,9,FALSE),0) -> 0 | L77: =J77*F77*H77*D77 -> 0 | O77: =SUM(K77:N77) -> 0 | Q77: {=SUMPRODUCT(('P1'!$M$8:$AV$8=Q$9)*('P1'!$B$11:$B$190=$B77)*('P1'!$M$11:$AV$190*1))} -> 0 | R77: {=SUMPRODUCT(('P1'!$M$8:$AV$8=R$9)*('P1'!$B$11:$B$190=$B77)*('P1'!$M$11:$AV$190*1))} -> 0 | S77: {=SUMPRODUCT(('P1'!$M$8:$AV$8=S$9)*('P1'!$B$11:$B$190=$B77)*('P1'!$M$11:$AV$190*1))} -> 0 | T77: {=SUMPRODUCT(('P1'!$M$8:$AV$8=T$9)*('P1'!$B$11:$B$190=$B77)*('P1'!$M$11:$AV$190*1))} -> 0 | U77: {=SUMPRODUCT(('P1'!$M$8:$AV$8=U$9)*('P1'!$B$11:$B$190=$B77)*('P1'!$M$11:$AV$190*1))} -> 0 | V77: {=SUMPRODUCT(('P1'!$M$8:$AV$8=V$9)*('P1'!$B$11:$B$190=$B77)*('P1'!$M$11:$AV$190*1))} -> 0 | W77: {=SUMPRODUCT(('P1'!$M$8:$AV$8=W$9)*('P1'!$B$11:$B$190=$B77)*('P1'!$M$11:$AV$190*1))} -> 0 | X77: {=SUMPRODUCT(('P1'!$M$8:$AV$8=X$9)*('P1'!$B$11:$B$190=$B77)*('P1'!$M$11:$AV$190*1))} -> 0 | ... AZ77: {=SUMPRODUCT(('P1'!$M$8:$AV$8=AZ$9)*('P1'!$B$11:$B$190=$B77)*('P1'!$M$11:$AV$190*1))} -> 0 | BE77: =SUM(Q77:AZ77) -> 0 | BF77: =IFERROR(BE77/O77,0) -> 0 | BH77: =BB77+BE77 -> 0 | BI77: =IFERROR(BH77/O77,0) -> 0
B78: P11210 | C78: =IFERROR(VLOOKUP($B78,'P1'!$B:$AQ,2,FALSE),0) -> 0 | D78: =IFERROR(VLOOKUP($B78,'P1'!$B:$AQ,3,FALSE),0) -> 0 | E78: =IFERROR(VLOOKUP($B78,'P1'!$B:$AQ,4,FALSE),0) -> 0 | F78: =IFERROR(VLOOKUP($B78,'P1'!$B:$AQ,5,FALSE),0) -> 0 | G78: =IFERROR(VLOOKUP($B78,'P1'!$B:$AQ,6,FALSE),0) -> 0 | H78: =IFERROR(VLOOKUP($B78,'P1'!$B:$AQ,7,FALSE),0) -> 0 | I78: =IFERROR(VLOOKUP($B78,'P1'!$B:$AQ,8,FALSE),0) -> 0 | J78: =IFERROR(VLOOKUP($B78,'P1'!$B:$AQ,9,FALSE),0) -> 0 | L78: =J78*F78*H78*D78 -> 0 | O78: =SUM(K78:N78) -> 0 | Q78: {=SUMPRODUCT(('P1'!$M$8:$AV$8=Q$9)*('P1'!$B$11:$B$190=$B78)*('P1'!$M$11:$AV$190*1))} -> 0 | R78: {=SUMPRODUCT(('P1'!$M$8:$AV$8=R$9)*('P1'!$B$11:$B$190=$B78)*('P1'!$M$11:$AV$190*1))} -> 0 | S78: {=SUMPRODUCT(('P1'!$M$8:$AV$8=S$9)*('P1'!$B$11:$B$190=$B78)*('P1'!$M$11:$AV$190*1))} -> 0 | T78: {=SUMPRODUCT(('P1'!$M$8:$AV$8=T$9)*('P1'!$B$11:$B$190=$B78)*('P1'!$M$11:$AV$190*1))} -> 0 | U78: {=SUMPRODUCT(('P1'!$M$8:$AV$8=U$9)*('P1'!$B$11:$B$190=$B78)*('P1'!$M$11:$AV$190*1))} -> 0 | V78: {=SUMPRODUCT(('P1'!$M$8:$AV$8=V$9)*('P1'!$B$11:$B$190=$B78)*('P1'!$M$11:$AV$190*1))} -> 0 | W78: {=SUMPRODUCT(('P1'!$M$8:$AV$8=W$9)*('P1'!$B$11:$B$190=$B78)*('P1'!$M$11:$AV$190*1))} -> 0 | X78: {=SUMPRODUCT(('P1'!$M$8:$AV$8=X$9)*('P1'!$B$11:$B$190=$B78)*('P1'!$M$11:$AV$190*1))} -> 0 | ... AZ78: {=SUMPRODUCT(('P1'!$M$8:$AV$8=AZ$9)*('P1'!$B$11:$B$190=$B78)*('P1'!$M$11:$AV$190*1))} -> 0 | BE78: =SUM(Q78:AZ78) -> 0 | BF78: =IFERROR(BE78/O78,0) -> 0 | BH78: =BB78+BE78 -> 0 | BI78: =IFERROR(BH78/O78,0) -> 0
C79: =B4 -> P2 | M79: =SUM(M80:M89) -> 0 | O79: =SUM(O80:O89) -> 0 | Q79: =SUM(Q80:Q89) -> 0 | R79: =SUM(R80:R89) -> 0 | S79: =SUM(S80:S89) -> 0 | T79: =SUM(T80:T89) -> 0 | U79: =SUM(U80:U89) -> 0 | V79: =SUM(V80:V89) -> 0 | W79: =SUM(W80:W89) -> 0 | X79: =SUM(X80:X89) -> 0 | ... AZ79: =SUM(AZ80:AZ89) -> 0 | BB79: =SUM(BB80:BB89) -> 0 | BE79: =SUM(BE80:BE89) -> 0 | BF79: =IFERROR(BE79/O79,0) -> 0 | BH79: =SUM(BH80:BH89) -> 0 | BI79: =IFERROR(BH79/O79,0) -> 0
B80: P21201 | C80: =IFERROR(VLOOKUP($B80,'P2'!$B:$AQ,2,FALSE),0) -> 0 | D80: =IFERROR(VLOOKUP($B80,'P2'!$B:$AQ,3,FALSE),0) -> 0 | E80: =IFERROR(VLOOKUP($B80,'P2'!$B:$AQ,4,FALSE),0) -> 0 | F80: =IFERROR(VLOOKUP($B80,'P2'!$B:$AQ,5,FALSE),0) -> 0 | G80: =IFERROR(VLOOKUP($B80,'P2'!$B:$AQ,6,FALSE),0) -> 0 | H80: =IFERROR(VLOOKUP($B80,'P2'!$B:$AQ,7,FALSE),0) -> 0 | I80: =IFERROR(VLOOKUP($B80,'P2'!$B:$AQ,8,FALSE),0) -> 0 | J80: =IFERROR(VLOOKUP($B80,'P2'!$B:$AQ,9,FALSE),0) -> 0 | M80: =D80*F80*H80*J80 -> 0 | O80: =SUM(K80:N80) -> 0 | Q80: {=SUMPRODUCT(('P2'!$M$8:$AV$8=Q$9)*('P2'!$B$11:$B$190=$B80)*('P2'!$M$11:$AV$190*1))} -> 0 | R80: {=SUMPRODUCT(('P2'!$M$8:$AV$8=R$9)*('P2'!$B$11:$B$190=$B80)*('P2'!$M$11:$AV$190*1))} -> 0 | S80: {=SUMPRODUCT(('P2'!$M$8:$AV$8=S$9)*('P2'!$B$11:$B$190=$B80)*('P2'!$M$11:$AV$190*1))} -> 0 | T80: {=SUMPRODUCT(('P2'!$M$8:$AV$8=T$9)*('P2'!$B$11:$B$190=$B80)*('P2'!$M$11:$AV$190*1))} -> 0 | U80: {=SUMPRODUCT(('P2'!$M$8:$AV$8=U$9)*('P2'!$B$11:$B$190=$B80)*('P2'!$M$11:$AV$190*1))} -> 0 | V80: {=SUMPRODUCT(('P2'!$M$8:$AV$8=V$9)*('P2'!$B$11:$B$190=$B80)*('P2'!$M$11:$AV$190*1))} -> 0 | W80: {=SUMPRODUCT(('P2'!$M$8:$AV$8=W$9)*('P2'!$B$11:$B$190=$B80)*('P2'!$M$11:$AV$190*1))} -> 0 | X80: {=SUMPRODUCT(('P2'!$M$8:$AV$8=X$9)*('P2'!$B$11:$B$190=$B80)*('P2'!$M$11:$AV$190*1))} -> 0 | ... AZ80: {=SUMPRODUCT(('P2'!$M$8:$AV$8=AZ$9)*('P2'!$B$11:$B$190=$B80)*('P2'!$M$11:$AV$190*1))} -> 0 | BE80: =SUM(Q80:AZ80) -> 0 | BF80: =IFERROR(BE80/O80,0) -> 0 | BH80: =BB80+BE80 -> 0 | BI80: =IFERROR(BH80/O80,0) -> 0
B81: P21202 | C81: =IFERROR(VLOOKUP($B81,'P2'!$B:$AQ,2,FALSE),0) -> 0 | D81: =IFERROR(VLOOKUP($B81,'P2'!$B:$AQ,3,FALSE),0) -> 0 | E81: =IFERROR(VLOOKUP($B81,'P2'!$B:$AQ,4,FALSE),0) -> 0 | F81: =IFERROR(VLOOKUP($B81,'P2'!$B:$AQ,5,FALSE),0) -> 0 | G81: =IFERROR(VLOOKUP($B81,'P2'!$B:$AQ,6,FALSE),0) -> 0 | H81: =IFERROR(VLOOKUP($B81,'P2'!$B:$AQ,7,FALSE),0) -> 0 | I81: =IFERROR(VLOOKUP($B81,'P2'!$B:$AQ,8,FALSE),0) -> 0 | J81: =IFERROR(VLOOKUP($B81,'P2'!$B:$AQ,9,FALSE),0) -> 0 | M81: =D81*F81*H81*J81 -> 0 | O81: =SUM(K81:N81) -> 0 | Q81: {=SUMPRODUCT(('P2'!$M$8:$AV$8=Q$9)*('P2'!$B$11:$B$190=$B81)*('P2'!$M$11:$AV$190*1))} -> 0 | R81: {=SUMPRODUCT(('P2'!$M$8:$AV$8=R$9)*('P2'!$B$11:$B$190=$B81)*('P2'!$M$11:$AV$190*1))} -> 0 | S81: {=SUMPRODUCT(('P2'!$M$8:$AV$8=S$9)*('P2'!$B$11:$B$190=$B81)*('P2'!$M$11:$AV$190*1))} -> 0 | T81: {=SUMPRODUCT(('P2'!$M$8:$AV$8=T$9)*('P2'!$B$11:$B$190=$B81)*('P2'!$M$11:$AV$190*1))} -> 0 | U81: {=SUMPRODUCT(('P2'!$M$8:$AV$8=U$9)*('P2'!$B$11:$B$190=$B81)*('P2'!$M$11:$AV$190*1))} -> 0 | V81: {=SUMPRODUCT(('P2'!$M$8:$AV$8=V$9)*('P2'!$B$11:$B$190=$B81)*('P2'!$M$11:$AV$190*1))} -> 0 | W81: {=SUMPRODUCT(('P2'!$M$8:$AV$8=W$9)*('P2'!$B$11:$B$190=$B81)*('P2'!$M$11:$AV$190*1))} -> 0 | X81: {=SUMPRODUCT(('P2'!$M$8:$AV$8=X$9)*('P2'!$B$11:$B$190=$B81)*('P2'!$M$11:$AV$190*1))} -> 0 | ... AZ81: {=SUMPRODUCT(('P2'!$M$8:$AV$8=AZ$9)*('P2'!$B$11:$B$190=$B81)*('P2'!$M$11:$AV$190*1))} -> 0 | BE81: =SUM(Q81:AZ81) -> 0 | BF81: =IFERROR(BE81/O81,0) -> 0 | BH81: =BB81+BE81 -> 0 | BI81: =IFERROR(BH81/O81,0) -> 0
B82: P21203 | C82: =IFERROR(VLOOKUP($B82,'P2'!$B:$AQ,2,FALSE),0) -> 0 | D82: =IFERROR(VLOOKUP($B82,'P2'!$B:$AQ,3,FALSE),0) -> 0 | E82: =IFERROR(VLOOKUP($B82,'P2'!$B:$AQ,4,FALSE),0) -> 0 | F82: =IFERROR(VLOOKUP($B82,'P2'!$B:$AQ,5,FALSE),0) -> 0 | G82: =IFERROR(VLOOKUP($B82,'P2'!$B:$AQ,6,FALSE),0) -> 0 | H82: =IFERROR(VLOOKUP($B82,'P2'!$B:$AQ,7,FALSE),0) -> 0 | I82: =IFERROR(VLOOKUP($B82,'P2'!$B:$AQ,8,FALSE),0) -> 0 | J82: =IFERROR(VLOOKUP($B82,'P2'!$B:$AQ,9,FALSE),0) -> 0 | M82: =D82*F82*H82*J82 -> 0 | O82: =SUM(K82:N82) -> 0 | Q82: {=SUMPRODUCT(('P2'!$M$8:$AV$8=Q$9)*('P2'!$B$11:$B$190=$B82)*('P2'!$M$11:$AV$190*1))} -> 0 | R82: {=SUMPRODUCT(('P2'!$M$8:$AV$8=R$9)*('P2'!$B$11:$B$190=$B82)*('P2'!$M$11:$AV$190*1))} -> 0 | S82: {=SUMPRODUCT(('P2'!$M$8:$AV$8=S$9)*('P2'!$B$11:$B$190=$B82)*('P2'!$M$11:$AV$190*1))} -> 0 | T82: {=SUMPRODUCT(('P2'!$M$8:$AV$8=T$9)*('P2'!$B$11:$B$190=$B82)*('P2'!$M$11:$AV$190*1))} -> 0 | U82: {=SUMPRODUCT(('P2'!$M$8:$AV$8=U$9)*('P2'!$B$11:$B$190=$B82)*('P2'!$M$11:$AV$190*1))} -> 0 | V82: {=SUMPRODUCT(('P2'!$M$8:$AV$8=V$9)*('P2'!$B$11:$B$190=$B82)*('P2'!$M$11:$AV$190*1))} -> 0 | W82: {=SUMPRODUCT(('P2'!$M$8:$AV$8=W$9)*('P2'!$B$11:$B$190=$B82)*('P2'!$M$11:$AV$190*1))} -> 0 | X82: {=SUMPRODUCT(('P2'!$M$8:$AV$8=X$9)*('P2'!$B$11:$B$190=$B82)*('P2'!$M$11:$AV$190*1))} -> 0 | ... AZ82: {=SUMPRODUCT(('P2'!$M$8:$AV$8=AZ$9)*('P2'!$B$11:$B$190=$B82)*('P2'!$M$11:$AV$190*1))} -> 0 | BE82: =SUM(Q82:AZ82) -> 0 | BF82: =IFERROR(BE82/O82,0) -> 0 | BH82: =BB82+BE82 -> 0 | BI82: =IFERROR(BH82/O82,0) -> 0
B83: P21204 | C83: =IFERROR(VLOOKUP($B83,'P2'!$B:$AQ,2,FALSE),0) -> 0 | D83: =IFERROR(VLOOKUP($B83,'P2'!$B:$AQ,3,FALSE),0) -> 0 | E83: =IFERROR(VLOOKUP($B83,'P2'!$B:$AQ,4,FALSE),0) -> 0 | F83: =IFERROR(VLOOKUP($B83,'P2'!$B:$AQ,5,FALSE),0) -> 0 | G83: =IFERROR(VLOOKUP($B83,'P2'!$B:$AQ,6,FALSE),0) -> 0 | H83: =IFERROR(VLOOKUP($B83,'P2'!$B:$AQ,7,FALSE),0) -> 0 | I83: =IFERROR(VLOOKUP($B83,'P2'!$B:$AQ,8,FALSE),0) -> 0 | J83: =IFERROR(VLOOKUP($B83,'P2'!$B:$AQ,9,FALSE),0) -> 0 | M83: =D83*F83*H83*J83 -> 0 | O83: =SUM(K83:N83) -> 0 | Q83: {=SUMPRODUCT(('P2'!$M$8:$AV$8=Q$9)*('P2'!$B$11:$B$190=$B83)*('P2'!$M$11:$AV$190*1))} -> 0 | R83: {=SUMPRODUCT(('P2'!$M$8:$AV$8=R$9)*('P2'!$B$11:$B$190=$B83)*('P2'!$M$11:$AV$190*1))} -> 0 | S83: {=SUMPRODUCT(('P2'!$M$8:$AV$8=S$9)*('P2'!$B$11:$B$190=$B83)*('P2'!$M$11:$AV$190*1))} -> 0 | T83: {=SUMPRODUCT(('P2'!$M$8:$AV$8=T$9)*('P2'!$B$11:$B$190=$B83)*('P2'!$M$11:$AV$190*1))} -> 0 | U83: {=SUMPRODUCT(('P2'!$M$8:$AV$8=U$9)*('P2'!$B$11:$B$190=$B83)*('P2'!$M$11:$AV$190*1))} -> 0 | V83: {=SUMPRODUCT(('P2'!$M$8:$AV$8=V$9)*('P2'!$B$11:$B$190=$B83)*('P2'!$M$11:$AV$190*1))} -> 0 | W83: {=SUMPRODUCT(('P2'!$M$8:$AV$8=W$9)*('P2'!$B$11:$B$190=$B83)*('P2'!$M$11:$AV$190*1))} -> 0 | X83: {=SUMPRODUCT(('P2'!$M$8:$AV$8=X$9)*('P2'!$B$11:$B$190=$B83)*('P2'!$M$11:$AV$190*1))} -> 0 | ... AZ83: {=SUMPRODUCT(('P2'!$M$8:$AV$8=AZ$9)*('P2'!$B$11:$B$190=$B83)*('P2'!$M$11:$AV$190*1))} -> 0 | BE83: =SUM(Q83:AZ83) -> 0 | BF83: =IFERROR(BE83/O83,0) -> 0 | BH83: =BB83+BE83 -> 0 | BI83: =IFERROR(BH83/O83,0) -> 0
B84: P21205 | C84: =IFERROR(VLOOKUP($B84,'P2'!$B:$AQ,2,FALSE),0) -> 0 | D84: =IFERROR(VLOOKUP($B84,'P2'!$B:$AQ,3,FALSE),0) -> 0 | E84: =IFERROR(VLOOKUP($B84,'P2'!$B:$AQ,4,FALSE),0) -> 0 | F84: =IFERROR(VLOOKUP($B84,'P2'!$B:$AQ,5,FALSE),0) -> 0 | G84: =IFERROR(VLOOKUP($B84,'P2'!$B:$AQ,6,FALSE),0) -> 0 | H84: =IFERROR(VLOOKUP($B84,'P2'!$B:$AQ,7,FALSE),0) -> 0 | I84: =IFERROR(VLOOKUP($B84,'P2'!$B:$AQ,8,FALSE),0) -> 0 | J84: =IFERROR(VLOOKUP($B84,'P2'!$B:$AQ,9,FALSE),0) -> 0 | M84: =D84*F84*H84*J84 -> 0 | O84: =SUM(K84:N84) -> 0 | Q84: {=SUMPRODUCT(('P2'!$M$8:$AV$8=Q$9)*('P2'!$B$11:$B$190=$B84)*('P2'!$M$11:$AV$190*1))} -> 0 | R84: {=SUMPRODUCT(('P2'!$M$8:$AV$8=R$9)*('P2'!$B$11:$B$190=$B84)*('P2'!$M$11:$AV$190*1))} -> 0 | S84: {=SUMPRODUCT(('P2'!$M$8:$AV$8=S$9)*('P2'!$B$11:$B$190=$B84)*('P2'!$M$11:$AV$190*1))} -> 0 | T84: {=SUMPRODUCT(('P2'!$M$8:$AV$8=T$9)*('P2'!$B$11:$B$190=$B84)*('P2'!$M$11:$AV$190*1))} -> 0 | U84: {=SUMPRODUCT(('P2'!$M$8:$AV$8=U$9)*('P2'!$B$11:$B$190=$B84)*('P2'!$M$11:$AV$190*1))} -> 0 | V84: {=SUMPRODUCT(('P2'!$M$8:$AV$8=V$9)*('P2'!$B$11:$B$190=$B84)*('P2'!$M$11:$AV$190*1))} -> 0 | W84: {=SUMPRODUCT(('P2'!$M$8:$AV$8=W$9)*('P2'!$B$11:$B$190=$B84)*('P2'!$M$11:$AV$190*1))} -> 0 | X84: {=SUMPRODUCT(('P2'!$M$8:$AV$8=X$9)*('P2'!$B$11:$B$190=$B84)*('P2'!$M$11:$AV$190*1))} -> 0 | ... AZ84: {=SUMPRODUCT(('P2'!$M$8:$AV$8=AZ$9)*('P2'!$B$11:$B$190=$B84)*('P2'!$M$11:$AV$190*1))} -> 0 | BE84: =SUM(Q84:AZ84) -> 0 | BF84: =IFERROR(BE84/O84,0) -> 0 | BH84: =BB84+BE84 -> 0 | BI84: =IFERROR(BH84/O84,0) -> 0
B85: P21206 | C85: =IFERROR(VLOOKUP($B85,'P2'!$B:$AQ,2,FALSE),0) -> 0 | D85: =IFERROR(VLOOKUP($B85,'P2'!$B:$AQ,3,FALSE),0) -> 0 | E85: =IFERROR(VLOOKUP($B85,'P2'!$B:$AQ,4,FALSE),0) -> 0 | F85: =IFERROR(VLOOKUP($B85,'P2'!$B:$AQ,5,FALSE),0) -> 0 | G85: =IFERROR(VLOOKUP($B85,'P2'!$B:$AQ,6,FALSE),0) -> 0 | H85: =IFERROR(VLOOKUP($B85,'P2'!$B:$AQ,7,FALSE),0) -> 0 | I85: =IFERROR(VLOOKUP($B85,'P2'!$B:$AQ,8,FALSE),0) -> 0 | J85: =IFERROR(VLOOKUP($B85,'P2'!$B:$AQ,9,FALSE),0) -> 0 | M85: =D85*F85*H85*J85 -> 0 | O85: =SUM(K85:N85) -> 0 | Q85: {=SUMPRODUCT(('P2'!$M$8:$AV$8=Q$9)*('P2'!$B$11:$B$190=$B85)*('P2'!$M$11:$AV$190*1))} -> 0 | R85: {=SUMPRODUCT(('P2'!$M$8:$AV$8=R$9)*('P2'!$B$11:$B$190=$B85)*('P2'!$M$11:$AV$190*1))} -> 0 | S85: {=SUMPRODUCT(('P2'!$M$8:$AV$8=S$9)*('P2'!$B$11:$B$190=$B85)*('P2'!$M$11:$AV$190*1))} -> 0 | T85: {=SUMPRODUCT(('P2'!$M$8:$AV$8=T$9)*('P2'!$B$11:$B$190=$B85)*('P2'!$M$11:$AV$190*1))} -> 0 | U85: {=SUMPRODUCT(('P2'!$M$8:$AV$8=U$9)*('P2'!$B$11:$B$190=$B85)*('P2'!$M$11:$AV$190*1))} -> 0 | V85: {=SUMPRODUCT(('P2'!$M$8:$AV$8=V$9)*('P2'!$B$11:$B$190=$B85)*('P2'!$M$11:$AV$190*1))} -> 0 | W85: {=SUMPRODUCT(('P2'!$M$8:$AV$8=W$9)*('P2'!$B$11:$B$190=$B85)*('P2'!$M$11:$AV$190*1))} -> 0 | X85: {=SUMPRODUCT(('P2'!$M$8:$AV$8=X$9)*('P2'!$B$11:$B$190=$B85)*('P2'!$M$11:$AV$190*1))} -> 0 | ... AZ85: {=SUMPRODUCT(('P2'!$M$8:$AV$8=AZ$9)*('P2'!$B$11:$B$190=$B85)*('P2'!$M$11:$AV$190*1))} -> 0 | BE85: =SUM(Q85:AZ85) -> 0 | BF85: =IFERROR(BE85/O85,0) -> 0 | BH85: =BB85+BE85 -> 0 | BI85: =IFERROR(BH85/O85,0) -> 0
B86: P21207 | C86: =IFERROR(VLOOKUP($B86,'P2'!$B:$AQ,2,FALSE),0) -> 0 | D86: =IFERROR(VLOOKUP($B86,'P2'!$B:$AQ,3,FALSE),0) -> 0 | E86: =IFERROR(VLOOKUP($B86,'P2'!$B:$AQ,4,FALSE),0) -> 0 | F86: =IFERROR(VLOOKUP($B86,'P2'!$B:$AQ,5,FALSE),0) -> 0 | G86: =IFERROR(VLOOKUP($B86,'P2'!$B:$AQ,6,FALSE),0) -> 0 | H86: =IFERROR(VLOOKUP($B86,'P2'!$B:$AQ,7,FALSE),0) -> 0 | I86: =IFERROR(VLOOKUP($B86,'P2'!$B:$AQ,8,FALSE),0) -> 0 | J86: =IFERROR(VLOOKUP($B86,'P2'!$B:$AQ,9,FALSE),0) -> 0 | M86: =D86*F86*H86*J86 -> 0 | O86: =SUM(K86:N86) -> 0 | Q86: {=SUMPRODUCT(('P2'!$M$8:$AV$8=Q$9)*('P2'!$B$11:$B$190=$B86)*('P2'!$M$11:$AV$190*1))} -> 0 | R86: {=SUMPRODUCT(('P2'!$M$8:$AV$8=R$9)*('P2'!$B$11:$B$190=$B86)*('P2'!$M$11:$AV$190*1))} -> 0 | S86: {=SUMPRODUCT(('P2'!$M$8:$AV$8=S$9)*('P2'!$B$11:$B$190=$B86)*('P2'!$M$11:$AV$190*1))} -> 0 | T86: {=SUMPRODUCT(('P2'!$M$8:$AV$8=T$9)*('P2'!$B$11:$B$190=$B86)*('P2'!$M$11:$AV$190*1))} -> 0 | U86: {=SUMPRODUCT(('P2'!$M$8:$AV$8=U$9)*('P2'!$B$11:$B$190=$B86)*('P2'!$M$11:$AV$190*1))} -> 0 | V86: {=SUMPRODUCT(('P2'!$M$8:$AV$8=V$9)*('P2'!$B$11:$B$190=$B86)*('P2'!$M$11:$AV$190*1))} -> 0 | W86: {=SUMPRODUCT(('P2'!$M$8:$AV$8=W$9)*('P2'!$B$11:$B$190=$B86)*('P2'!$M$11:$AV$190*1))} -> 0 | X86: {=SUMPRODUCT(('P2'!$M$8:$AV$8=X$9)*('P2'!$B$11:$B$190=$B86)*('P2'!$M$11:$AV$190*1))} -> 0 | ... AZ86: {=SUMPRODUCT(('P2'!$M$8:$AV$8=AZ$9)*('P2'!$B$11:$B$190=$B86)*('P2'!$M$11:$AV$190*1))} -> 0 | BE86: =SUM(Q86:AZ86) -> 0 | BF86: =IFERROR(BE86/O86,0) -> 0 | BH86: =BB86+BE86 -> 0 | BI86: =IFERROR(BH86/O86,0) -> 0
B87: P21208 | C87: =IFERROR(VLOOKUP($B87,'P2'!$B:$AQ,2,FALSE),0) -> 0 | D87: =IFERROR(VLOOKUP($B87,'P2'!$B:$AQ,3,FALSE),0) -> 0 | E87: =IFERROR(VLOOKUP($B87,'P2'!$B:$AQ,4,FALSE),0) -> 0 | F87: =IFERROR(VLOOKUP($B87,'P2'!$B:$AQ,5,FALSE),0) -> 0 | G87: =IFERROR(VLOOKUP($B87,'P2'!$B:$AQ,6,FALSE),0) -> 0 | H87: =IFERROR(VLOOKUP($B87,'P2'!$B:$AQ,7,FALSE),0) -> 0 | I87: =IFERROR(VLOOKUP($B87,'P2'!$B:$AQ,8,FALSE),0) -> 0 | J87: =IFERROR(VLOOKUP($B87,'P2'!$B:$AQ,9,FALSE),0) -> 0 | M87: =D87*F87*H87*J87 -> 0 | O87: =SUM(K87:N87) -> 0 | Q87: {=SUMPRODUCT(('P2'!$M$8:$AV$8=Q$9)*('P2'!$B$11:$B$190=$B87)*('P2'!$M$11:$AV$190*1))} -> 0 | R87: {=SUMPRODUCT(('P2'!$M$8:$AV$8=R$9)*('P2'!$B$11:$B$190=$B87)*('P2'!$M$11:$AV$190*1))} -> 0 | S87: {=SUMPRODUCT(('P2'!$M$8:$AV$8=S$9)*('P2'!$B$11:$B$190=$B87)*('P2'!$M$11:$AV$190*1))} -> 0 | T87: {=SUMPRODUCT(('P2'!$M$8:$AV$8=T$9)*('P2'!$B$11:$B$190=$B87)*('P2'!$M$11:$AV$190*1))} -> 0 | U87: {=SUMPRODUCT(('P2'!$M$8:$AV$8=U$9)*('P2'!$B$11:$B$190=$B87)*('P2'!$M$11:$AV$190*1))} -> 0 | V87: {=SUMPRODUCT(('P2'!$M$8:$AV$8=V$9)*('P2'!$B$11:$B$190=$B87)*('P2'!$M$11:$AV$190*1))} -> 0 | W87: {=SUMPRODUCT(('P2'!$M$8:$AV$8=W$9)*('P2'!$B$11:$B$190=$B87)*('P2'!$M$11:$AV$190*1))} -> 0 | X87: {=SUMPRODUCT(('P2'!$M$8:$AV$8=X$9)*('P2'!$B$11:$B$190=$B87)*('P2'!$M$11:$AV$190*1))} -> 0 | ... AZ87: {=SUMPRODUCT(('P2'!$M$8:$AV$8=AZ$9)*('P2'!$B$11:$B$190=$B87)*('P2'!$M$11:$AV$190*1))} -> 0 | BE87: =SUM(Q87:AZ87) -> 0 | BF87: =IFERROR(BE87/O87,0) -> 0 | BH87: =BB87+BE87 -> 0 | BI87: =IFERROR(BH87/O87,0) -> 0
B88: P21209 | C88: =IFERROR(VLOOKUP($B88,'P2'!$B:$AQ,2,FALSE),0) -> 0 | D88: =IFERROR(VLOOKUP($B88,'P2'!$B:$AQ,3,FALSE),0) -> 0 | E88: =IFERROR(VLOOKUP($B88,'P2'!$B:$AQ,4,FALSE),0) -> 0 | F88: =IFERROR(VLOOKUP($B88,'P2'!$B:$AQ,5,FALSE),0) -> 0 | G88: =IFERROR(VLOOKUP($B88,'P2'!$B:$AQ,6,FALSE),0) -> 0 | H88: =IFERROR(VLOOKUP($B88,'P2'!$B:$AQ,7,FALSE),0) -> 0 | I88: =IFERROR(VLOOKUP($B88,'P2'!$B:$AQ,8,FALSE),0) -> 0 | J88: =IFERROR(VLOOKUP($B88,'P2'!$B:$AQ,9,FALSE),0) -> 0 | M88: =D88*F88*H88*J88 -> 0 | O88: =SUM(K88:N88) -> 0 | Q88: {=SUMPRODUCT(('P2'!$M$8:$AV$8=Q$9)*('P2'!$B$11:$B$190=$B88)*('P2'!$M$11:$AV$190*1))} -> 0 | R88: {=SUMPRODUCT(('P2'!$M$8:$AV$8=R$9)*('P2'!$B$11:$B$190=$B88)*('P2'!$M$11:$AV$190*1))} -> 0 | S88: {=SUMPRODUCT(('P2'!$M$8:$AV$8=S$9)*('P2'!$B$11:$B$190=$B88)*('P2'!$M$11:$AV$190*1))} -> 0 | T88: {=SUMPRODUCT(('P2'!$M$8:$AV$8=T$9)*('P2'!$B$11:$B$190=$B88)*('P2'!$M$11:$AV$190*1))} -> 0 | U88: {=SUMPRODUCT(('P2'!$M$8:$AV$8=U$9)*('P2'!$B$11:$B$190=$B88)*('P2'!$M$11:$AV$190*1))} -> 0 | V88: {=SUMPRODUCT(('P2'!$M$8:$AV$8=V$9)*('P2'!$B$11:$B$190=$B88)*('P2'!$M$11:$AV$190*1))} -> 0 | W88: {=SUMPRODUCT(('P2'!$M$8:$AV$8=W$9)*('P2'!$B$11:$B$190=$B88)*('P2'!$M$11:$AV$190*1))} -> 0 | X88: {=SUMPRODUCT(('P2'!$M$8:$AV$8=X$9)*('P2'!$B$11:$B$190=$B88)*('P2'!$M$11:$AV$190*1))} -> 0 | ... AZ88: {=SUMPRODUCT(('P2'!$M$8:$AV$8=AZ$9)*('P2'!$B$11:$B$190=$B88)*('P2'!$M$11:$AV$190*1))} -> 0 | BE88: =SUM(Q88:AZ88) -> 0 | BF88: =IFERROR(BE88/O88,0) -> 0 | BH88: =BB88+BE88 -> 0 | BI88: =IFERROR(BH88/O88,0) -> 0
B89: P21210 | C89: =IFERROR(VLOOKUP($B89,'P2'!$B:$AQ,2,FALSE),0) -> 0 | D89: =IFERROR(VLOOKUP($B89,'P2'!$B:$AQ,3,FALSE),0) -> 0 | E89: =IFERROR(VLOOKUP($B89,'P2'!$B:$AQ,4,FALSE),0) -> 0 | F89: =IFERROR(VLOOKUP($B89,'P2'!$B:$AQ,5,FALSE),0) -> 0 | G89: =IFERROR(VLOOKUP($B89,'P2'!$B:$AQ,6,FALSE),0) -> 0 | H89: =IFERROR(VLOOKUP($B89,'P2'!$B:$AQ,7,FALSE),0) -> 0 | I89: =IFERROR(VLOOKUP($B89,'P2'!$B:$AQ,8,FALSE),0) -> 0 | J89: =IFERROR(VLOOKUP($B89,'P2'!$B:$AQ,9,FALSE),0) -> 0 | M89: =D89*F89*H89*J89 -> 0 | O89: =SUM(K89:N89) -> 0 | Q89: {=SUMPRODUCT(('P2'!$M$8:$AV$8=Q$9)*('P2'!$B$11:$B$190=$B89)*('P2'!$M$11:$AV$190*1))} -> 0 | R89: {=SUMPRODUCT(('P2'!$M$8:$AV$8=R$9)*('P2'!$B$11:$B$190=$B89)*('P2'!$M$11:$AV$190*1))} -> 0 | S89: {=SUMPRODUCT(('P2'!$M$8:$AV$8=S$9)*('P2'!$B$11:$B$190=$B89)*('P2'!$M$11:$AV$190*1))} -> 0 | T89: {=SUMPRODUCT(('P2'!$M$8:$AV$8=T$9)*('P2'!$B$11:$B$190=$B89)*('P2'!$M$11:$AV$190*1))} -> 0 | U89: {=SUMPRODUCT(('P2'!$M$8:$AV$8=U$9)*('P2'!$B$11:$B$190=$B89)*('P2'!$M$11:$AV$190*1))} -> 0 | V89: {=SUMPRODUCT(('P2'!$M$8:$AV$8=V$9)*('P2'!$B$11:$B$190=$B89)*('P2'!$M$11:$AV$190*1))} -> 0 | W89: {=SUMPRODUCT(('P2'!$M$8:$AV$8=W$9)*('P2'!$B$11:$B$190=$B89)*('P2'!$M$11:$AV$190*1))} -> 0 | X89: {=SUMPRODUCT(('P2'!$M$8:$AV$8=X$9)*('P2'!$B$11:$B$190=$B89)*('P2'!$M$11:$AV$190*1))} -> 0 | ... AZ89: {=SUMPRODUCT(('P2'!$M$8:$AV$8=AZ$9)*('P2'!$B$11:$B$190=$B89)*('P2'!$M$11:$AV$190*1))} -> 0 | BE89: =SUM(Q89:AZ89) -> 0 | BF89: =IFERROR(BE89/O89,0) -> 0 | BH89: =BB89+BE89 -> 0 | BI89: =IFERROR(BH89/O89,0) -> 0
C90: =B5 -> P3 | N90: =SUM(N91:N100) -> 0 | O90: =SUM(O91:O100) -> 0 | Q90: =SUM(Q91:Q100) -> 0 | R90: =SUM(R91:R100) -> 0 | S90: =SUM(S91:S100) -> 0 | T90: =SUM(T91:T100) -> 0 | U90: =SUM(U91:U100) -> 0 | V90: =SUM(V91:V100) -> 0 | W90: =SUM(W91:W100) -> 0 | X90: =SUM(X91:X100) -> 0 | ... AZ90: =SUM(AZ91:AZ100) -> 0 | BB90: =SUM(BB91:BB100) -> 0 | BE90: =SUM(BE91:BE100) -> 0 | BF90: =IFERROR(BE90/O90,0) -> 0 | BH90: =SUM(BH91:BH100) -> 0 | BI90: =IFERROR(BH90/O90,0) -> 0
B91: P31201 | C91: =IFERROR(VLOOKUP($B91,'P3'!$B:$AQ,2,FALSE),0) -> 0 | D91: =IFERROR(VLOOKUP($B91,'P3'!$B:$AQ,3,FALSE),0) -> 0 | E91: =IFERROR(VLOOKUP($B91,'P3'!$B:$AQ,4,FALSE),0) -> 0 | F91: =IFERROR(VLOOKUP($B91,'P3'!$B:$AQ,5,FALSE),0) -> 0 | G91: =IFERROR(VLOOKUP($B91,'P3'!$B:$AQ,6,FALSE),0) -> 0 | H91: =IFERROR(VLOOKUP($B91,'P3'!$B:$AQ,7,FALSE),0) -> 0 | I91: =IFERROR(VLOOKUP($B91,'P3'!$B:$AQ,8,FALSE),0) -> 0 | J91: =IFERROR(VLOOKUP($B91,'P3'!$B:$AQ,9,FALSE),0) -> 0 | N91: =D91*F91*H91*J91 -> 0 | O91: =SUM(K91:N91) -> 0 | Q91: {=SUMPRODUCT(('P3'!$M$8:$AV$8=Q$9)*('P3'!$B$11:$B$190=$B91)*('P3'!$M$11:$AV$190*1))} -> 0 | R91: {=SUMPRODUCT(('P3'!$M$8:$AV$8=R$9)*('P3'!$B$11:$B$190=$B91)*('P3'!$M$11:$AV$190*1))} -> 0 | S91: {=SUMPRODUCT(('P3'!$M$8:$AV$8=S$9)*('P3'!$B$11:$B$190=$B91)*('P3'!$M$11:$AV$190*1))} -> 0 | T91: {=SUMPRODUCT(('P3'!$M$8:$AV$8=T$9)*('P3'!$B$11:$B$190=$B91)*('P3'!$M$11:$AV$190*1))} -> 0 | U91: {=SUMPRODUCT(('P3'!$M$8:$AV$8=U$9)*('P3'!$B$11:$B$190=$B91)*('P3'!$M$11:$AV$190*1))} -> 0 | V91: {=SUMPRODUCT(('P3'!$M$8:$AV$8=V$9)*('P3'!$B$11:$B$190=$B91)*('P3'!$M$11:$AV$190*1))} -> 0 | W91: {=SUMPRODUCT(('P3'!$M$8:$AV$8=W$9)*('P3'!$B$11:$B$190=$B91)*('P3'!$M$11:$AV$190*1))} -> 0 | X91: {=SUMPRODUCT(('P3'!$M$8:$AV$8=X$9)*('P3'!$B$11:$B$190=$B91)*('P3'!$M$11:$AV$190*1))} -> 0 | ... AZ91: {=SUMPRODUCT(('P3'!$M$8:$AV$8=AZ$9)*('P3'!$B$11:$B$190=$B91)*('P3'!$M$11:$AV$190*1))} -> 0 | BE91: =SUM(Q91:AZ91) -> 0 | BF91: =IFERROR(BE91/O91,0) -> 0 | BH91: =BB91+BE91 -> 0 | BI91: =IFERROR(BH91/O91,0) -> 0
B92: P31202 | C92: =IFERROR(VLOOKUP($B92,'P3'!$B:$AQ,2,FALSE),0) -> 0 | D92: =IFERROR(VLOOKUP($B92,'P3'!$B:$AQ,3,FALSE),0) -> 0 | E92: =IFERROR(VLOOKUP($B92,'P3'!$B:$AQ,4,FALSE),0) -> 0 | F92: =IFERROR(VLOOKUP($B92,'P3'!$B:$AQ,5,FALSE),0) -> 0 | G92: =IFERROR(VLOOKUP($B92,'P3'!$B:$AQ,6,FALSE),0) -> 0 | H92: =IFERROR(VLOOKUP($B92,'P3'!$B:$AQ,7,FALSE),0) -> 0 | I92: =IFERROR(VLOOKUP($B92,'P3'!$B:$AQ,8,FALSE),0) -> 0 | J92: =IFERROR(VLOOKUP($B92,'P3'!$B:$AQ,9,FALSE),0) -> 0 | N92: =D92*F92*H92*J92 -> 0 | O92: =SUM(K92:N92) -> 0 | Q92: {=SUMPRODUCT(('P3'!$M$8:$AV$8=Q$9)*('P3'!$B$11:$B$190=$B92)*('P3'!$M$11:$AV$190*1))} -> 0 | R92: {=SUMPRODUCT(('P3'!$M$8:$AV$8=R$9)*('P3'!$B$11:$B$190=$B92)*('P3'!$M$11:$AV$190*1))} -> 0 | S92: {=SUMPRODUCT(('P3'!$M$8:$AV$8=S$9)*('P3'!$B$11:$B$190=$B92)*('P3'!$M$11:$AV$190*1))} -> 0 | T92: {=SUMPRODUCT(('P3'!$M$8:$AV$8=T$9)*('P3'!$B$11:$B$190=$B92)*('P3'!$M$11:$AV$190*1))} -> 0 | U92: {=SUMPRODUCT(('P3'!$M$8:$AV$8=U$9)*('P3'!$B$11:$B$190=$B92)*('P3'!$M$11:$AV$190*1))} -> 0 | V92: {=SUMPRODUCT(('P3'!$M$8:$AV$8=V$9)*('P3'!$B$11:$B$190=$B92)*('P3'!$M$11:$AV$190*1))} -> 0 | W92: {=SUMPRODUCT(('P3'!$M$8:$AV$8=W$9)*('P3'!$B$11:$B$190=$B92)*('P3'!$M$11:$AV$190*1))} -> 0 | X92: {=SUMPRODUCT(('P3'!$M$8:$AV$8=X$9)*('P3'!$B$11:$B$190=$B92)*('P3'!$M$11:$AV$190*1))} -> 0 | ... AZ92: {=SUMPRODUCT(('P3'!$M$8:$AV$8=AZ$9)*('P3'!$B$11:$B$190=$B92)*('P3'!$M$11:$AV$190*1))} -> 0 | BE92: =SUM(Q92:AZ92) -> 0 | BF92: =IFERROR(BE92/O92,0) -> 0 | BH92: =BB92+BE92 -> 0 | BI92: =IFERROR(BH92/O92,0) -> 0
B93: P31203 | C93: =IFERROR(VLOOKUP($B93,'P3'!$B:$AQ,2,FALSE),0) -> 0 | D93: =IFERROR(VLOOKUP($B93,'P3'!$B:$AQ,3,FALSE),0) -> 0 | E93: =IFERROR(VLOOKUP($B93,'P3'!$B:$AQ,4,FALSE),0) -> 0 | F93: =IFERROR(VLOOKUP($B93,'P3'!$B:$AQ,5,FALSE),0) -> 0 | G93: =IFERROR(VLOOKUP($B93,'P3'!$B:$AQ,6,FALSE),0) -> 0 | H93: =IFERROR(VLOOKUP($B93,'P3'!$B:$AQ,7,FALSE),0) -> 0 | I93: =IFERROR(VLOOKUP($B93,'P3'!$B:$AQ,8,FALSE),0) -> 0 | J93: =IFERROR(VLOOKUP($B93,'P3'!$B:$AQ,9,FALSE),0) -> 0 | N93: =D93*F93*H93*J93 -> 0 | O93: =SUM(K93:N93) -> 0 | Q93: {=SUMPRODUCT(('P3'!$M$8:$AV$8=Q$9)*('P3'!$B$11:$B$190=$B93)*('P3'!$M$11:$AV$190*1))} -> 0 | R93: {=SUMPRODUCT(('P3'!$M$8:$AV$8=R$9)*('P3'!$B$11:$B$190=$B93)*('P3'!$M$11:$AV$190*1))} -> 0 | S93: {=SUMPRODUCT(('P3'!$M$8:$AV$8=S$9)*('P3'!$B$11:$B$190=$B93)*('P3'!$M$11:$AV$190*1))} -> 0 | T93: {=SUMPRODUCT(('P3'!$M$8:$AV$8=T$9)*('P3'!$B$11:$B$190=$B93)*('P3'!$M$11:$AV$190*1))} -> 0 | U93: {=SUMPRODUCT(('P3'!$M$8:$AV$8=U$9)*('P3'!$B$11:$B$190=$B93)*('P3'!$M$11:$AV$190*1))} -> 0 | V93: {=SUMPRODUCT(('P3'!$M$8:$AV$8=V$9)*('P3'!$B$11:$B$190=$B93)*('P3'!$M$11:$AV$190*1))} -> 0 | W93: {=SUMPRODUCT(('P3'!$M$8:$AV$8=W$9)*('P3'!$B$11:$B$190=$B93)*('P3'!$M$11:$AV$190*1))} -> 0 | X93: {=SUMPRODUCT(('P3'!$M$8:$AV$8=X$9)*('P3'!$B$11:$B$190=$B93)*('P3'!$M$11:$AV$190*1))} -> 0 | ... AZ93: {=SUMPRODUCT(('P3'!$M$8:$AV$8=AZ$9)*('P3'!$B$11:$B$190=$B93)*('P3'!$M$11:$AV$190*1))} -> 0 | BE93: =SUM(Q93:AZ93) -> 0 | BF93: =IFERROR(BE93/O93,0) -> 0 | BH93: =BB93+BE93 -> 0 | BI93: =IFERROR(BH93/O93,0) -> 0
B94: P31204 | C94: =IFERROR(VLOOKUP($B94,'P3'!$B:$AQ,2,FALSE),0) -> 0 | D94: =IFERROR(VLOOKUP($B94,'P3'!$B:$AQ,3,FALSE),0) -> 0 | E94: =IFERROR(VLOOKUP($B94,'P3'!$B:$AQ,4,FALSE),0) -> 0 | F94: =IFERROR(VLOOKUP($B94,'P3'!$B:$AQ,5,FALSE),0) -> 0 | G94: =IFERROR(VLOOKUP($B94,'P3'!$B:$AQ,6,FALSE),0) -> 0 | H94: =IFERROR(VLOOKUP($B94,'P3'!$B:$AQ,7,FALSE),0) -> 0 | I94: =IFERROR(VLOOKUP($B94,'P3'!$B:$AQ,8,FALSE),0) -> 0 | J94: =IFERROR(VLOOKUP($B94,'P3'!$B:$AQ,9,FALSE),0) -> 0 | N94: =D94*F94*H94*J94 -> 0 | O94: =SUM(K94:N94) -> 0 | Q94: {=SUMPRODUCT(('P3'!$M$8:$AV$8=Q$9)*('P3'!$B$11:$B$190=$B94)*('P3'!$M$11:$AV$190*1))} -> 0 | R94: {=SUMPRODUCT(('P3'!$M$8:$AV$8=R$9)*('P3'!$B$11:$B$190=$B94)*('P3'!$M$11:$AV$190*1))} -> 0 | S94: {=SUMPRODUCT(('P3'!$M$8:$AV$8=S$9)*('P3'!$B$11:$B$190=$B94)*('P3'!$M$11:$AV$190*1))} -> 0 | T94: {=SUMPRODUCT(('P3'!$M$8:$AV$8=T$9)*('P3'!$B$11:$B$190=$B94)*('P3'!$M$11:$AV$190*1))} -> 0 | U94: {=SUMPRODUCT(('P3'!$M$8:$AV$8=U$9)*('P3'!$B$11:$B$190=$B94)*('P3'!$M$11:$AV$190*1))} -> 0 | V94: {=SUMPRODUCT(('P3'!$M$8:$AV$8=V$9)*('P3'!$B$11:$B$190=$B94)*('P3'!$M$11:$AV$190*1))} -> 0 | W94: {=SUMPRODUCT(('P3'!$M$8:$AV$8=W$9)*('P3'!$B$11:$B$190=$B94)*('P3'!$M$11:$AV$190*1))} -> 0 | X94: {=SUMPRODUCT(('P3'!$M$8:$AV$8=X$9)*('P3'!$B$11:$B$190=$B94)*('P3'!$M$11:$AV$190*1))} -> 0 | ... AZ94: {=SUMPRODUCT(('P3'!$M$8:$AV$8=AZ$9)*('P3'!$B$11:$B$190=$B94)*('P3'!$M$11:$AV$190*1))} -> 0 | BE94: =SUM(Q94:AZ94) -> 0 | BF94: =IFERROR(BE94/O94,0) -> 0 | BH94: =BB94+BE94 -> 0 | BI94: =IFERROR(BH94/O94,0) -> 0
B95: P31205 | C95: =IFERROR(VLOOKUP($B95,'P3'!$B:$AQ,2,FALSE),0) -> 0 | D95: =IFERROR(VLOOKUP($B95,'P3'!$B:$AQ,3,FALSE),0) -> 0 | E95: =IFERROR(VLOOKUP($B95,'P3'!$B:$AQ,4,FALSE),0) -> 0 | F95: =IFERROR(VLOOKUP($B95,'P3'!$B:$AQ,5,FALSE),0) -> 0 | G95: =IFERROR(VLOOKUP($B95,'P3'!$B:$AQ,6,FALSE),0) -> 0 | H95: =IFERROR(VLOOKUP($B95,'P3'!$B:$AQ,7,FALSE),0) -> 0 | I95: =IFERROR(VLOOKUP($B95,'P3'!$B:$AQ,8,FALSE),0) -> 0 | J95: =IFERROR(VLOOKUP($B95,'P3'!$B:$AQ,9,FALSE),0) -> 0 | N95: =D95*F95*H95*J95 -> 0 | O95: =SUM(K95:N95) -> 0 | Q95: {=SUMPRODUCT(('P3'!$M$8:$AV$8=Q$9)*('P3'!$B$11:$B$190=$B95)*('P3'!$M$11:$AV$190*1))} -> 0 | R95: {=SUMPRODUCT(('P3'!$M$8:$AV$8=R$9)*('P3'!$B$11:$B$190=$B95)*('P3'!$M$11:$AV$190*1))} -> 0 | S95: {=SUMPRODUCT(('P3'!$M$8:$AV$8=S$9)*('P3'!$B$11:$B$190=$B95)*('P3'!$M$11:$AV$190*1))} -> 0 | T95: {=SUMPRODUCT(('P3'!$M$8:$AV$8=T$9)*('P3'!$B$11:$B$190=$B95)*('P3'!$M$11:$AV$190*1))} -> 0 | U95: {=SUMPRODUCT(('P3'!$M$8:$AV$8=U$9)*('P3'!$B$11:$B$190=$B95)*('P3'!$M$11:$AV$190*1))} -> 0 | V95: {=SUMPRODUCT(('P3'!$M$8:$AV$8=V$9)*('P3'!$B$11:$B$190=$B95)*('P3'!$M$11:$AV$190*1))} -> 0 | W95: {=SUMPRODUCT(('P3'!$M$8:$AV$8=W$9)*('P3'!$B$11:$B$190=$B95)*('P3'!$M$11:$AV$190*1))} -> 0 | X95: {=SUMPRODUCT(('P3'!$M$8:$AV$8=X$9)*('P3'!$B$11:$B$190=$B95)*('P3'!$M$11:$AV$190*1))} -> 0 | ... AZ95: {=SUMPRODUCT(('P3'!$M$8:$AV$8=AZ$9)*('P3'!$B$11:$B$190=$B95)*('P3'!$M$11:$AV$190*1))} -> 0 | BE95: =SUM(Q95:AZ95) -> 0 | BF95: =IFERROR(BE95/O95,0) -> 0 | BH95: =BB95+BE95 -> 0 | BI95: =IFERROR(BH95/O95,0) -> 0
B96: P31206 | C96: =IFERROR(VLOOKUP($B96,'P3'!$B:$AQ,2,FALSE),0) -> 0 | D96: =IFERROR(VLOOKUP($B96,'P3'!$B:$AQ,3,FALSE),0) -> 0 | E96: =IFERROR(VLOOKUP($B96,'P3'!$B:$AQ,4,FALSE),0) -> 0 | F96: =IFERROR(VLOOKUP($B96,'P3'!$B:$AQ,5,FALSE),0) -> 0 | G96: =IFERROR(VLOOKUP($B96,'P3'!$B:$AQ,6,FALSE),0) -> 0 | H96: =IFERROR(VLOOKUP($B96,'P3'!$B:$AQ,7,FALSE),0) -> 0 | I96: =IFERROR(VLOOKUP($B96,'P3'!$B:$AQ,8,FALSE),0) -> 0 | J96: =IFERROR(VLOOKUP($B96,'P3'!$B:$AQ,9,FALSE),0) -> 0 | N96: =D96*F96*H96*J96 -> 0 | O96: =SUM(K96:N96) -> 0 | Q96: {=SUMPRODUCT(('P3'!$M$8:$AV$8=Q$9)*('P3'!$B$11:$B$190=$B96)*('P3'!$M$11:$AV$190*1))} -> 0 | R96: {=SUMPRODUCT(('P3'!$M$8:$AV$8=R$9)*('P3'!$B$11:$B$190=$B96)*('P3'!$M$11:$AV$190*1))} -> 0 | S96: {=SUMPRODUCT(('P3'!$M$8:$AV$8=S$9)*('P3'!$B$11:$B$190=$B96)*('P3'!$M$11:$AV$190*1))} -> 0 | T96: {=SUMPRODUCT(('P3'!$M$8:$AV$8=T$9)*('P3'!$B$11:$B$190=$B96)*('P3'!$M$11:$AV$190*1))} -> 0 | U96: {=SUMPRODUCT(('P3'!$M$8:$AV$8=U$9)*('P3'!$B$11:$B$190=$B96)*('P3'!$M$11:$AV$190*1))} -> 0 | V96: {=SUMPRODUCT(('P3'!$M$8:$AV$8=V$9)*('P3'!$B$11:$B$190=$B96)*('P3'!$M$11:$AV$190*1))} -> 0 | W96: {=SUMPRODUCT(('P3'!$M$8:$AV$8=W$9)*('P3'!$B$11:$B$190=$B96)*('P3'!$M$11:$AV$190*1))} -> 0 | X96: {=SUMPRODUCT(('P3'!$M$8:$AV$8=X$9)*('P3'!$B$11:$B$190=$B96)*('P3'!$M$11:$AV$190*1))} -> 0 | ... AZ96: {=SUMPRODUCT(('P3'!$M$8:$AV$8=AZ$9)*('P3'!$B$11:$B$190=$B96)*('P3'!$M$11:$AV$190*1))} -> 0 | BE96: =SUM(Q96:AZ96) -> 0 | BF96: =IFERROR(BE96/O96,0) -> 0 | BH96: =BB96+BE96 -> 0 | BI96: =IFERROR(BH96/O96,0) -> 0
B97: P31207 | C97: =IFERROR(VLOOKUP($B97,'P3'!$B:$AQ,2,FALSE),0) -> 0 | D97: =IFERROR(VLOOKUP($B97,'P3'!$B:$AQ,3,FALSE),0) -> 0 | E97: =IFERROR(VLOOKUP($B97,'P3'!$B:$AQ,4,FALSE),0) -> 0 | F97: =IFERROR(VLOOKUP($B97,'P3'!$B:$AQ,5,FALSE),0) -> 0 | G97: =IFERROR(VLOOKUP($B97,'P3'!$B:$AQ,6,FALSE),0) -> 0 | H97: =IFERROR(VLOOKUP($B97,'P3'!$B:$AQ,7,FALSE),0) -> 0 | I97: =IFERROR(VLOOKUP($B97,'P3'!$B:$AQ,8,FALSE),0) -> 0 | J97: =IFERROR(VLOOKUP($B97,'P3'!$B:$AQ,9,FALSE),0) -> 0 | N97: =D97*F97*H97*J97 -> 0 | O97: =SUM(K97:N97) -> 0 | Q97: {=SUMPRODUCT(('P3'!$M$8:$AV$8=Q$9)*('P3'!$B$11:$B$190=$B97)*('P3'!$M$11:$AV$190*1))} -> 0 | R97: {=SUMPRODUCT(('P3'!$M$8:$AV$8=R$9)*('P3'!$B$11:$B$190=$B97)*('P3'!$M$11:$AV$190*1))} -> 0 | S97: {=SUMPRODUCT(('P3'!$M$8:$AV$8=S$9)*('P3'!$B$11:$B$190=$B97)*('P3'!$M$11:$AV$190*1))} -> 0 | T97: {=SUMPRODUCT(('P3'!$M$8:$AV$8=T$9)*('P3'!$B$11:$B$190=$B97)*('P3'!$M$11:$AV$190*1))} -> 0 | U97: {=SUMPRODUCT(('P3'!$M$8:$AV$8=U$9)*('P3'!$B$11:$B$190=$B97)*('P3'!$M$11:$AV$190*1))} -> 0 | V97: {=SUMPRODUCT(('P3'!$M$8:$AV$8=V$9)*('P3'!$B$11:$B$190=$B97)*('P3'!$M$11:$AV$190*1))} -> 0 | W97: {=SUMPRODUCT(('P3'!$M$8:$AV$8=W$9)*('P3'!$B$11:$B$190=$B97)*('P3'!$M$11:$AV$190*1))} -> 0 | X97: {=SUMPRODUCT(('P3'!$M$8:$AV$8=X$9)*('P3'!$B$11:$B$190=$B97)*('P3'!$M$11:$AV$190*1))} -> 0 | ... AZ97: {=SUMPRODUCT(('P3'!$M$8:$AV$8=AZ$9)*('P3'!$B$11:$B$190=$B97)*('P3'!$M$11:$AV$190*1))} -> 0 | BE97: =SUM(Q97:AZ97) -> 0 | BF97: =IFERROR(BE97/O97,0) -> 0 | BH97: =BB97+BE97 -> 0 | BI97: =IFERROR(BH97/O97,0) -> 0
B98: P31208 | C98: =IFERROR(VLOOKUP($B98,'P3'!$B:$AQ,2,FALSE),0) -> 0 | D98: =IFERROR(VLOOKUP($B98,'P3'!$B:$AQ,3,FALSE),0) -> 0 | E98: =IFERROR(VLOOKUP($B98,'P3'!$B:$AQ,4,FALSE),0) -> 0 | F98: =IFERROR(VLOOKUP($B98,'P3'!$B:$AQ,5,FALSE),0) -> 0 | G98: =IFERROR(VLOOKUP($B98,'P3'!$B:$AQ,6,FALSE),0) -> 0 | H98: =IFERROR(VLOOKUP($B98,'P3'!$B:$AQ,7,FALSE),0) -> 0 | I98: =IFERROR(VLOOKUP($B98,'P3'!$B:$AQ,8,FALSE),0) -> 0 | J98: =IFERROR(VLOOKUP($B98,'P3'!$B:$AQ,9,FALSE),0) -> 0 | N98: =D98*F98*H98*J98 -> 0 | O98: =SUM(K98:N98) -> 0 | Q98: {=SUMPRODUCT(('P3'!$M$8:$AV$8=Q$9)*('P3'!$B$11:$B$190=$B98)*('P3'!$M$11:$AV$190*1))} -> 0 | R98: {=SUMPRODUCT(('P3'!$M$8:$AV$8=R$9)*('P3'!$B$11:$B$190=$B98)*('P3'!$M$11:$AV$190*1))} -> 0 | S98: {=SUMPRODUCT(('P3'!$M$8:$AV$8=S$9)*('P3'!$B$11:$B$190=$B98)*('P3'!$M$11:$AV$190*1))} -> 0 | T98: {=SUMPRODUCT(('P3'!$M$8:$AV$8=T$9)*('P3'!$B$11:$B$190=$B98)*('P3'!$M$11:$AV$190*1))} -> 0 | U98: {=SUMPRODUCT(('P3'!$M$8:$AV$8=U$9)*('P3'!$B$11:$B$190=$B98)*('P3'!$M$11:$AV$190*1))} -> 0 | V98: {=SUMPRODUCT(('P3'!$M$8:$AV$8=V$9)*('P3'!$B$11:$B$190=$B98)*('P3'!$M$11:$AV$190*1))} -> 0 | W98: {=SUMPRODUCT(('P3'!$M$8:$AV$8=W$9)*('P3'!$B$11:$B$190=$B98)*('P3'!$M$11:$AV$190*1))} -> 0 | X98: {=SUMPRODUCT(('P3'!$M$8:$AV$8=X$9)*('P3'!$B$11:$B$190=$B98)*('P3'!$M$11:$AV$190*1))} -> 0 | ... AZ98: {=SUMPRODUCT(('P3'!$M$8:$AV$8=AZ$9)*('P3'!$B$11:$B$190=$B98)*('P3'!$M$11:$AV$190*1))} -> 0 | BE98: =SUM(Q98:AZ98) -> 0 | BF98: =IFERROR(BE98/O98,0) -> 0 | BH98: =BB98+BE98 -> 0 | BI98: =IFERROR(BH98/O98,0) -> 0
B99: P31209 | C99: =IFERROR(VLOOKUP($B99,'P3'!$B:$AQ,2,FALSE),0) -> 0 | D99: =IFERROR(VLOOKUP($B99,'P3'!$B:$AQ,3,FALSE),0) -> 0 | E99: =IFERROR(VLOOKUP($B99,'P3'!$B:$AQ,4,FALSE),0) -> 0 | F99: =IFERROR(VLOOKUP($B99,'P3'!$B:$AQ,5,FALSE),0) -> 0 | G99: =IFERROR(VLOOKUP($B99,'P3'!$B:$AQ,6,FALSE),0) -> 0 | H99: =IFERROR(VLOOKUP($B99,'P3'!$B:$AQ,7,FALSE),0) -> 0 | I99: =IFERROR(VLOOKUP($B99,'P3'!$B:$AQ,8,FALSE),0) -> 0 | J99: =IFERROR(VLOOKUP($B99,'P3'!$B:$AQ,9,FALSE),0) -> 0 | N99: =D99*F99*H99*J99 -> 0 | O99: =SUM(K99:N99) -> 0 | Q99: {=SUMPRODUCT(('P3'!$M$8:$AV$8=Q$9)*('P3'!$B$11:$B$190=$B99)*('P3'!$M$11:$AV$190*1))} -> 0 | R99: {=SUMPRODUCT(('P3'!$M$8:$AV$8=R$9)*('P3'!$B$11:$B$190=$B99)*('P3'!$M$11:$AV$190*1))} -> 0 | S99: {=SUMPRODUCT(('P3'!$M$8:$AV$8=S$9)*('P3'!$B$11:$B$190=$B99)*('P3'!$M$11:$AV$190*1))} -> 0 | T99: {=SUMPRODUCT(('P3'!$M$8:$AV$8=T$9)*('P3'!$B$11:$B$190=$B99)*('P3'!$M$11:$AV$190*1))} -> 0 | U99: {=SUMPRODUCT(('P3'!$M$8:$AV$8=U$9)*('P3'!$B$11:$B$190=$B99)*('P3'!$M$11:$AV$190*1))} -> 0 | V99: {=SUMPRODUCT(('P3'!$M$8:$AV$8=V$9)*('P3'!$B$11:$B$190=$B99)*('P3'!$M$11:$AV$190*1))} -> 0 | W99: {=SUMPRODUCT(('P3'!$M$8:$AV$8=W$9)*('P3'!$B$11:$B$190=$B99)*('P3'!$M$11:$AV$190*1))} -> 0 | X99: {=SUMPRODUCT(('P3'!$M$8:$AV$8=X$9)*('P3'!$B$11:$B$190=$B99)*('P3'!$M$11:$AV$190*1))} -> 0 | ... AZ99: {=SUMPRODUCT(('P3'!$M$8:$AV$8=AZ$9)*('P3'!$B$11:$B$190=$B99)*('P3'!$M$11:$AV$190*1))} -> 0 | BE99: =SUM(Q99:AZ99) -> 0 | BF99: =IFERROR(BE99/O99,0) -> 0 | BH99: =BB99+BE99 -> 0 | BI99: =IFERROR(BH99/O99,0) -> 0
B100: P31210 | C100: =IFERROR(VLOOKUP($B100,'P3'!$B:$AQ,2,FALSE),0) -> 0 | D100: =IFERROR(VLOOKUP($B100,'P3'!$B:$AQ,3,FALSE),0) -> 0 | E100: =IFERROR(VLOOKUP($B100,'P3'!$B:$AQ,4,FALSE),0) -> 0 | F100: =IFERROR(VLOOKUP($B100,'P3'!$B:$AQ,5,FALSE),0) -> 0 | G100: =IFERROR(VLOOKUP($B100,'P3'!$B:$AQ,6,FALSE),0) -> 0 | H100: =IFERROR(VLOOKUP($B100,'P3'!$B:$AQ,7,FALSE),0) -> 0 | I100: =IFERROR(VLOOKUP($B100,'P3'!$B:$AQ,8,FALSE),0) -> 0 | J100: =IFERROR(VLOOKUP($B100,'P3'!$B:$AQ,9,FALSE),0) -> 0 | N100: =D100*F100*H100*J100 -> 0 | O100: =SUM(K100:N100) -> 0 | Q100: {=SUMPRODUCT(('P3'!$M$8:$AV$8=Q$9)*('P3'!$B$11:$B$190=$B100)*('P3'!$M$11:$AV$190*1))} -> 0 | R100: {=SUMPRODUCT(('P3'!$M$8:$AV$8=R$9)*('P3'!$B$11:$B$190=$B100)*('P3'!$M$11:$AV$190*1))} -> 0 | S100: {=SUMPRODUCT(('P3'!$M$8:$AV$8=S$9)*('P3'!$B$11:$B$190=$B100)*('P3'!$M$11:$AV$190*1))} -> 0 | T100: {=SUMPRODUCT(('P3'!$M$8:$AV$8=T$9)*('P3'!$B$11:$B$190=$B100)*('P3'!$M$11:$AV$190*1))} -> 0 | U100: {=SUMPRODUCT(('P3'!$M$8:$AV$8=U$9)*('P3'!$B$11:$B$190=$B100)*('P3'!$M$11:$AV$190*1))} -> 0 | V100: {=SUMPRODUCT(('P3'!$M$8:$AV$8=V$9)*('P3'!$B$11:$B$190=$B100)*('P3'!$M$11:$AV$190*1))} -> 0 | W100: {=SUMPRODUCT(('P3'!$M$8:$AV$8=W$9)*('P3'!$B$11:$B$190=$B100)*('P3'!$M$11:$AV$190*1))} -> 0 | X100: {=SUMPRODUCT(('P3'!$M$8:$AV$8=X$9)*('P3'!$B$11:$B$190=$B100)*('P3'!$M$11:$AV$190*1))} -> 0 | ... AZ100: {=SUMPRODUCT(('P3'!$M$8:$AV$8=AZ$9)*('P3'!$B$11:$B$190=$B100)*('P3'!$M$11:$AV$190*1))} -> 0 | BE100: =SUM(Q100:AZ100) -> 0 | BF100: =IFERROR(BE100/O100,0) -> 0 | BH100: =BB100+BE100 -> 0 | BI100: =IFERROR(BH100/O100,0) -> 0
...

Sheet Budget Lead
B1: Parameters | E1: Budget Summary
B2: Lead Partner | C2: ='Budget Consortium'!B2 -> Lead Partner | E2: 1. Activities | F2: 2. Capital | G2: 3. Staff | H2: 4. Travel | I2: 5. Office | J2: 6. M&E | K2: Overhead | L2: Total | U2: =C3-L3 -> 0
B3: Global Amount | C3: =L3 -> 0 | E3: =K9 -> 0 | F3: =K76 -> 0 | G3: =K87 -> 0 | H3: =K132 -> 0 | I3: =K166 -> 0 | J3: =K177 -> 0 | K3: =K190 -> 0 | L3: =SUM(E3:K3) -> 0
B4: Overhead | C4: 0.07 | E4: =IFERROR(E3/$L$3,0) -> 0 | F4: =IFERROR(F3/$L$3,0) -> 0 | G4: =IFERROR(G3/$L$3,0) -> 0 | H4: =IFERROR(H3/$L$3,0) -> 0 | I4: =IFERROR(I3/$L$3,0) -> 0 | J4: =IFERROR(J3/$L$3,0) -> 0 | K4: =IFERROR(K3/$L$3,0) -> 0
B5: Rate XOF/GBP | C5: 767.326
M6: 1 | N6: 1 | O6: 1 | P6: 2 | Q6: 2 | R6: 2 | S6: 3 | T6: 3 | U6: 3 | V6: 4 | W6: 4 | X6: 4 | Y6: 5 | Z6: 5 | AA6: 5 | AB6: 6 | AC6: 6 | AD6: 6 | AE6: 7 | AF6: 7 | AG6: 7 | AH6: 8 | AI6: 8 | AJ6: 8 | AK6: 9 | AL6: 9 | AM6: 9 | AN6: 10 | AO6: 10 | AP6: 10 | AQ6: 11 | AR6: 11 | AS6: 11 | AT6: 12 | AU6: 12 | AV6: 12 | AX6: Expenses | BA6: Forecast | BD6: Expenses + Forecast | BG6: Financial Narrative (don't hesitate to use the BOQ tab for further details on calculations)
M7: Quarter 1 | P7: Quarter 2 | S7: Quarter 3 | V7: Quarter 4 | Y7: Quarter 5 | AB7: Quarter 6 | AE7: Quarter 7 | AH7: Quarter 8 | AK7: Quarter 9 | AN7: Quarter 10 | AQ7: Quarter 11 | AT7: Quarter 12
D8: Nbr | E8: Unit | F8: Nbr 2 | G8: Unit 2 | H8: % Aloc | I8: Unit XOF | J8: Unit GBP | K8: Total | M8: 44927 | N8: 44958 | O8: 44986 | P8: 45017 | Q8: 45047 | R8: 45078 | S8: 45108 | T8: 45139 | U8: 45170 | V8: 45200 | W8: 45231 | X8: 45261 | Y8: 45292 | Z8: 45323 | AA8: 45352 | AB8: 45383 | AC8: 45413 | AD8: 45444 | AE8: 45474 | AF8: 45505 | AG8: 45536 | AH8: 45566 | AI8: 45597 | AJ8: 45627 | AK8: 45658 | AL8: 45689 | AM8: 45717 | AN8: 45748 | AO8: 45778 | AP8: 45809 | AQ8: 45839 | AR8: 45870 | AS8: 45901 | AT8: 45931 | AU8: 45962 | AV8: 45992 | AX8: Total | AY8: Rate | BA8: Total | BB8: Rate | BD8: Total | BE8: Rate
C9: 1. PROJECT ACTIVITIES | K9: =K10+K21+K32+K43+K54+K65 -> 0 | M9: =M10+M21+M32+M43+M54+M65 -> 0 | N9: =N10+N21+N32+N43+N54+N65 -> 0 | O9: =O10+O21+O32+O43+O54+O65 -> 0 | P9: =P10+P21+P32+P43+P54+P65 -> 0 | Q9: =Q10+Q21+Q32+Q43+Q54+Q65 -> 0 | R9: =R10+R21+R32+R43+R54+R65 -> 0 | S9: =S10+S21+S32+S43+S54+S65 -> 0 | T9: =T10+T21+T32+T43+T54+T65 -> 0 | ... AV9: =AV10+AV21+AV32+AV43+AV54+AV65 -> 0 | AX9: =AX10+AX21+AX32+AX43+AX54+AX65 -> 0 | AY9: =IFERROR(AX9/K9,0) -> 0 | BA9: =BA10+BA21+BA32+BA43+BA54+BA65 -> 0 | BB9: =IFERROR(BA9/K9,0) -> 0 | BD9: =BD10+BD21+BD32+BD43+BD54+BD65 -> 0 | BE9: =IFERROR(BD9/K9,0) -> 0
C10: 1.1. Cash | K10: =SUM(K11:K20) -> 0 | M10: =SUM(M11:M20) -> 0 | N10: =SUM(N11:N20) -> 0 | O10: =SUM(O11:O20) -> 0 | P10: =SUM(P11:P20) -> 0 | Q10: =SUM(Q11:Q20) -> 0 | R10: =SUM(R11:R20) -> 0 | S10: =SUM(S11:S20) -> 0 | T10: =SUM(T11:T20) -> 0 | ... AV10: =SUM(AV11:AV20) -> 0 | AX10: =SUM(AX11:AX20) -> 0 | AY10: =IFERROR(AX10/K10,0) -> 0 | BA10: =SUM(BA11:BA20) -> 0 | BB10: =IFERROR(BA10/K10,0) -> 0 | BD10: =SUM(BD11:BD20) -> 0 | BE10: =IFERROR(BD10/K10,0) -> 0
B11: LP1101 | J11: =I11/$C$5 -> 0 | K11: =D11*F11*H11*J11 -> 0 | AY11: =IFERROR(AX11/K11,0) -> 0 | BA11: =SUM(M11:AV11) -> 0 | BB11: =IFERROR(BA11/K11,0) -> 0 | BD11: =AX11+BA11 -> 0 | BE11: =IFERROR(BD11/K11,0) -> 0
B12: LP1102 | J12: =I12/$C$5 -> 0 | K12: =D12*F12*H12*J12 -> 0 | AY12: =IFERROR(AX12/K12,0) -> 0 | BA12: =SUM(M12:AV12) -> 0 | BB12: =IFERROR(BA12/K12,0) -> 0 | BD12: =AX12+BA12 -> 0 | BE12: =IFERROR(BD12/K12,0) -> 0
B13: LP1103 | J13: =I13/$C$5 -> 0 | K13: =D13*F13*H13*J13 -> 0 | AY13: =IFERROR(AX13/K13,0) -> 0 | BA13: =SUM(M13:AV13) -> 0 | BB13: =IFERROR(BA13/K13,0) -> 0 | BD13: =AX13+BA13 -> 0 | BE13: =IFERROR(BD13/K13,0) -> 0
B14: LP1104 | J14: =I14/$C$5 -> 0 | K14: =D14*F14*H14*J14 -> 0 | AY14: =IFERROR(AX14/K14,0) -> 0 | BA14: =SUM(M14:AV14) -> 0 | BB14: =IFERROR(BA14/K14,0) -> 0 | BD14: =AX14+BA14 -> 0 | BE14: =IFERROR(BD14/K14,0) -> 0
B15: LP1105 | J15: =I15/$C$5 -> 0 | K15: =D15*F15*H15*J15 -> 0 | AY15: =IFERROR(AX15/K15,0) -> 0 | BA15: =SUM(M15:AV15) -> 0 | BB15: =IFERROR(BA15/K15,0) -> 0 | BD15: =AX15+BA15 -> 0 | BE15: =IFERROR(BD15/K15,0) -> 0
B16: LP1106 | J16: =I16/$C$5 -> 0 | K16: =D16*F16*H16*J16 -> 0 | AY16: =IFERROR(AX16/K16,0) -> 0 | BA16: =SUM(M16:AV16) -> 0 | BB16: =IFERROR(BA16/K16,0) -> 0 | BD16: =AX16+BA16 -> 0 | BE16: =IFERROR(BD16/K16,0) -> 0
B17: LP1107 | J17: =I17/$C$5 -> 0 | K17: =D17*F17*H17*J17 -> 0 | AY17: =IFERROR(AX17/K17,0) -> 0 | BA17: =SUM(M17:AV17) -> 0 | BB17: =IFERROR(BA17/K17,0) -> 0 | BD17: =AX17+BA17 -> 0 | BE17: =IFERROR(BD17/K17,0) -> 0
B18: LP1108 | J18: =I18/$C$5 -> 0 | K18: =D18*F18*H18*J18 -> 0 | AY18: =IFERROR(AX18/K18,0) -> 0 | BA18: =SUM(M18:AV18) -> 0 | BB18: =IFERROR(BA18/K18,0) -> 0 | BD18: =AX18+BA18 -> 0 | BE18: =IFERROR(BD18/K18,0) -> 0
B19: LP1109 | J19: =I19/$C$5 -> 0 | K19: =D19*F19*H19*J19 -> 0 | AY19: =IFERROR(AX19/K19,0) -> 0 | BA19: =SUM(M19:AV19) -> 0 | BB19: =IFERROR(BA19/K19,0) -> 0 | BD19: =AX19+BA19 -> 0 | BE19: =IFERROR(BD19/K19,0) -> 0
B20: LP1110 | J20: =I20/$C$5 -> 0 | K20: =D20*F20*H20*J20 -> 0 | AY20: =IFERROR(AX20/K20,0) -> 0 | BA20: =SUM(M20:AV20) -> 0 | BB20: =IFERROR(BA20/K20,0) -> 0 | BD20: =AX20+BA20 -> 0 | BE20: =IFERROR(BD20/K20,0) -> 0
C21: 1.2. Food Security & Livelihood | K21: =SUM(K22:K31) -> 0 | M21: =SUM(M22:M31) -> 0 | N21: =SUM(N22:N31) -> 0 | O21: =SUM(O22:O31) -> 0 | P21: =SUM(P22:P31) -> 0 | Q21: =SUM(Q22:Q31) -> 0 | R21: =SUM(R22:R31) -> 0 | S21: =SUM(S22:S31) -> 0 | T21: =SUM(T22:T31) -> 0 | ... AV21: =SUM(AV22:AV31) -> 0 | AX21: =SUM(AX22:AX31) -> 0 | AY21: =IFERROR(AX21/K21,0) -> 0 | BA21: =SUM(BA22:BA31) -> 0 | BB21: =IFERROR(BA21/K21,0) -> 0 | BD21: =SUM(BD22:BD31) -> 0 | BE21: =IFERROR(BD21/K21,0) -> 0
B22: LP1201 | J22: =I22/$C$5 -> 0 | K22: =D22*F22*H22*J22 -> 0 | AY22: =IFERROR(AX22/K22,0) -> 0 | BB22: =IFERROR(BA22/K22,0) -> 0
B23: LP1202 | J23: =I23/$C$5 -> 0 | K23: =D23*F23*H23*J23 -> 0 | AY23: =IFERROR(AX23/K23,0) -> 0 | BB23: =IFERROR(BA23/K23,0) -> 0
B24: LP1203 | J24: =I24/$C$5 -> 0 | K24: =D24*F24*H24*J24 -> 0 | AY24: =IFERROR(AX24/K24,0) -> 0 | BB24: =IFERROR(BA24/K24,0) -> 0
B25: LP1204 | J25: =I25/$C$5 -> 0 | K25: =D25*F25*H25*J25 -> 0 | AY25: =IFERROR(AX25/K25,0) -> 0 | BB25: =IFERROR(BA25/K25,0) -> 0
B26: LP1205 | J26: =I26/$C$5 -> 0 | K26: =D26*F26*H26*J26 -> 0 | AY26: =IFERROR(AX26/K26,0) -> 0 | BB26: =IFERROR(BA26/K26,0) -> 0
B27: LP1206 | J27: =I27/$C$5 -> 0 | K27: =D27*F27*H27*J27 -> 0 | AY27: =IFERROR(AX27/K27,0) -> 0 | BB27: =IFERROR(BA27/K27,0) -> 0
B28: LP1207 | J28: =I28/$C$5 -> 0 | K28: =D28*F28*H28*J28 -> 0 | AY28: =IFERROR(AX28/K28,0) -> 0 | BB28: =IFERROR(BA28/K28,0) -> 0
B29: LP1208 | J29: =I29/$C$5 -> 0 | K29: =D29*F29*H29*J29 -> 0 | AY29: =IFERROR(AX29/K29,0) -> 0 | BB29: =IFERROR(BA29/K29,0) -> 0
B30: LP1209 | J30: =I30/$C$5 -> 0 | K30: =D30*F30*H30*J30 -> 0 | AY30: =IFERROR(AX30/K30,0) -> 0 | BB30: =IFERROR(BA30/K30,0) -> 0
B31: LP1210 | J31: =I31/$C$5 -> 0 | K31: =D31*F31*H31*J31 -> 0 | AY31: =IFERROR(AX31/K31,0) -> 0 | BB31: =IFERROR(BA31/K31,0) -> 0
C32: 1.3. Protection | K32: =SUM(K33:K42) -> 0 | M32: =SUM(M33:M42) -> 0 | N32: =SUM(N33:N42) -> 0 | O32: =SUM(O33:O42) -> 0 | P32: =SUM(P33:P42) -> 0 | Q32: =SUM(Q33:Q42) -> 0 | R32: =SUM(R33:R42) -> 0 | S32: =SUM(S33:S42) -> 0 | T32: =SUM(T33:T42) -> 0 | ... AV32: =SUM(AV33:AV42) -> 0 | AX32: =SUM(AX33:AX42) -> 0 | AY32: =IFERROR(AX32/K32,0) -> 0 | BA32: =SUM(BA33:BA42) -> 0 | BB32: =IFERROR(BA32/K32,0) -> 0 | BD32: =SUM(BD33:BD42) -> 0 | BE32: =IFERROR(BD32/K32,0) -> 0
B33: LP1301 | J33: =I33/$C$5 -> 0 | K33: =D33*F33*H33*J33 -> 0 | V33: =$D33/2*$J33 -> 0 | AH33: =$D33/2*$J33 -> 0 | AK33: =$D33/2*$J33 -> 0 | AN33: =$D33/2*$J33 -> 0 | AY33: =IFERROR(AX33/K33,0) -> 0 | BA33: =SUM(M33:AV33) -> 0 | BB33: =IFERROR(BA33/K33,0) -> 0 | BD33: =AX33+BA33 -> 0 | BE33: =IFERROR(BD33/K33,0) -> 0
B34: LP1302 | J34: =I34/$C$5 -> 0 | K34: =D34*F34*H34*J34 -> 0 | T34: =$K$34/6 -> 0 | U34: =$K$34/6 -> 0 | V34: =$K$34/6 -> 0 | AF34: =$K$34/6 -> 0 | AG34: =$K$34/6 -> 0 | AH34: =$K$34/6 -> 0 | AY34: =IFERROR(AX34/K34,0) -> 0 | BA34: =SUM(M34:AV34) -> 0 | BB34: =IFERROR(BA34/K34,0) -> 0 | BD34: =AX34+BA34 -> 0 | BE34: =IFERROR(BD34/K34,0) -> 0
B35: LP1303 | J35: =I35/$C$5 -> 0 | K35: =D35*F35*H35*J35 -> 0 | AY35: =IFERROR(AX35/K35,0) -> 0 | BB35: =IFERROR(BA35/K35,0) -> 0 | BD35: =AX35+BA35 -> 0 | BE35: =IFERROR(BD35/K35,0) -> 0
B36: LP1304 | J36: =I36/$C$5 -> 0 | K36: =D36*F36*H36*J36 -> 0 | AY36: =IFERROR(AX36/K36,0) -> 0 | BB36: =IFERROR(BA36/K36,0) -> 0 | BD36: =AX36+BA36 -> 0 | BE36: =IFERROR(BD36/K36,0) -> 0
B37: LP1305 | J37: =I37/$C$5 -> 0 | K37: =D37*F37*H37*J37 -> 0 | AY37: =IFERROR(AX37/K37,0) -> 0 | BB37: =IFERROR(BA37/K37,0) -> 0 | BD37: =AX37+BA37 -> 0 | BE37: =IFERROR(BD37/K37,0) -> 0
B38: LP1306 | J38: =I38/$C$5 -> 0 | K38: =D38*F38*H38*J38 -> 0 | AY38: =IFERROR(AX38/K38,0) -> 0 | BB38: =IFERROR(BA38/K38,0) -> 0 | BD38: =AX38+BA38 -> 0 | BE38: =IFERROR(BD38/K38,0) -> 0
B39: LP1307 | J39: =I39/$C$5 -> 0 | K39: =D39*F39*H39*J39 -> 0 | AY39: =IFERROR(AX39/K39,0) -> 0 | BB39: =IFERROR(BA39/K39,0) -> 0 | BD39: =AX39+BA39 -> 0 | BE39: =IFERROR(BD39/K39,0) -> 0
B40: LP1308 | J40: =I40/$C$5 -> 0 | K40: =D40*F40*H40*J40 -> 0 | AY40: =IFERROR(AX40/K40,0) -> 0 | BB40: =IFERROR(BA40/K40,0) -> 0 | BD40: =AX40+BA40 -> 0 | BE40: =IFERROR(BD40/K40,0) -> 0
B41: LP1309 | J41: =I41/$C$5 -> 0 | K41: =D41*F41*H41*J41 -> 0 | AY41: =IFERROR(AX41/K41,0) -> 0 | BB41: =IFERROR(BA41/K41,0) -> 0 | BD41: =AX41+BA41 -> 0 | BE41: =IFERROR(BD41/K41,0) -> 0
B42: LP1310 | J42: =I42/$C$5 -> 0 | K42: =D42*F42*H42*J42 -> 0 | Q42: =K42 -> 0 | AY42: =IFERROR(AX42/K42,0) -> 0 | BA42: =SUM(M42:AV42) -> 0 | BB42: =IFERROR(BA42/K42,0) -> 0 | BD42: =AX42+BA42 -> 0 | BE42: =IFERROR(BD42/K42,0) -> 0
C43: 1.4. Health | K43: =SUM(K44:K53) -> 0 | M43: =SUM(M44:M53) -> 0 | N43: =SUM(N44:N53) -> 0 | O43: =SUM(O44:O53) -> 0 | P43: =SUM(P44:P53) -> 0 | Q43: =SUM(Q44:Q53) -> 0 | R43: =SUM(R44:R53) -> 0 | S43: =SUM(S44:S53) -> 0 | T43: =SUM(T44:T53) -> 0 | ... AV43: =SUM(AV44:AV53) -> 0 | AX43: =SUM(AX44:AX53) -> 0 | AY43: =IFERROR(AX43/K43,0) -> 0 | BA43: =SUM(BA44:BA53) -> 0 | BB43: =IFERROR(BA43/K43,0) -> 0 | BD43: =SUM(BD44:BD53) -> 0 | BE43: =IFERROR(BD43/K43,0) -> 0
B44: LP1401 | J44: =I44/$C$5 -> 0 | K44: =D44*F44*H44*J44 -> 0 | AY44: =IFERROR(AX44/K44,0) -> 0 | BA44: =SUM(M44:AV44) -> 0 | BB44: =IFERROR(BA44/K44,0) -> 0 | BD44: =AX44+BA44 -> 0 | BE44: =IFERROR(BD44/K44,0) -> 0
B45: LP1402 | J45: =I45/$C$5 -> 0 | K45: =D45*F45*H45*J45 -> 0 | AY45: =IFERROR(AX45/K45,0) -> 0 | BB45: =IFERROR(BA45/K45,0) -> 0 | BD45: =AX45+BA45 -> 0 | BE45: =IFERROR(BD45/K45,0) -> 0
B46: LP1403 | J46: =I46/$C$5 -> 0 | K46: =D46*F46*H46*J46 -> 0 | AY46: =IFERROR(AX46/K46,0) -> 0 | BB46: =IFERROR(BA46/K46,0) -> 0 | BD46: =AX46+BA46 -> 0 | BE46: =IFERROR(BD46/K46,0) -> 0
B47: LP1404 | J47: =I47/$C$5 -> 0 | K47: =D47*F47*H47*J47 -> 0 | AY47: =IFERROR(AX47/K47,0) -> 0 | BB47: =IFERROR(BA47/K47,0) -> 0 | BD47: =AX47+BA47 -> 0 | BE47: =IFERROR(BD47/K47,0) -> 0
B48: LP1405 | J48: =I48/$C$5 -> 0 | K48: =D48*F48*H48*J48 -> 0 | AY48: =IFERROR(AX48/K48,0) -> 0 | BB48: =IFERROR(BA48/K48,0) -> 0 | BD48: =AX48+BA48 -> 0 | BE48: =IFERROR(BD48/K48,0) -> 0
B49: LP1406 | J49: =I49/$C$5 -> 0 | K49: =D49*F49*H49*J49 -> 0 | AY49: =IFERROR(AX49/K49,0) -> 0 | BB49: =IFERROR(BA49/K49,0) -> 0 | BD49: =AX49+BA49 -> 0 | BE49: =IFERROR(BD49/K49,0) -> 0
B50: LP1407 | J50: =I50/$C$5 -> 0 | K50: =D50*F50*H50*J50 -> 0 | AY50: =IFERROR(AX50/K50,0) -> 0 | BB50: =IFERROR(BA50/K50,0) -> 0 | BD50: =AX50+BA50 -> 0 | BE50: =IFERROR(BD50/K50,0) -> 0
B51: LP1408 | J51: =I51/$C$5 -> 0 | K51: =D51*F51*H51*J51 -> 0 | AY51: =IFERROR(AX51/K51,0) -> 0 | BB51: =IFERROR(BA51/K51,0) -> 0 | BD51: =AX51+BA51 -> 0 | BE51: =IFERROR(BD51/K51,0) -> 0
B52: LP1409 | J52: =I52/$C$5 -> 0 | K52: =D52*F52*H52*J52 -> 0 | AY52: =IFERROR(AX52/K52,0) -> 0 | BB52: =IFERROR(BA52/K52,0) -> 0 | BD52: =AX52+BA52 -> 0 | BE52: =IFERROR(BD52/K52,0) -> 0
B53: LP1410 | J53: =I53/$C$5 -> 0 | K53: =D53*F53*H53*J53 -> 0 | AY53: =IFERROR(AX53/K53,0) -> 0 | BB53: =IFERROR(BA53/K53,0) -> 0 | BD53: =AX53+BA53 -> 0 | BE53: =IFERROR(BD53/K53,0) -> 0
C54: 1.5. Nutrition | K54: =SUM(K55:K64) -> 0 | M54: =SUM(M55:M64) -> 0 | N54: =SUM(N55:N64) -> 0 | O54: =SUM(O55:O64) -> 0 | P54: =SUM(P55:P64) -> 0 | Q54: =SUM(Q55:Q64) -> 0 | R54: =SUM(R55:R64) -> 0 | S54: =SUM(S55:S64) -> 0 | T54: =SUM(T55:T64) -> 0 | ... AV54: =SUM(AV55:AV64) -> 0 | AX54: =SUM(AX55:AX64) -> 0 | AY54: =IFERROR(AX54/K54,0) -> 0 | BA54: =SUM(BA55:BA64) -> 0 | BB54: =IFERROR(BA54/K54,0) -> 0 | BD54: =SUM(BD55:BD64) -> 0 | BE54: =IFERROR(BD54/K54,0) -> 0
B55: LP1501 | J55: =I55/$C$5 -> 0 | K55: =D55*F55*H55*J55 -> 0 | AY55: =IFERROR(AX55/K55,0) -> 0 | BB55: =IFERROR(BA55/K55,0) -> 0 | BD55: =AX55+BA55 -> 0 | BE55: =IFERROR(BD55/K55,0) -> 0
B56: LP1502 | J56: =I56/$C$5 -> 0 | K56: =D56*F56*H56*J56 -> 0 | AY56: =IFERROR(AX56/K56,0) -> 0 | BB56: =IFERROR(BA56/K56,0) -> 0 | BD56: =AX56+BA56 -> 0 | BE56: =IFERROR(BD56/K56,0) -> 0
B57: LP1503 | J57: =I57/$C$5 -> 0 | K57: =D57*F57*H57*J57 -> 0 | AY57: =IFERROR(AX57/K57,0) -> 0 | BB57: =IFERROR(BA57/K57,0) -> 0 | BD57: =AX57+BA57 -> 0 | BE57: =IFERROR(BD57/K57,0) -> 0
B58: LP1504 | J58: =I58/$C$5 -> 0 | K58: =D58*F58*H58*J58 -> 0 | AY58: =IFERROR(AX58/K58,0) -> 0 | BB58: =IFERROR(BA58/K58,0) -> 0 | BD58: =AX58+BA58 -> 0 | BE58: =IFERROR(BD58/K58,0) -> 0
B59: LP1505 | J59: =I59/$C$5 -> 0 | K59: =D59*F59*H59*J59 -> 0 | AY59: =IFERROR(AX59/K59,0) -> 0 | BB59: =IFERROR(BA59/K59,0) -> 0 | BD59: =AX59+BA59 -> 0 | BE59: =IFERROR(BD59/K59,0) -> 0
B60: LP1506 | J60: =I60/$C$5 -> 0 | K60: =D60*F60*H60*J60 -> 0 | AY60: =IFERROR(AX60/K60,0) -> 0 | BB60: =IFERROR(BA60/K60,0) -> 0 | BD60: =AX60+BA60 -> 0 | BE60: =IFERROR(BD60/K60,0) -> 0
B61: LP1507 | J61: =I61/$C$5 -> 0 | K61: =D61*F61*H61*J61 -> 0 | AY61: =IFERROR(AX61/K61,0) -> 0 | BB61: =IFERROR(BA61/K61,0) -> 0 | BD61: =AX61+BA61 -> 0 | BE61: =IFERROR(BD61/K61,0) -> 0
B62: LP1508 | J62: =I62/$C$5 -> 0 | K62: =D62*F62*H62*J62 -> 0 | AY62: =IFERROR(AX62/K62,0) -> 0 | BB62: =IFERROR(BA62/K62,0) -> 0 | BD62: =AX62+BA62 -> 0 | BE62: =IFERROR(BD62/K62,0) -> 0
B63: LP1509 | J63: =I63/$C$5 -> 0 | K63: =D63*F63*H63*J63 -> 0 | AY63: =IFERROR(AX63/K63,0) -> 0 | BB63: =IFERROR(BA63/K63,0) -> 0 | BD63: =AX63+BA63 -> 0 | BE63: =IFERROR(BD63/K63,0) -> 0
B64: LP1510 | J64: =I64/$C$5 -> 0 | K64: =D64*F64*H64*J64 -> 0 | N64: =+K64 -> 0 | AY64: =IFERROR(AX64/K64,0) -> 0 | BA64: =SUM(M64:AV64) -> 0 | BB64: =IFERROR(BA64/K64,0) -> 0 | BD64: =AX64+BA64 -> 0 | BE64: =IFERROR(BD64/K64,0) -> 0
C65: 1.6. Other (Visibility, ….) | K65: =SUM(K66:K75) -> 0 | M65: =SUM(M66:M75) -> 0 | N65: =SUM(N66:N75) -> 0 | O65: =SUM(O66:O75) -> 0 | P65: =SUM(P66:P75) -> 0 | Q65: =SUM(Q66:Q75) -> 0 | R65: =SUM(R66:R75) -> 0 | S65: =SUM(S66:S75) -> 0 | T65: =SUM(T66:T75) -> 0 | ... AV65: =SUM(AV66:AV75) -> 0 | AX65: =SUM(AX66:AX75) -> 0 | AY65: =IFERROR(AX65/K65,0) -> 0 | BA65: =SUM(BA66:BA75) -> 0 | BB65: =IFERROR(BA65/K65,0) -> 0 | BD65: =SUM(BD66:BD75) -> 0 | BE65: =IFERROR(BD65/K65,0) -> 0
B66: LP1601 | J66: =I66/$C$5 -> 0 | K66: =D66*F66*H66*J66 -> 0 | AY66: =IFERROR(AX66/K66,0) -> 0 | BB66: =IFERROR(BA66/K66,0) -> 0 | BD66: =AX66+BA66 -> 0 | BE66: =IFERROR(BD66/K66,0) -> 0
B67: LP1602 | J67: =I67/$C$5 -> 0 | K67: =D67*F67*H67*J67 -> 0 | AY67: =IFERROR(AX67/K67,0) -> 0 | BB67: =IFERROR(BA67/K67,0) -> 0 | BD67: =AX67+BA67 -> 0 | BE67: =IFERROR(BD67/K67,0) -> 0
B68: LP1603 | J68: =I68/$C$5 -> 0 | K68: =D68*F68*H68*J68 -> 0 | AY68: =IFERROR(AX68/K68,0) -> 0 | BB68: =IFERROR(BA68/K68,0) -> 0 | BD68: =AX68+BA68 -> 0 | BE68: =IFERROR(BD68/K68,0) -> 0
B69: LP1604 | J69: =I69/$C$5 -> 0 | K69: =D69*F69*H69*J69 -> 0 | AY69: =IFERROR(AX69/K69,0) -> 0 | BB69: =IFERROR(BA69/K69,0) -> 0 | BD69: =AX69+BA69 -> 0 | BE69: =IFERROR(BD69/K69,0) -> 0
B70: LP1605 | J70: =I70/$C$5 -> 0 | K70: =D70*F70*H70*J70 -> 0 | AY70: =IFERROR(AX70/K70,0) -> 0 | BB70: =IFERROR(BA70/K70,0) -> 0 | BD70: =AX70+BA70 -> 0 | BE70: =IFERROR(BD70/K70,0) -> 0
B71: LP1606 | J71: =I71/$C$5 -> 0 | K71: =D71*F71*H71*J71 -> 0 | AY71: =IFERROR(AX71/K71,0) -> 0 | BB71: =IFERROR(BA71/K71,0) -> 0 | BD71: =AX71+BA71 -> 0 | BE71: =IFERROR(BD71/K71,0) -> 0
B72: LP1607 | J72: =I72/$C$5 -> 0 | K72: =D72*F72*H72*J72 -> 0 | AY72: =IFERROR(AX72/K72,0) -> 0 | BB72: =IFERROR(BA72/K72,0) -> 0 | BD72: =AX72+BA72 -> 0 | BE72: =IFERROR(BD72/K72,0) -> 0
B73: LP1608 | J73: =I73/$C$5 -> 0 | K73: =D73*F73*H73*J73 -> 0 | AY73: =IFERROR(AX73/K73,0) -> 0 | BB73: =IFERROR(BA73/K73,0) -> 0 | BD73: =AX73+BA73 -> 0 | BE73: =IFERROR(BD73/K73,0) -> 0
B74: LP1609 | J74: =I74/$C$5 -> 0 | K74: =D74*F74*H74*J74 -> 0 | AY74: =IFERROR(AX74/K74,0) -> 0 | BB74: =IFERROR(BA74/K74,0) -> 0 | BD74: =AX74+BA74 -> 0 | BE74: =IFERROR(BD74/K74,0) -> 0
B75: LP1610 | J75: =I75/$C$5 -> 0 | K75: =D75*F75*H75*J75 -> 0 | AY75: =IFERROR(AX75/K75,0) -> 0 | BB75: =IFERROR(BA75/K75,0) -> 0 | BD75: =AX75+BA75 -> 0 | BE75: =IFERROR(BD75/K75,0) -> 0
C76: 2. CAPITAL EXPENDITURE | K76: =SUM(K77:K86) -> 0 | M76: =SUM(M77:M86) -> 0 | N76: =SUM(N77:N86) -> 0 | O76: =SUM(O77:O86) -> 0 | P76: =SUM(P77:P86) -> 0 | Q76: =SUM(Q77:Q86) -> 0 | R76: =SUM(R77:R86) -> 0 | S76: =SUM(S77:S86) -> 0 | T76: =SUM(T77:T86) -> 0 | ... AV76: =SUM(AV77:AV86) -> 0 | AX76: =SUM(AX77:AX86) -> 0 | AY76: =IFERROR(AX76/K76,0) -> 0 | BA76: =SUM(BA77:BA86) -> 0 | BB76: =IFERROR(BA76/K76,0) -> 0 | BD76: =SUM(BD77:BD86) -> 0 | BE76: =IFERROR(BD76/K76,0) -> 0
B77: LP2001 | J77: =I77/$C$5 -> 0 | K77: =D77*F77*H77*J77 -> 0 | AY77: =IFERROR(AX77/K77,0) -> 0 | BB77: =IFERROR(BA77/K77,0) -> 0 | BD77: =AX77+BA77 -> 0 | BE77: =IFERROR(BD77/K77,0) -> 0
B78: LP2002 | J78: =I78/$C$5 -> 0 | K78: =D78*F78*H78*J78 -> 0 | AY78: =IFERROR(AX78/K78,0) -> 0 | BB78: =IFERROR(BA78/K78,0) -> 0 | BD78: =AX78+BA78 -> 0 | BE78: =IFERROR(BD78/K78,0) -> 0
B79: LP2003 | J79: =I79/$C$5 -> 0 | K79: =D79*F79*H79*J79 -> 0 | AY79: =IFERROR(AX79/K79,0) -> 0 | BB79: =IFERROR(BA79/K79,0) -> 0 | BD79: =AX79+BA79 -> 0 | BE79: =IFERROR(BD79/K79,0) -> 0
B80: LP2004 | J80: =I80/$C$5 -> 0 | K80: =D80*F80*H80*J80 -> 0 | AY80: =IFERROR(AX80/K80,0) -> 0 | BB80: =IFERROR(BA80/K80,0) -> 0 | BD80: =AX80+BA80 -> 0 | BE80: =IFERROR(BD80/K80,0) -> 0
B81: LP2005 | J81: =I81/$C$5 -> 0 | K81: =D81*F81*H81*J81 -> 0 | AY81: =IFERROR(AX81/K81,0) -> 0 | BB81: =IFERROR(BA81/K81,0) -> 0 | BD81: =AX81+BA81 -> 0 | BE81: =IFERROR(BD81/K81,0) -> 0
B82: LP2006 | J82: =I82/$C$5 -> 0 | K82: =D82*F82*H82*J82 -> 0 | AY82: =IFERROR(AX82/K82,0) -> 0 | BB82: =IFERROR(BA82/K82,0) -> 0 | BD82: =AX82+BA82 -> 0 | BE82: =IFERROR(BD82/K82,0) -> 0
B83: LP2007 | J83: =I83/$C$5 -> 0 | K83: =D83*F83*H83*J83 -> 0 | AY83: =IFERROR(AX83/K83,0) -> 0 | BB83: =IFERROR(BA83/K83,0) -> 0 | BD83: =AX83+BA83 -> 0 | BE83: =IFERROR(BD83/K83,0) -> 0
B84: LP2008 | J84: =I84/$C$5 -> 0 | K84: =D84*F84*H84*J84 -> 0 | AY84: =IFERROR(AX84/K84,0) -> 0 | BB84: =IFERROR(BA84/K84,0) -> 0 | BD84: =AX84+BA84 -> 0 | BE84: =IFERROR(BD84/K84,0) -> 0
B85: LP2009 | J85: =I85/$C$5 -> 0 | K85: =D85*F85*H85*J85 -> 0 | AY85: =IFERROR(AX85/K85,0) -> 0 | BB85: =IFERROR(BA85/K85,0) -> 0 | BD85: =AX85+BA85 -> 0 | BE85: =IFERROR(BD85/K85,0) -> 0
B86: LP2010 | J86: =I86/$C$5 -> 0 | K86: =D86*F86*H86*J86 -> 0 | AY86: =IFERROR(AX86/K86,0) -> 0 | BB86: =IFERROR(BA86/K86,0) -> 0 | BD86: =AX86+BA86 -> 0 | BE86: =IFERROR(BD86/K86,0) -> 0
C87: 3. PROJECT STAFF COSTS - PAY | K87: =K88+K99+K110+K121 -> 0 | M87: =M88+M99+M110+M121 -> 0 | N87: =N88+N99+N110+N121 -> 0 | O87: =O88+O99+O110+O121 -> 0 | P87: =P88+P99+P110+P121 -> 0 | Q87: =Q88+Q99+Q110+Q121 -> 0 | R87: =R88+R99+R110+R121 -> 0 | S87: =S88+S99+S110+S121 -> 0 | T87: =T88+T99+T110+T121 -> 0 | ... AV87: =AV88+AV99+AV110+AV121 -> 0 | AX87: =AX88+AX99+AX110+AX121 -> 0 | AY87: =IFERROR(AX87/K87,0) -> 0 | BA87: =BA88+BA99+BA110+BA121 -> 0 | BB87: =IFERROR(BA87/K87,0) -> 0 | BD87: =BD88+BD99+BD110+BD121 -> 0 | BE87: =IFERROR(BD87/K87,0) -> 0
C88: 3.1 Programme Leadership | K88: =SUM(K89:K98) -> 0 | M88: =SUM(M89:M98) -> 0 | N88: =SUM(N89:N98) -> 0 | O88: =SUM(O89:O98) -> 0 | P88: =SUM(P89:P98) -> 0 | Q88: =SUM(Q89:Q98) -> 0 | R88: =SUM(R89:R98) -> 0 | S88: =SUM(S89:S98) -> 0 | T88: =SUM(T89:T98) -> 0 | ... AV88: =SUM(AV89:AV98) -> 0 | AX88: =SUM(AX89:AX98) -> 0 | AY88: =IFERROR(AX88/K88,0) -> 0 | BA88: =SUM(BA89:BA98) -> 0 | BB88: =IFERROR(BA88/K88,0) -> 0 | BD88: =SUM(BD89:BD98) -> 0 | BE88: =IFERROR(BD88/K88,0) -> 0
B89: LP3101 | J89: =I89/$C$5 -> 0 | K89: =D89*F89*H89*J89 -> 0 | AY89: =IFERROR(AX89/K89,0) -> 0 | BB89: =IFERROR(BA89/K89,0) -> 0 | BD89: =AX89+BA89 -> 0 | BE89: =IFERROR(BD89/K89,0) -> 0
B90: LP3102 | J90: =I90/$C$5 -> 0 | K90: =D90*F90*H90*J90 -> 0 | AY90: =IFERROR(AX90/K90,0) -> 0 | BB90: =IFERROR(BA90/K90,0) -> 0 | BD90: =AX90+BA90 -> 0 | BE90: =IFERROR(BD90/K90,0) -> 0
B91: LP3103 | J91: =I91/$C$5 -> 0 | K91: =D91*F91*H91*J91 -> 0 | AY91: =IFERROR(AX91/K91,0) -> 0 | BB91: =IFERROR(BA91/K91,0) -> 0 | BD91: =AX91+BA91 -> 0 | BE91: =IFERROR(BD91/K91,0) -> 0
B92: LP3104 | J92: =I92/$C$5 -> 0 | K92: =D92*F92*H92*J92 -> 0 | AY92: =IFERROR(AX92/K92,0) -> 0 | BB92: =IFERROR(BA92/K92,0) -> 0 | BD92: =AX92+BA92 -> 0 | BE92: =IFERROR(BD92/K92,0) -> 0
B93: LP3105 | J93: =I93/$C$5 -> 0 | K93: =D93*F93*H93*J93 -> 0 | AY93: =IFERROR(AX93/K93,0) -> 0 | BB93: =IFERROR(BA93/K93,0) -> 0 | BD93: =AX93+BA93 -> 0 | BE93: =IFERROR(BD93/K93,0) -> 0
B94: LP3106 | J94: =I94/$C$5 -> 0 | K94: =D94*F94*H94*J94 -> 0 | AY94: =IFERROR(AX94/K94,0) -> 0 | BB94: =IFERROR(BA94/K94,0) -> 0 | BD94: =AX94+BA94 -> 0 | BE94: =IFERROR(BD94/K94,0) -> 0
B95: LP3107 | J95: =I95/$C$5 -> 0 | K95: =D95*F95*H95*J95 -> 0 | AY95: =IFERROR(AX95/K95,0) -> 0 | BB95: =IFERROR(BA95/K95,0) -> 0 | BD95: =AX95+BA95 -> 0 | BE95: =IFERROR(BD95/K95,0) -> 0
B96: LP3108 | J96: =I96/$C$5 -> 0 | K96: =D96*F96*H96*J96 -> 0 | AY96: =IFERROR(AX96/K96,0) -> 0 | BB96: =IFERROR(BA96/K96,0) -> 0 | BD96: =AX96+BA96 -> 0 | BE96: =IFERROR(BD96/K96,0) -> 0
B97: LP3109 | J97: =I97/$C$5 -> 0 | K97: =D97*F97*H97*J97 -> 0 | AY97: =IFERROR(AX97/K97,0) -> 0 | BB97: =IFERROR(BA97/K97,0) -> 0 | BD97: =AX97+BA97 -> 0 | BE97: =IFERROR(BD97/K97,0) -> 0
B98: LP3110 | J98: =I98/$C$5 -> 0 | K98: =D98*F98*H98*J98 -> 0 | AY98: =IFERROR(AX98/K98,0) -> 0 | BB98: =IFERROR(BA98/K98,0) -> 0 | BD98: =AX98+BA98 -> 0 | BE98: =IFERROR(BD98/K98,0) -> 0
C99: 3.2. Programme Management | K99: =SUM(K100:K109) -> 0 | M99: =SUM(M100:M109) -> 0 | N99: =SUM(N100:N109) -> 0 | O99: =SUM(O100:O109) -> 0 | P99: =SUM(P100:P109) -> 0 | Q99: =SUM(Q100:Q109) -> 0 | R99: =SUM(R100:R109) -> 0 | S99: =SUM(S100:S109) -> 0 | T99: =SUM(T100:T109) -> 0 | ... AV99: =SUM(AV100:AV109) -> 0 | AX99: =SUM(AX100:AX109) -> 0 | AY99: =IFERROR(AX99/K99,0) -> 0 | BA99: =SUM(BA100:BA109) -> 0 | BB99: =IFERROR(BA99/K99,0) -> 0 | BD99: =SUM(BD100:BD109) -> 0 | BE99: =IFERROR(BD99/K99,0) -> 0
B100: LP3201 | J100: =I100/$C$5 -> 0 | K100: =D100*F100*H100*J100 -> 0 | AY100: =IFERROR(AX100/K100,0) -> 0 | BB100: =IFERROR(BA100/K100,0) -> 0 | BD100: =AX100+BA100 -> 0 | BE100: =IFERROR(BD100/K100,0) -> 0
...

Sheet P1
B1: Parameters | E1: Budget Summary
B2: P1 | C2: ='Budget Consortium'!B3 -> P1 | E2: 1. Activities | F2: 2. Capital | G2: 3. Staff | H2: 4. Travel | I2: 5. Office | J2: 6. M&E | K2: Overhead | L2: Total | U2: =C3-L3 -> 0
B3: Global Amount | C3: =L3 -> 0 | E3: =K9 -> 0 | F3: =K76 -> 0 | G3: =K87 -> 0 | H3: =K132 -> 0 | I3: =K166 -> 0 | J3: =K177 -> 0 | K3: =K190 -> 0 | L3: =SUM(E3:K3) -> 0
B4: Overhead | C4: 0.07 | E4: =IFERROR(E3/$L$3,0) -> 0 | F4: =IFERROR(F3/$L$3,0) -> 0 | G4: =IFERROR(G3/$L$3,0) -> 0 | H4: =IFERROR(H3/$L$3,0) -> 0 | I4: =IFERROR(I3/$L$3,0) -> 0 | J4: =IFERROR(J3/$L$3,0) -> 0 | K4: =IFERROR(K3/$L$3,0) -> 0
B5: Rate XOF/GBP | C5: 767.326
M6: 1 | N6: 1 | O6: 1 | P6: 2 | Q6: 2 | R6: 2 | S6: 3 | T6: 3 | U6: 3 | V6: 4 | W6: 4 | X6: 4 | Y6: 5 | Z6: 5 | AA6: 5 | AB6: 6 | AC6: 6 | AD6: 6 | AE6: 7 | AF6: 7 | AG6: 7 | AH6: 8 | AI6: 8 | AJ6: 8 | AK6: 9 | AL6: 9 | AM6: 9 | AN6: 10 | AO6: 10 | AP6: 10 | AQ6: 11 | AR6: 11 | AS6: 11 | AT6: 12 | AU6: 12 | AV6: 12 | AX6: Expenses | BA6: Forecast | BD6: Expenses + Forecast | BG6: Financial Narrative (don't hesitate to use the BOQ tab for further details on calculations)
M7: Quarter 1 | P7: Quarter 2 | S7: Quarter 3 | V7: Quarter 4 | Y7: Quarter 5 | AB7: Quarter 6 | AE7: Quarter 7 | AH7: Quarter 8 | AK7: Quarter 9 | AN7: Quarter 10 | AQ7: Quarter 11 | AT7: Quarter 12
D8: Nbr | E8: Unit | F8: Nbr 2 | G8: Unit 2 | H8: % Aloc | I8: Unit XOF | J8: Unit GBP | K8: Total | M8: 44927 | N8: 44958 | O8: 44986 | P8: 45017 | Q8: 45047 | R8: 45078 | S8: 45108 | T8: 45139 | U8: 45170 | V8: 45200 | W8: 45231 | X8: 45261 | Y8: 45292 | Z8: 45323 | AA8: 45352 | AB8: 45383 | AC8: 45413 | AD8: 45444 | AE8: 45474 | AF8: 45505 | AG8: 45536 | AH8: 45566 | AI8: 45597 | AJ8: 45627 | AK8: 45658 | AL8: 45689 | AM8: 45717 | AN8: 45748 | AO8: 45778 | AP8: 45809 | AQ8: 45839 | AR8: 45870 | AS8: 45901 | AT8: 45931 | AU8: 45962 | AV8: 45992 | AX8: Total | AY8: Rate | BA8: Total | BB8: Rate | BD8: Total | BE8: Rate
C9: 1. PROJECT ACTIVITIES | K9: =K10+K21+K32+K43+K54+K65 -> 0 | M9: =M10+M21+M32+M43+M54+M65 -> 0 | N9: =N10+N21+N32+N43+N54+N65 -> 0 | O9: =O10+O21+O32+O43+O54+O65 -> 0 | P9: =P10+P21+P32+P43+P54+P65 -> 0 | Q9: =Q10+Q21+Q32+Q43+Q54+Q65 -> 0 | R9: =R10+R21+R32+R43+R54+R65 -> 0 | S9: =S10+S21+S32+S43+S54+S65 -> 0 | T9: =T10+T21+T32+T43+T54+T65 -> 0 | ... AV9: =AV10+AV21+AV32+AV43+AV54+AV65 -> 0 | AX9: =AX10+AX21+AX32+AX43+AX54+AX65 -> 0 | AY9: =IFERROR(AX9/K9,0) -> 0 | BA9: =BA10+BA21+BA32+BA43+BA54+BA65 -> 0 | BB9: =IFERROR(BA9/K9,0) -> 0 | BD9: =BD10+BD21+BD32+BD43+BD54+BD65 -> 0 | BE9: =IFERROR(BD9/K9,0) -> 0
C10: 1.1. Cash | K10: =SUM(K11:K20) -> 0 | M10: =SUM(M11:M20) -> 0 | N10: =SUM(N11:N20) -> 0 | O10: =SUM(O11:O20) -> 0 | P10: =SUM(P11:P20) -> 0 | Q10: =SUM(Q11:Q20) -> 0 | R10: =SUM(R11:R20) -> 0 | S10: =SUM(S11:S20) -> 0 | T10: =SUM(T11:T20) -> 0 | ... AV10: =SUM(AV11:AV20) -> 0 | AX10: =SUM(AX11:AX20) -> 0 | AY10: =IFERROR(AX10/K10,0) -> 0 | BA10: =SUM(BA11:BA20) -> 0 | BB10: =IFERROR(BA10/K10,0) -> 0 | BD10: =SUM(BD11:BD20) -> 0 | BE10: =IFERROR(BD10/K10,0) -> 0
B11: P11101 | J11: =I11/$C$5 -> 0 | K11: =D11*F11*H11*J11 -> 0 | AY11: =IFERROR(AX11/K11,0) -> 0 | BA11: =SUM(M11:AV11) -> 0 | BB11: =IFERROR(BA11/K11,0) -> 0 | BD11: =AX11+BA11 -> 0 | BE11: =IFERROR(BD11/K11,0) -> 0
B12: P11102 | J12: =I12/$C$5 -> 0 | K12: =D12*F12*H12*J12 -> 0 | AY12: =IFERROR(AX12/K12,0) -> 0 | BA12: =SUM(M12:AV12) -> 0 | BB12: =IFERROR(BA12/K12,0) -> 0 | BD12: =AX12+BA12 -> 0 | BE12: =IFERROR(BD12/K12,0) -> 0
B13: P11103 | J13: =I13/$C$5 -> 0 | K13: =D13*F13*H13*J13 -> 0 | AY13: =IFERROR(AX13/K13,0) -> 0 | BA13: =SUM(M13:AV13) -> 0 | BB13: =IFERROR(BA13/K13,0) -> 0 | BD13: =AX13+BA13 -> 0 | BE13: =IFERROR(BD13/K13,0) -> 0
B14: P11104 | J14: =I14/$C$5 -> 0 | K14: =D14*F14*H14*J14 -> 0 | AY14: =IFERROR(AX14/K14,0) -> 0 | BA14: =SUM(M14:AV14) -> 0 | BB14: =IFERROR(BA14/K14,0) -> 0 | BD14: =AX14+BA14 -> 0 | BE14: =IFERROR(BD14/K14,0) -> 0
B15: P11105 | J15: =I15/$C$5 -> 0 | K15: =D15*F15*H15*J15 -> 0 | AY15: =IFERROR(AX15/K15,0) -> 0 | BA15: =SUM(M15:AV15) -> 0 | BB15: =IFERROR(BA15/K15,0) -> 0 | BD15: =AX15+BA15 -> 0 | BE15: =IFERROR(BD15/K15,0) -> 0
B16: P11106 | J16: =I16/$C$5 -> 0 | K16: =D16*F16*H16*J16 -> 0 | AY16: =IFERROR(AX16/K16,0) -> 0 | BA16: =SUM(M16:AV16) -> 0 | BB16: =IFERROR(BA16/K16,0) -> 0 | BD16: =AX16+BA16 -> 0 | BE16: =IFERROR(BD16/K16,0) -> 0
B17: P11107 | J17: =I17/$C$5 -> 0 | K17: =D17*F17*H17*J17 -> 0 | AY17: =IFERROR(AX17/K17,0) -> 0 | BA17: =SUM(M17:AV17) -> 0 | BB17: =IFERROR(BA17/K17,0) -> 0 | BD17: =AX17+BA17 -> 0 | BE17: =IFERROR(BD17/K17,0) -> 0
B18: P11108 | J18: =I18/$C$5 -> 0 | K18: =D18*F18*H18*J18 -> 0 | AY18: =IFERROR(AX18/K18,0) -> 0 | BA18: =SUM(M18:AV18) -> 0 | BB18: =IFERROR(BA18/K18,0) -> 0 | BD18: =AX18+BA18 -> 0 | BE18: =IFERROR(BD18/K18,0) -> 0
B19: P11109 | J19: =I19/$C$5 -> 0 | K19: =D19*F19*H19*J19 -> 0 | AY19: =IFERROR(AX19/K19,0) -> 0 | BA19: =SUM(M19:AV19) -> 0 | BB19: =IFERROR(BA19/K19,0) -> 0 | BD19: =AX19+BA19 -> 0 | BE19: =IFERROR(BD19/K19,0) -> 0
B20: P11110 | J20: =I20/$C$5 -> 0 | K20: =D20*F20*H20*J20 -> 0 | AY20: =IFERROR(AX20/K20,0) -> 0 | BA20: =SUM(M20:AV20) -> 0 | BB20: =IFERROR(BA20/K20,0) -> 0 | BD20: =AX20+BA20 -> 0 | BE20: =IFERROR(BD20/K20,0) -> 0
C21: 1.2. Food Security & Livelihood | K21: =SUM(K22:K31) -> 0 | M21: =SUM(M22:M31) -> 0 | N21: =SUM(N22:N31) -> 0 | O21: =SUM(O22:O31) -> 0 | P21: =SUM(P22:P31) -> 0 | Q21: =SUM(Q22:Q31) -> 0 | R21: =SUM(R22:R31) -> 0 | S21: =SUM(S22:S31) -> 0 | T21: =SUM(T22:T31) -> 0 | ... AV21: =SUM(AV22:AV31) -> 0 | AX21: =SUM(AX22:AX31) -> 0 | AY21: =IFERROR(AX21/K21,0) -> 0 | BA21: =SUM(BA22:BA31) -> 0 | BB21: =IFERROR(BA21/K21,0) -> 0 | BD21: =SUM(BD22:BD31) -> 0 | BE21: =IFERROR(BD21/K21,0) -> 0
B22: P11201 | J22: =I22/$C$5 -> 0 | K22: =D22*F22*H22*J22 -> 0 | AY22: =IFERROR(AX22/K22,0) -> 0 | BB22: =IFERROR(BA22/K22,0) -> 0
B23: P11202 | J23: =I23/$C$5 -> 0 | K23: =D23*F23*H23*J23 -> 0 | AY23: =IFERROR(AX23/K23,0) -> 0 | BB23: =IFERROR(BA23/K23,0) -> 0
B24: P11203 | J24: =I24/$C$5 -> 0 | K24: =D24*F24*H24*J24 -> 0 | AY24: =IFERROR(AX24/K24,0) -> 0 | BB24: =IFERROR(BA24/K24,0) -> 0
B25: P11204 | J25: =I25/$C$5 -> 0 | K25: =D25*F25*H25*J25 -> 0 | AY25: =IFERROR(AX25/K25,0) -> 0 | BB25: =IFERROR(BA25/K25,0) -> 0
B26: P11205 | J26: =I26/$C$5 -> 0 | K26: =D26*F26*H26*J26 -> 0 | AY26: =IFERROR(AX26/K26,0) -> 0 | BB26: =IFERROR(BA26/K26,0) -> 0
B27: P11206 | J27: =I27/$C$5 -> 0 | K27: =D27*F27*H27*J27 -> 0 | AY27: =IFERROR(AX27/K27,0) -> 0 | BB27: =IFERROR(BA27/K27,0) -> 0
B28: P11207 | J28: =I28/$C$5 -> 0 | K28: =D28*F28*H28*J28 -> 0 | AY28: =IFERROR(AX28/K28,0) -> 0 | BB28: =IFERROR(BA28/K28,0) -> 0
B29: P11208 | J29: =I29/$C$5 -> 0 | K29: =D29*F29*H29*J29 -> 0 | AY29: =IFERROR(AX29/K29,0) -> 0 | BB29: =IFERROR(BA29/K29,0) -> 0
B30: P11209 | J30: =I30/$C$5 -> 0 | K30: =D30*F30*H30*J30 -> 0 | AY30: =IFERROR(AX30/K30,0) -> 0 | BB30: =IFERROR(BA30/K30,0) -> 0
B31: P11210 | J31: =I31/$C$5 -> 0 | K31: =D31*F31*H31*J31 -> 0 | AY31: =IFERROR(AX31/K31,0) -> 0 | BB31: =IFERROR(BA31/K31,0) -> 0
C32: 1.3. Protection | K32: =SUM(K33:K42) -> 0 | M32: =SUM(M33:M42) -> 0 | N32: =SUM(N33:N42) -> 0 | O32: =SUM(O33:O42) -> 0 | P32: =SUM(P33:P42) -> 0 | Q32: =SUM(Q33:Q42) -> 0 | R32: =SUM(R33:R42) -> 0 | S32: =SUM(S33:S42) -> 0 | T32: =SUM(T33:T42) -> 0 | ... AV32: =SUM(AV33:AV42) -> 0 | AX32: =SUM(AX33:AX42) -> 0 | AY32: =IFERROR(AX32/K32,0) -> 0 | BA32: =SUM(BA33:BA42) -> 0 | BB32: =IFERROR(BA32/K32,0) -> 0 | BD32: =SUM(BD33:BD42) -> 0 | BE32: =IFERROR(BD32/K32,0) -> 0
B33: P11301 | J33: =I33/$C$5 -> 0 | K33: =D33*F33*H33*J33 -> 0 | V33: =$D33/2*$J33 -> 0 | AH33: =$D33/2*$J33 -> 0 | AK33: =$D33/2*$J33 -> 0 | AN33: =$D33/2*$J33 -> 0 | AY33: =IFERROR(AX33/K33,0) -> 0 | BA33: =SUM(M33:AV33) -> 0 | BB33: =IFERROR(BA33/K33,0) -> 0 | BD33: =AX33+BA33 -> 0 | BE33: =IFERROR(BD33/K33,0) -> 0
B34: P11302 | J34: =I34/$C$5 -> 0 | K34: =D34*F34*H34*J34 -> 0 | T34: =$K$34/6 -> 0 | U34: =$K$34/6 -> 0 | V34: =$K$34/6 -> 0 | AF34: =$K$34/6 -> 0 | AG34: =$K$34/6 -> 0 | AH34: =$K$34/6 -> 0 | AY34: =IFERROR(AX34/K34,0) -> 0 | BA34: =SUM(M34:AV34) -> 0 | BB34: =IFERROR(BA34/K34,0) -> 0 | BD34: =AX34+BA34 -> 0 | BE34: =IFERROR(BD34/K34,0) -> 0
B35: P11303 | J35: =I35/$C$5 -> 0 | K35: =D35*F35*H35*J35 -> 0 | AY35: =IFERROR(AX35/K35,0) -> 0 | BB35: =IFERROR(BA35/K35,0) -> 0 | BD35: =AX35+BA35 -> 0 | BE35: =IFERROR(BD35/K35,0) -> 0
B36: P11304 | J36: =I36/$C$5 -> 0 | K36: =D36*F36*H36*J36 -> 0 | AY36: =IFERROR(AX36/K36,0) -> 0 | BB36: =IFERROR(BA36/K36,0) -> 0 | BD36: =AX36+BA36 -> 0 | BE36: =IFERROR(BD36/K36,0) -> 0
B37: P11305 | J37: =I37/$C$5 -> 0 | K37: =D37*F37*H37*J37 -> 0 | AY37: =IFERROR(AX37/K37,0) -> 0 | BB37: =IFERROR(BA37/K37,0) -> 0 | BD37: =AX37+BA37 -> 0 | BE37: =IFERROR(BD37/K37,0) -> 0
B38: P11306 | J38: =I38/$C$5 -> 0 | K38: =D38*F38*H38*J38 -> 0 | AY38: =IFERROR(AX38/K38,0) -> 0 | BB38: =IFERROR(BA38/K38,0) -> 0 | BD38: =AX38+BA38 -> 0 | BE38: =IFERROR(BD38/K38,0) -> 0
B39: P11307 | J39: =I39/$C$5 -> 0 | K39: =D39*F39*H39*J39 -> 0 | AY39: =IFERROR(AX39/K39,0) -> 0 | BB39: =IFERROR(BA39/K39,0) -> 0 | BD39: =AX39+BA39 -> 0 | BE39: =IFERROR(BD39/K39,0) -> 0
B40: P11308 | J40: =I40/$C$5 -> 0 | K40: =D40*F40*H40*J40 -> 0 | AY40: =IFERROR(AX40/K40,0) -> 0 | BB40: =IFERROR(BA40/K40,0) -> 0 | BD40: =AX40+BA40 -> 0 | BE40: =IFERROR(BD40/K40,0) -> 0
B41: P11309 | J41: =I41/$C$5 -> 0 | K41: =D41*F41*H41*J41 -> 0 | AY41: =IFERROR(AX41/K41,0) -> 0 | BB41: =IFERROR(BA41/K41,0) -> 0 | BD41: =AX41+BA41 -> 0 | BE41: =IFERROR(BD41/K41,0) -> 0
B42: P11310 | J42: =I42/$C$5 -> 0 | K42: =D42*F42*H42*J42 -> 0 | Q42: =K42 -> 0 | AY42: =IFERROR(AX42/K42,0) -> 0 | BA42: =SUM(M42:AV42) -> 0 | BB42: =IFERROR(BA42/K42,0) -> 0 | BD42: =AX42+BA42 -> 0 | BE42: =IFERROR(BD42/K42,0) -> 0
C43: 1.4. Health | K43: =SUM(K44:K53) -> 0 | M43: =SUM(M44:M53) -> 0 | N43: =SUM(N44:N53) -> 0 | O43: =SUM(O44:O53) -> 0 | P43: =SUM(P44:P53) -> 0 | Q43: =SUM(Q44:Q53) -> 0 | R43: =SUM(R44:R53) -> 0 | S43: =SUM(S44:S53) -> 0 | T43: =SUM(T44:T53) -> 0 | ... AV43: =SUM(AV44:AV53) -> 0 | AX43: =SUM(AX44:AX53) -> 0 | AY43: =IFERROR(AX43/K43,0) -> 0 | BA43: =SUM(BA44:BA53) -> 0 | BB43: =IFERROR(BA43/K43,0) -> 0 | BD43: =SUM(BD44:BD53) -> 0 | BE43: =IFERROR(BD43/K43,0) -> 0
B44: P11401 | J44: =I44/$C$5 -> 0 | K44: =D44*F44*H44*J44 -> 0 | AY44: =IFERROR(AX44/K44,0) -> 0 | BA44: =SUM(M44:AV44) -> 0 | BB44: =IFERROR(BA44/K44,0) -> 0 | BD44: =AX44+BA44 -> 0 | BE44: =IFERROR(BD44/K44,0) -> 0
B45: P11402 | J45: =I45/$C$5 -> 0 | K45: =D45*F45*H45*J45 -> 0 | AY45: =IFERROR(AX45/K45,0) -> 0 | BB45: =IFERROR(BA45/K45,0) -> 0 | BD45: =AX45+BA45 -> 0 | BE45: =IFERROR(BD45/K45,0) -> 0
B46: P11403 | J46: =I46/$C$5 -> 0 | K46: =D46*F46*H46*J46 -> 0 | AY46: =IFERROR(AX46/K46,0) -> 0 | BB46: =IFERROR(BA46/K46,0) -> 0 | BD46: =AX46+BA46 -> 0 | BE46: =IFERROR(BD46/K46,0) -> 0
B47: P11404 | J47: =I47/$C$5 -> 0 | K47: =D47*F47*H47*J47 -> 0 | AY47: =IFERROR(AX47/K47,0) -> 0 | BB47: =IFERROR(BA47/K47,0) -> 0 | BD47: =AX47+BA47 -> 0 | BE47: =IFERROR(BD47/K47,0) -> 0
B48: P11405 | J48: =I48/$C$5 -> 0 | K48: =D48*F48*H48*J48 -> 0 | AY48: =IFERROR(AX48/K48,0) -> 0 | BB48: =IFERROR(BA48/K48,0) -> 0 | BD48: =AX48+BA48 -> 0 | BE48: =IFERROR(BD48/K48,0) -> 0
B49: P11406 | J49: =I49/$C$5 -> 0 | K49: =D49*F49*H49*J49 -> 0 | AY49: =IFERROR(AX49/K49,0) -> 0 | BB49: =IFERROR(BA49/K49,0) -> 0 | BD49: =AX49+BA49 -> 0 | BE49: =IFERROR(BD49/K49,0) -> 0
B50: P11407 | J50: =I50/$C$5 -> 0 | K50: =D50*F50*H50*J50 -> 0 | AY50: =IFERROR(AX50/K50,0) -> 0 | BB50: =IFERROR(BA50/K50,0) -> 0 | BD50: =AX50+BA50 -> 0 | BE50: =IFERROR(BD50/K50,0) -> 0
B51: P11408 | J51: =I51/$C$5 -> 0 | K51: =D51*F51*H51*J51 -> 0 | AY51: =IFERROR(AX51/K51,0) -> 0 | BB51: =IFERROR(BA51/K51,0) -> 0 | BD51: =AX51+BA51 -> 0 | BE51: =IFERROR(BD51/K51,0) -> 0
B52: P11409 | J52: =I52/$C$5 -> 0 | K52: =D52*F52*H52*J52 -> 0 | AY52: =IFERROR(AX52/K52,0) -> 0 | BB52: =IFERROR(BA52/K52,0) -> 0 | BD52: =AX52+BA52 -> 0 | BE52: =IFERROR(BD52/K52,0) -> 0
B53: P11410 | J53: =I53/$C$5 -> 0 | K53: =D53*F53*H53*J53 -> 0 | AY53: =IFERROR(AX53/K53,0) -> 0 | BB53: =IFERROR(BA53/K53,0) -> 0 | BD53: =AX53+BA53 -> 0 | BE53: =IFERROR(BD53/K53,0) -> 0
C54: 1.5. Nutrition | K54: =SUM(K55:K64) -> 0 | M54: =SUM(M55:M64) -> 0 | N54: =SUM(N55:N64) -> 0 | O54: =SUM(O55:O64) -> 0 | P54: =SUM(P55:P64) -> 0 | Q54: =SUM(Q55:Q64) -> 0 | R54: =SUM(R55:R64) -> 0 | S54: =SUM(S55:S64) -> 0 | T54: =SUM(T55:T64) -> 0 | ... AV54: =SUM(AV55:AV64) -> 0 | AX54: =SUM(AX55:AX64) -> 0 | AY54: =IFERROR(AX54/K54,0) -> 0 | BA54: =SUM(BA55:BA64) -> 0 | BB54: =IFERROR(BA54/K54,0) -> 0 | BD54: =SUM(BD55:BD64) -> 0 | BE54: =IFERROR(BD54/K54,0) -> 0
B55: P11501 | J55: =I55/$C$5 -> 0 | K55: =D55*F55*H55*J55 -> 0 | AY55: =IFERROR(AX55/K55,0) -> 0 | BB55: =IFERROR(BA55/K55,0) -> 0 | BD55: =AX55+BA55 -> 0 | BE55: =IFERROR(BD55/K55,0) -> 0
B56: P11502 | J56: =I56/$C$5 -> 0 | K56: =D56*F56*H56*J56 -> 0 | AY56: =IFERROR(AX56/K56,0) -> 0 | BB56: =IFERROR(BA56/K56,0) -> 0 | BD56: =AX56+BA56 -> 0 | BE56: =IFERROR(BD56/K56,0) -> 0
B57: P11503 | J57: =I57/$C$5 -> 0 | K57: =D57*F57*H57*J57 -> 0 | AY57: =IFERROR(AX57/K57,0) -> 0 | BB57: =IFERROR(BA57/K57,0) -> 0 | BD57: =AX57+BA57 -> 0 | BE57: =IFERROR(BD57/K57,0) -> 0
B58: P11504 | J58: =I58/$C$5 -> 0 | K58: =D58*F58*H58*J58 -> 0 | AY58: =IFERROR(AX58/K58,0) -> 0 | BB58: =IFERROR(BA58/K58,0) -> 0 | BD58: =AX58+BA58 -> 0 | BE58: =IFERROR(BD58/K58,0) -> 0
B59: P11505 | J59: =I59/$C$5 -> 0 | K59: =D59*F59*H59*J59 -> 0 | AY59: =IFERROR(AX59/K59,0) -> 0 | BB59: =IFERROR(BA59/K59,0) -> 0 | BD59: =AX59+BA59 -> 0 | BE59: =IFERROR(BD59/K59,0) -> 0
B60: P11506 | J60: =I60/$C$5 -> 0 | K60: =D60*F60*H60*J60 -> 0 | AY60: =IFERROR(AX60/K60,0) -> 0 | BB60: =IFERROR(BA60/K60,0) -> 0 | BD60: =AX60+BA60 -> 0 | BE60: =IFERROR(BD60/K60,0) -> 0
B61: P11507 | J61: =I61/$C$5 -> 0 | K61: =D61*F61*H61*J61 -> 0 | AY61: =IFERROR(AX61/K61,0) -> 0 | BB61: =IFERROR(BA61/K61,0) -> 0 | BD61: =AX61+BA61 -> 0 | BE61: =IFERROR(BD61/K61,0) -> 0
B62: P11508 | J62: =I62/$C$5 -> 0 | K62: =D62*F62*H62*J62 -> 0 | AY62: =IFERROR(AX62/K62,0) -> 0 | BB62: =IFERROR(BA62/K62,0) -> 0 | BD62: =AX62+BA62 -> 0 | BE62: =IFERROR(BD62/K62,0) -> 0
B63: P11509 | J63: =I63/$C$5 -> 0 | K63: =D63*F63*H63*J63 -> 0 | AY63: =IFERROR(AX63/K63,0) -> 0 | BB63: =IFERROR(BA63/K63,0) -> 0 | BD63: =AX63+BA63 -> 0 | BE63: =IFERROR(BD63/K63,0) -> 0
B64: P11510 | J64: =I64/$C$5 -> 0 | K64: =D64*F64*H64*J64 -> 0 | N64: =+K64 -> 0 | AY64: =IFERROR(AX64/K64,0) -> 0 | BA64: =SUM(M64:AV64) -> 0 | BB64: =IFERROR(BA64/K64,0) -> 0 | BD64: =AX64+BA64 -> 0 | BE64: =IFERROR(BD64/K64,0) -> 0
C65: 1.6. Other (Visibility, ….) | K65: =SUM(K66:K75) -> 0 | M65: =SUM(M66:M75) -> 0 | N65: =SUM(N66:N75) -> 0 | O65: =SUM(O66:O75) -> 0 | P65: =SUM(P66:P75) -> 0 | Q65: =SUM(Q66:Q75) -> 0 | R65: =SUM(R66:R75) -> 0 | S65: =SUM(S66:S75) -> 0 | T65: =SUM(T66:T75) -> 0 | ... AV65: =SUM(AV66:AV75) -> 0 | AX65: =SUM(AX66:AX75) -> 0 | AY65: =IFERROR(AX65/K65,0) -> 0 | BA65: =SUM(BA66:BA75) -> 0 | BB65: =IFERROR(BA65/K65,0) -> 0 | BD65: =SUM(BD66:BD75) -> 0 | BE65: =IFERROR(BD65/K65,0) -> 0
B66: P11601 | J66: =I66/$C$5 -> 0 | K66: =D66*F66*H66*J66 -> 0 | AY66: =IFERROR(AX66/K66,0) -> 0 | BB66: =IFERROR(BA66/K66,0) -> 0 | BD66: =AX66+BA66 -> 0 | BE66: =IFERROR(BD66/K66,0) -> 0
B67: P11602 | J67: =I67/$C$5 -> 0 | K67: =D67*F67*H67*J67 -> 0 | AY67: =IFERROR(AX67/K67,0) -> 0 | BB67: =IFERROR(BA67/K67,0) -> 0 | BD67: =AX67+BA67 -> 0 | BE67: =IFERROR(BD67/K67,0) -> 0
B68: P11603 | J68: =I68/$C$5 -> 0 | K68: =D68*F68*H68*J68 -> 0 | AY68: =IFERROR(AX68/K68,0) -> 0 | BB68: =IFERROR(BA68/K68,0) -> 0 | BD68: =AX68+BA68 -> 0 | BE68: =IFERROR(BD68/K68,0) -> 0
B69: P11604 | J69: =I69/$C$5 -> 0 | K69: =D69*F69*H69*J69 -> 0 | AY69: =IFERROR(AX69/K69,0) -> 0 | BB69: =IFERROR(BA69/K69,0) -> 0 | BD69: =AX69+BA69 -> 0 | BE69: =IFERROR(BD69/K69,0) -> 0
B70: P11605 | J70: =I70/$C$5 -> 0 | K70: =D70*F70*H70*J70 -> 0 | AY70: =IFERROR(AX70/K70,0) -> 0 | BB70: =IFERROR(BA70/K70,0) -> 0 | BD70: =AX70+BA70 -> 0 | BE70: =IFERROR(BD70/K70,0) -> 0
B71: P11606 | J71: =I71/$C$5 -> 0 | K71: =D71*F71*H71*J71 -> 0 | AY71: =IFERROR(AX71/K71,0) -> 0 | BB71: =IFERROR(BA71/K71,0) -> 0 | BD71: =AX71+BA71 -> 0 | BE71: =IFERROR(BD71/K71,0) -> 0
B72: P11607 | J72: =I72/$C$5 -> 0 | K72: =D72*F72*H72*J72 -> 0 | AY72: =IFERROR(AX72/K72,0) -> 0 | BB72: =IFERROR(BA72/K72,0) -> 0 | BD72: =AX72+BA72 -> 0 | BE72: =IFERROR(BD72/K72,0) -> 0
B73: P11608 | J73: =I73/$C$5 -> 0 | K73: =D73*F73*H73*J73 -> 0 | AY73: =IFERROR(AX73/K73,0) -> 0 | BB73: =IFERROR(BA73/K73,0) -> 0 | BD73: =AX73+BA73 -> 0 | BE73: =IFERROR(BD73/K73,0) -> 0
B74: P11609 | J74: =I74/$C$5 -> 0 | K74: =D74*F74*H74*J74 -> 0 | AY74: =IFERROR(AX74/K74,0) -> 0 | BB74: =IFERROR(BA74/K74,0) -> 0 | BD74: =AX74+BA74 -> 0 | BE74: =IFERROR(BD74/K74,0) -> 0
B75: P11610 | J75: =I75/$C$5 -> 0 | K75: =D75*F75*H75*J75 -> 0 | AY75: =IFERROR(AX75/K75,0) -> 0 | BB75: =IFERROR(BA75/K75,0) -> 0 | BD75: =AX75+BA75 -> 0 | BE75: =IFERROR(BD75/K75,0) -> 0
C76: 2. CAPITAL EXPENDITURE | K76: =SUM(K77:K86) -> 0 | M76: =SUM(M77:M86) -> 0 | N76: =SUM(N77:N86) -> 0 | O76: =SUM(O77:O86) -> 0 | P76: =SUM(P77:P86) -> 0 | Q76: =SUM(Q77:Q86) -> 0 | R76: =SUM(R77:R86) -> 0 | S76: =SUM(S77:S86) -> 0 | T76: =SUM(T77:T86) -> 0 | ... AV76: =SUM(AV77:AV86) -> 0 | AX76: =SUM(AX77:AX86) -> 0 | AY76: =IFERROR(AX76/K76,0) -> 0 | BA76: =SUM(BA77:BA86) -> 0 | BB76: =IFERROR(BA76/K76,0) -> 0 | BD76: =SUM(BD77:BD86) -> 0 | BE76: =IFERROR(BD76/K76,0) -> 0
B77: P12001 | J77: =I77/$C$5 -> 0 | K77: =D77*F77*H77*J77 -> 0 | AY77: =IFERROR(AX77/K77,0) -> 0 | BB77: =IFERROR(BA77/K77,0) -> 0 | BD77: =AX77+BA77 -> 0 | BE77: =IFERROR(BD77/K77,0) -> 0
B78: P12002 | J78: =I78/$C$5 -> 0 | K78: =D78*F78*H78*J78 -> 0 | AY78: =IFERROR(AX78/K78,0) -> 0 | BB78: =IFERROR(BA78/K78,0) -> 0 | BD78: =AX78+BA78 -> 0 | BE78: =IFERROR(BD78/K78,0) -> 0
B79: P12003 | J79: =I79/$C$5 -> 0 | K79: =D79*F79*H79*J79 -> 0 | AY79: =IFERROR(AX79/K79,0) -> 0 | BB79: =IFERROR(BA79/K79,0) -> 0 | BD79: =AX79+BA79 -> 0 | BE79: =IFERROR(BD79/K79,0) -> 0
B80: P12004 | J80: =I80/$C$5 -> 0 | K80: =D80*F80*H80*J80 -> 0 | AY80: =IFERROR(AX80/K80,0) -> 0 | BB80: =IFERROR(BA80/K80,0) -> 0 | BD80: =AX80+BA80 -> 0 | BE80: =IFERROR(BD80/K80,0) -> 0
B81: P12005 | J81: =I81/$C$5 -> 0 | K81: =D81*F81*H81*J81 -> 0 | AY81: =IFERROR(AX81/K81,0) -> 0 | BB81: =IFERROR(BA81/K81,0) -> 0 | BD81: =AX81+BA81 -> 0 | BE81: =IFERROR(BD81/K81,0) -> 0
B82: P12006 | J82: =I82/$C$5 -> 0 | K82: =D82*F82*H82*J82 -> 0 | AY82: =IFERROR(AX82/K82,0) -> 0 | BB82: =IFERROR(BA82/K82,0) -> 0 | BD82: =AX82+BA82 -> 0 | BE82: =IFERROR(BD82/K82,0) -> 0
B83: P12007 | J83: =I83/$C$5 -> 0 | K83: =D83*F83*H83*J83 -> 0 | AY83: =IFERROR(AX83/K83,0) -> 0 | BB83: =IFERROR(BA83/K83,0) -> 0 | BD83: =AX83+BA83 -> 0 | BE83: =IFERROR(BD83/K83,0) -> 0
B84: P12008 | J84: =I84/$C$5 -> 0 | K84: =D84*F84*H84*J84 -> 0 | AY84: =IFERROR(AX84/K84,0) -> 0 | BB84: =IFERROR(BA84/K84,0) -> 0 | BD84: =AX84+BA84 -> 0 | BE84: =IFERROR(BD84/K84,0) -> 0
B85: P12009 | J85: =I85/$C$5 -> 0 | K85: =D85*F85*H85*J85 -> 0 | AY85: =IFERROR(AX85/K85,0) -> 0 | BB85: =IFERROR(BA85/K85,0) -> 0 | BD85: =AX85+BA85 -> 0 | BE85: =IFERROR(BD85/K85,0) -> 0
B86: P12010 | J86: =I86/$C$5 -> 0 | K86: =D86*F86*H86*J86 -> 0 | AY86: =IFERROR(AX86/K86,0) -> 0 | BB86: =IFERROR(BA86/K86,0) -> 0 | BD86: =AX86+BA86 -> 0 | BE86: =IFERROR(BD86/K86,0) -> 0
C87: 3. PROJECT STAFF COSTS - PAY | K87: =K88+K99+K110+K121 -> 0 | M87: =M88+M99+M110+M121 -> 0 | N87: =N88+N99+N110+N121 -> 0 | O87: =O88+O99+O110+O121 -> 0 | P87: =P88+P99+P110+P121 -> 0 | Q87: =Q88+Q99+Q110+Q121 -> 0 | R87: =R88+R99+R110+R121 -> 0 | S87: =S88+S99+S110+S121 -> 0 | T87: =T88+T99+T110+T121 -> 0 | ... AV87: =AV88+AV99+AV110+AV121 -> 0 | AX87: =AX88+AX99+AX110+AX121 -> 0 | AY87: =IFERROR(AX87/K87,0) -> 0 | BA87: =BA88+BA99+BA110+BA121 -> 0 | BB87: =IFERROR(BA87/K87,0) -> 0 | BD87: =BD88+BD99+BD110+BD121 -> 0 | BE87: =IFERROR(BD87/K87,0) -> 0
C88: 3.1 Programme Leadership | K88: =SUM(K89:K98) -> 0 | M88: =SUM(M89:M98) -> 0 | N88: =SUM(N89:N98) -> 0 | O88: =SUM(O89:O98) -> 0 | P88: =SUM(P89:P98) -> 0 | Q88: =SUM(Q89:Q98) -> 0 | R88: =SUM(R89:R98) -> 0 | S88: =SUM(S89:S98) -> 0 | T88: =SUM(T89:T98) -> 0 | ... AV88: =SUM(AV89:AV98) -> 0 | AX88: =SUM(AX89:AX98) -> 0 | AY88: =IFERROR(AX88/K88,0) -> 0 | BA88: =SUM(BA89:BA98) -> 0 | BB88: =IFERROR(BA88/K88,0) -> 0 | BD88: =SUM(BD89:BD98) -> 0 | BE88: =IFERROR(BD88/K88,0) -> 0
B89: P13101 | J89: =I89/$C$5 -> 0 | K89: =D89*F89*H89*J89 -> 0 | AY89: =IFERROR(AX89/K89,0) -> 0 | BB89: =IFERROR(BA89/K89,0) -> 0 | BD89: =AX89+BA89 -> 0 | BE89: =IFERROR(BD89/K89,0) -> 0
B90: P13102 | J90: =I90/$C$5 -> 0 | K90: =D90*F90*H90*J90 -> 0 | AY90: =IFERROR(AX90/K90,0) -> 0 | BB90: =IFERROR(BA90/K90,0) -> 0 | BD90: =AX90+BA90 -> 0 | BE90: =IFERROR(BD90/K90,0) -> 0
B91: P13103 | J91: =I91/$C$5 -> 0 | K91: =D91*F91*H91*J91 -> 0 | AY91: =IFERROR(AX91/K91,0) -> 0 | BB91: =IFERROR(BA91/K91,0) -> 0 | BD91: =AX91+BA91 -> 0 | BE91: =IFERROR(BD91/K91,0) -> 0
B92: P13104 | J92: =I92/$C$5 -> 0 | K92: =D92*F92*H92*J92 -> 0 | AY92: =IFERROR(AX92/K92,0) -> 0 | BB92: =IFERROR(BA92/K92,0) -> 0 | BD92: =AX92+BA92 -> 0 | BE92: =IFERROR(BD92/K92,0) -> 0
B93: P13105 | J93: =I93/$C$5 -> 0 | K93: =D93*F93*H93*J93 -> 0 | AY93: =IFERROR(AX93/K93,0) -> 0 | BB93: =IFERROR(BA93/K93,0) -> 0 | BD93: =AX93+BA93 -> 0 | BE93: =IFERROR(BD93/K93,0) -> 0
B94: P13106 | J94: =I94/$C$5 -> 0 | K94: =D94*F94*H94*J94 -> 0 | AY94: =IFERROR(AX94/K94,0) -> 0 | BB94: =IFERROR(BA94/K94,0) -> 0 | BD94: =AX94+BA94 -> 0 | BE94: =IFERROR(BD94/K94,0) -> 0
B95: P13107 | J95: =I95/$C$5 -> 0 | K95: =D95*F95*H95*J95 -> 0 | AY95: =IFERROR(AX95/K95,0) -> 0 | BB95: =IFERROR(BA95/K95,0) -> 0 | BD95: =AX95+BA95 -> 0 | BE95: =IFERROR(BD95/K95,0) -> 0
B96: P13108 | J96: =I96/$C$5 -> 0 | K96: =D96*F96*H96*J96 -> 0 | AY96: =IFERROR(AX96/K96,0) -> 0 | BB96: =IFERROR(BA96/K96,0) -> 0 | BD96: =AX96+BA96 -> 0 | BE96: =IFERROR(BD96/K96,0) -> 0
B97: P13109 | J97: =I97/$C$5 -> 0 | K97: =D97*F97*H97*J97 -> 0 | AY97: =IFERROR(AX97/K97,0) -> 0 | BB97: =IFERROR(BA97/K97,0) -> 0 | BD97: =AX97+BA97 -> 0 | BE97: =IFERROR(BD97/K97,0) -> 0
B98: P13110 | J98: =I98/$C$5 -> 0 | K98: =D98*F98*H98*J98 -> 0 | AY98: =IFERROR(AX98/K98,0) -> 0 | BB98: =IFERROR(BA98/K98,0) -> 0 | BD98: =AX98+BA98 -> 0 | BE98: =IFERROR(BD98/K98,0) -> 0
C99: 3.2. Programme Management | K99: =SUM(K100:K109) -> 0 | M99: =SUM(M100:M109) -> 0 | N99: =SUM(N100:N109) -> 0 | O99: =SUM(O100:O109) -> 0 | P99: =SUM(P100:P109) -> 0 | Q99: =SUM(Q100:Q109) -> 0 | R99: =SUM(R100:R109) -> 0 | S99: =SUM(S100:S109) -> 0 | T99: =SUM(T100:T109) -> 0 | ... AV99: =SUM(AV100:AV109) -> 0 | AX99: =SUM(AX100:AX109) -> 0 | AY99: =IFERROR(AX99/K99,0) -> 0 | BA99: =SUM(BA100:BA109) -> 0 | BB99: =IFERROR(BA99/K99,0) -> 0 | BD99: =SUM(BD100:BD109) -> 0 | BE99: =IFERROR(BD99/K99,0) -> 0
B100: P13201 | J100: =I100/$C$5 -> 0 | K100: =D100*F100*H100*J100 -> 0 | AY100: =IFERROR(AX100/K100,0) -> 0 | BB100: =IFERROR(BA100/K100,0) -> 0 | BD100: =AX100+BA100 -> 0 | BE100: =IFERROR(BD100/K100,0) -> 0
...

Sheet P2
B1: Parameters | E1: Budget Summary
B2: P2 | C2: ='Budget Consortium'!B4 -> P2 | E2: 1. Activities | F2: 2. Capital | G2: 3. Staff | H2: 4. Travel | I2: 5. Office | J2: 6. M&E | K2: Overhead | L2: Total | U2: =C3-L3 -> 0
B3: Global Amount | C3: =L3 -> 0 | E3: =K9 -> 0 | F3: =K76 -> 0 | G3: =K87 -> 0 | H3: =K132 -> 0 | I3: =K166 -> 0 | J3: =K177 -> 0 | K3: =K190 -> 0 | L3: =SUM(E3:K3) -> 0
B4: Overhead | C4: 0.07 | E4: =IFERROR(E3/$L$3,0) -> 0 | F4: =IFERROR(F3/$L$3,0) -> 0 | G4: =IFERROR(G3/$L$3,0) -> 0 | H4: =IFERROR(H3/$L$3,0) -> 0 | I4: =IFERROR(I3/$L$3,0) -> 0 | J4: =IFERROR(J3/$L$3,0) -> 0 | K4: =IFERROR(K3/$L$3,0) -> 0
B5: Rate XOF/GBP | C5: 767.326
M6: 1 | N6: 1 | O6: 1 | P6: 2 | Q6: 2 | R6: 2 | S6: 3 | T6: 3 | U6: 3 | V6: 4 | W6: 4 | X6: 4 | Y6: 5 | Z6: 5 | AA6: 5 | AB6: 6 | AC6: 6 | AD6: 6 | AE6: 7 | AF6: 7 | AG6: 7 | AH6: 8 | AI6: 8 | AJ6: 8 | AK6: 9 | AL6: 9 | AM6: 9 | AN6: 10 | AO6: 10 | AP6: 10 | AQ6: 11 | AR6: 11 | AS6: 11 | AT6: 12 | AU6: 12 | AV6: 12 | AX6: Expenses | BA6: Forecast | BD6: Expenses + Forecast | BG6: Financial Narrative (don't hesitate to use the BOQ tab for further details on calculations)
M7: Quarter 1 | P7: Quarter 2 | S7: Quarter 3 | V7: Quarter 4 | Y7: Quarter 5 | AB7: Quarter 6 | AE7: Quarter 7 | AH7: Quarter 8 | AK7: Quarter 9 | AN7: Quarter 10 | AQ7: Quarter 11 | AT7: Quarter 12
D8: Nbr | E8: Unit | F8: Nbr 2 | G8: Unit 2 | H8: % Aloc | I8: Unit XOF | J8: Unit GBP | K8: Total | M8: 44927 | N8: 44958 | O8: 44986 | P8: 45017 | Q8: 45047 | R8: 45078 | S8: 45108 | T8: 45139 | U8: 45170 | V8: 45200 | W8: 45231 | X8: 45261 | Y8: 45292 | Z8: 45323 | AA8: 45352 | AB8: 45383 | AC8: 45413 | AD8: 45444 | AE8: 45474 | AF8: 45505 | AG8: 45536 | AH8: 45566 | AI8: 45597 | AJ8: 45627 | AK8: 45658 | AL8: 45689 | AM8: 45717 | AN8: 45748 | AO8: 45778 | AP8: 45809 | AQ8: 45839 | AR8: 45870 | AS8: 45901 | AT8: 45931 | AU8: 45962 | AV8: 45992 | AX8: Total | AY8: Rate | BA8: Total | BB8: Rate | BD8: Total | BE8: Rate
C9: 1. PROJECT ACTIVITIES | K9: =K10+K21+K32+K43+K54+K65 -> 0 | M9: =M10+M21+M32+M43+M54+M65 -> 0 | N9: =N10+N21+N32+N43+N54+N65 -> 0 | O9: =O10+O21+O32+O43+O54+O65 -> 0 | P9: =P10+P21+P32+P43+P54+P65 -> 0 | Q9: =Q10+Q21+Q32+Q43+Q54+Q65 -> 0 | R9: =R10+R21+R32+R43+R54+R65 -> 0 | S9: =S10+S21+S32+S43+S54+S65 -> 0 | T9: =T10+T21+T32+T43+T54+T65 -> 0 | ... AV9: =AV10+AV21+AV32+AV43+AV54+AV65 -> 0 | AX9: =AX10+AX21+AX32+AX43+AX54+AX65 -> 0 | AY9: =IFERROR(AX9/K9,0) -> 0 | BA9: =BA10+BA21+BA32+BA43+BA54+BA65 -> 0 | BB9: =IFERROR(BA9/K9,0) -> 0 | BD9: =BD10+BD21+BD32+BD43+BD54+BD65 -> 0 | BE9: =IFERROR(BD9/K9,0) -> 0
C10: 1.1. Cash | K10: =SUM(K11:K20) -> 0 | M10: =SUM(M11:M20) -> 0 | N10: =SUM(N11:N20) -> 0 | O10: =SUM(O11:O20) -> 0 | P10: =SUM(P11:P20) -> 0 | Q10: =SUM(Q11:Q20) -> 0 | R10: =SUM(R11:R20) -> 0 | S10: =SUM(S11:S20) -> 0 | T10: =SUM(T11:T20) -> 0 | ... AV10: =SUM(AV11:AV20) -> 0 | AX10: =SUM(AX11:AX20) -> 0 | AY10: =IFERROR(AX10/K10,0) -> 0 | BA10: =SUM(BA11:BA20) -> 0 | BB10: =IFERROR(BA10/K10,0) -> 0 | BD10: =SUM(BD11:BD20) -> 0 | BE10: =IFERROR(BD10/K10,0) -> 0
B11: P21101 | J11: =I11/$C$5 -> 0 | K11: =D11*F11*H11*J11 -> 0 | AY11: =IFERROR(AX11/K11,0) -> 0 | BA11: =SUM(M11:AV11) -> 0 | BB11: =IFERROR(BA11/K11,0) -> 0 | BD11: =AX11+BA11 -> 0 | BE11: =IFERROR(BD11/K11,0) -> 0
B12: P21102 | J12: =I12/$C$5 -> 0 | K12: =D12*F12*H12*J12 -> 0 | AY12: =IFERROR(AX12/K12,0) -> 0 | BA12: =SUM(M12:AV12) -> 0 | BB12: =IFERROR(BA12/K12,0) -> 0 | BD12: =AX12+BA12 -> 0 | BE12: =IFERROR(BD12/K12,0) -> 0
B13: P21103 | J13: =I13/$C$5 -> 0 | K13: =D13*F13*H13*J13 -> 0 | AY13: =IFERROR(AX13/K13,0) -> 0 | BA13: =SUM(M13:AV13) -> 0 | BB13: =IFERROR(BA13/K13,0) -> 0 | BD13: =AX13+BA13 -> 0 | BE13: =IFERROR(BD13/K13,0) -> 0
B14: P21104 | J14: =I14/$C$5 -> 0 | K14: =D14*F14*H14*J14 -> 0 | AY14: =IFERROR(AX14/K14,0) -> 0 | BA14: =SUM(M14:AV14) -> 0 | BB14: =IFERROR(BA14/K14,0) -> 0 | BD14: =AX14+BA14 -> 0 | BE14: =IFERROR(BD14/K14,0) -> 0
B15: P21105 | J15: =I15/$C$5 -> 0 | K15: =D15*F15*H15*J15 -> 0 | AY15: =IFERROR(AX15/K15,0) -> 0 | BA15: =SUM(M15:AV15) -> 0 | BB15: =IFERROR(BA15/K15,0) -> 0 | BD15: =AX15+BA15 -> 0 | BE15: =IFERROR(BD15/K15,0) -> 0
B16: P21106 | J16: =I16/$C$5 -> 0 | K16: =D16*F16*H16*J16 -> 0 | AY16: =IFERROR(AX16/K16,0) -> 0 | BA16: =SUM(M16:AV16) -> 0 | BB16: =IFERROR(BA16/K16,0) -> 0 | BD16: =AX16+BA16 -> 0 | BE16: =IFERROR(BD16/K16,0) -> 0
B17: P21107 | J17: =I17/$C$5 -> 0 | K17: =D17*F17*H17*J17 -> 0 | AY17: =IFERROR(AX17/K17,0) -> 0 | BA17: =SUM(M17:AV17) -> 0 | BB17: =IFERROR(BA17/K17,0) -> 0 | BD17: =AX17+BA17 -> 0 | BE17: =IFERROR(BD17/K17,0) -> 0
B18: P21108 | J18: =I18/$C$5 -> 0 | K18: =D18*F18*H18*J18 -> 0 | AY18: =IFERROR(AX18/K18,0) -> 0 | BA18: =SUM(M18:AV18) -> 0 | BB18: =IFERROR(BA18/K18,0) -> 0 | BD18: =AX18+BA18 -> 0 | BE18: =IFERROR(BD18/K18,0) -> 0
B19: P21109 | J19: =I19/$C$5 -> 0 | K19: =D19*F19*H19*J19 -> 0 | AY19: =IFERROR(AX19/K19,0) -> 0 | BA19: =SUM(M19:AV19) -> 0 | BB19: =IFERROR(BA19/K19,0) -> 0 | BD19: =AX19+BA19 -> 0 | BE19: =IFERROR(BD19/K19,0) -> 0
B20: P21110 | J20: =I20/$C$5 -> 0 | K20: =D20*F20*H20*J20 -> 0 | AY20: =IFERROR(AX20/K20,0) -> 0 | BA20: =SUM(M20:AV20) -> 0 | BB20: =IFERROR(BA20/K20,0) -> 0 | BD20: =AX20+BA20 -> 0 | BE20: =IFERROR(BD20/K20,0) -> 0
C21: 1.2. Food Security & Livelihood | K21: =SUM(K22:K31) -> 0 | M21: =SUM(M22:M31) -> 0 | N21: =SUM(N22:N31) -> 0 | O21: =SUM(O22:O31) -> 0 | P21: =SUM(P22:P31) -> 0 | Q21: =SUM(Q22:Q31) -> 0 | R21: =SUM(R22:R31) -> 0 | S21: =SUM(S22:S31) -> 0 | T21: =SUM(T22:T31) -> 0 | ... AV21: =SUM(AV22:AV31) -> 0 | AX21: =SUM(AX22:AX31) -> 0 | AY21: =IFERROR(AX21/K21,0) -> 0 | BA21: =SUM(BA22:BA31) -> 0 | BB21: =IFERROR(BA21/K21,0) -> 0 | BD21: =SUM(BD22:BD31) -> 0 | BE21: =IFERROR(BD21/K21,0) -> 0
B22: P21201 | J22: =I22/$C$5 -> 0 | K22: =D22*F22*H22*J22 -> 0 | AY22: =IFERROR(AX22/K22,0) -> 0 | BB22: =IFERROR(BA22/K22,0) -> 0
B23: P21202 | J23: =I23/$C$5 -> 0 | K23: =D23*F23*H23*J23 -> 0 | AY23: =IFERROR(AX23/K23,0) -> 0 | BB23: =IFERROR(BA23/K23,0) -> 0
B24: P21203 | J24: =I24/$C$5 -> 0 | K24: =D24*F24*H24*J24 -> 0 | AY24: =IFERROR(AX24/K24,0) -> 0 | BB24: =IFERROR(BA24/K24,0) -> 0
B25: P21204 | J25: =I25/$C$5 -> 0 | K25: =D25*F25*H25*J25 -> 0 | AY25: =IFERROR(AX25/K25,0) -> 0 | BB25: =IFERROR(BA25/K25,0) -> 0
B26: P21205 | J26: =I26/$C$5 -> 0 | K26: =D26*F26*H26*J26 -> 0 | AY26: =IFERROR(AX26/K26,0) -> 0 | BB26: =IFERROR(BA26/K26,0) -> 0
B27: P21206 | J27: =I27/$C$5 -> 0 | K27: =D27*F27*H27*J27 -> 0 | AY27: =IFERROR(AX27/K27,0) -> 0 | BB27: =IFERROR(BA27/K27,0) -> 0
B28: P21207 | J28: =I28/$C$5 -> 0 | K28: =D28*F28*H28*J28 -> 0 | AY28: =IFERROR(AX28/K28,0) -> 0 | BB28: =IFERROR(BA28/K28,0) -> 0
B29: P21208 | J29: =I29/$C$5 -> 0 | K29: =D29*F29*H29*J29 -> 0 | AY29: =IFERROR(AX29/K29,0) -> 0 | BB29: =IFERROR(BA29/K29,0) -> 0
B30: P21209 | J30: =I30/$C$5 -> 0 | K30: =D30*F30*H30*J30 -> 0 | AY30: =IFERROR(AX30/K30,0) -> 0 | BB30: =IFERROR(BA30/K30,0) -> 0
B31: P21210 | J31: =I31/$C$5 -> 0 | K31: =D31*F31*H31*J31 -> 0 | AY31: =IFERROR(AX31/K31,0) -> 0 | BB31: =IFERROR(BA31/K31,0) -> 0
C32: 1.3. Protection | K32: =SUM(K33:K42) -> 0 | M32: =SUM(M33:M42) -> 0 | N32: =SUM(N33:N42) -> 0 | O32: =SUM(O33:O42) -> 0 | P32: =SUM(P33:P42) -> 0 | Q32: =SUM(Q33:Q42) -> 0 | R32: =SUM(R33:R42) -> 0 | S32: =SUM(S33:S42) -> 0 | T32: =SUM(T33:T42) -> 0 | ... AV32: =SUM(AV33:AV42) -> 0 | AX32: =SUM(AX33:AX42) -> 0 | AY32: =IFERROR(AX32/K32,0) -> 0 | BA32: =SUM(BA33:BA42) -> 0 | BB32: =IFERROR(BA32/K32,0) -> 0 | BD32: =SUM(BD33:BD42) -> 0 | BE32: =IFERROR(BD32/K32,0) -> 0
B33: P21301 | J33: =I33/$C$5 -> 0 | K33: =D33*F33*H33*J33 -> 0 | V33: =$D33/2*$J33 -> 0 | AH33: =$D33/2*$J33 -> 0 | AK33: =$D33/2*$J33 -> 0 | AN33: =$D33/2*$J33 -> 0 | AY33: =IFERROR(AX33/K33,0) -> 0 | BA33: =SUM(M33:AV33) -> 0 | BB33: =IFERROR(BA33/K33,0) -> 0 | BD33: =AX33+BA33 -> 0 | BE33: =IFERROR(BD33/K33,0) -> 0
B34: P21302 | J34: =I34/$C$5 -> 0 | K34: =D34*F34*H34*J34 -> 0 | T34: =$K$34/6 -> 0 | U34: =$K$34/6 -> 0 | V34: =$K$34/6 -> 0 | AF34: =$K$34/6 -> 0 | AG34: =$K$34/6 -> 0 | AH34: =$K$34/6 -> 0 | AY34: =IFERROR(AX34/K34,0) -> 0 | BA34: =SUM(M34:AV34) -> 0 | BB34: =IFERROR(BA34/K34,0) -> 0 | BD34: =AX34+BA34 -> 0 | BE34: =IFERROR(BD34/K34,0) -> 0
B35: P21303 | J35: =I35/$C$5 -> 0 | K35: =D35*F35*H35*J35 -> 0 | AY35: =IFERROR(AX35/K35,0) -> 0 | BB35: =IFERROR(BA35/K35,0) -> 0 | BD35: =AX35+BA35 -> 0 | BE35: =IFERROR(BD35/K35,0) -> 0
B36: P21304 | J36: =I36/$C$5 -> 0 | K36: =D36*F36*H36*J36 -> 0 | AY36: =IFERROR(AX36/K36,0) -> 0 | BB36: =IFERROR(BA36/K36,0) -> 0 | BD36: =AX36+BA36 -> 0 | BE36: =IFERROR(BD36/K36,0) -> 0
B37: P21305 | J37: =I37/$C$5 -> 0 | K37: =D37*F37*H37*J37 -> 0 | AY37: =IFERROR(AX37/K37,0) -> 0 | BB37: =IFERROR(BA37/K37,0) -> 0 | BD37: =AX37+BA37 -> 0 | BE37: =IFERROR(BD37/K37,0) -> 0
B38: P21306 | J38: =I38/$C$5 -> 0 | K38: =D38*F38*H38*J38 -> 0 | AY38: =IFERROR(AX38/K38,0) -> 0 | BB38: =IFERROR(BA38/K38,0) -> 0 | BD38: =AX38+BA38 -> 0 | BE38: =IFERROR(BD38/K38,0) -> 0
B39: P21307 | J39: =I39/$C$5 -> 0 | K39: =D39*F39*H39*J39 -> 0 | AY39: =IFERROR(AX39/K39,0) -> 0 | BB39: =IFERROR(BA39/K39,0) -> 0 | BD39: =AX39+BA39 -> 0 | BE39: =IFERROR(BD39/K39,0) -> 0
B40: P21308 | J40: =I40/$C$5 -> 0 | K40: =D40*F40*H40*J40 -> 0 | AY40: =IFERROR(AX40/K40,0) -> 0 | BB40: =IFERROR(BA40/K40,0) -> 0 | BD40: =AX40+BA40 -> 0 | BE40: =IFERROR(BD40/K40,0) -> 0
B41: P21309 | J41: =I41/$C$5 -> 0 | K41: =D41*F41*H41*J41 -> 0 | AY41: =IFERROR(AX41/K41,0) -> 0 | BB41: =IFERROR(BA41/K41,0) -> 0 | BD41: =AX41+BA41 -> 0 | BE41: =IFERROR(BD41/K41,0) -> 0
B42: P21310 | J42: =I42/$C$5 -> 0 | K42: =D42*F42*H42*J42 -> 0 | Q42: =K42 -> 0 | AY42: =IFERROR(AX42/K42,0) -> 0 | BA42: =SUM(M42:AV42) -> 0 | BB42: =IFERROR(BA42/K42,0) -> 0 | BD42: =AX42+BA42 -> 0 | BE42: =IFERROR(BD42/K42,0) -> 0
C43: 1.4. Health | K43: =SUM(K44:K53) -> 0 | M43: =SUM(M44:M53) -> 0 | N43: =SUM(N44:N53) -> 0 | O43: =SUM(O44:O53) -> 0 | P43: =SUM(P44:P53) -> 0 | Q43: =SUM(Q44:Q53) -> 0 | R43: =SUM(R44:R53) -> 0 | S43: =SUM(S44:S53) -> 0 | T43: =SUM(T44:T53) -> 0 | ... AV43: =SUM(AV44:AV53) -> 0 | AX43: =SUM(AX44:AX53) -> 0 | AY43: =IFERROR(AX43/K43,0) -> 0 | BA43: =SUM(BA44:BA53) -> 0 | BB43: =IFERROR(BA43/K43,0) -> 0 | BD43: =SUM(BD44:BD53) -> 0 | BE43: =IFERROR(BD43/K43,0) -> 0
B44: P21401 | J44: =I44/$C$5 -> 0 | K44: =D44*F44*H44*J44 -> 0 | AY44: =IFERROR(AX44/K44,0) -> 0 | BA44: =SUM(M44:AV44) -> 0 | BB44: =IFERROR(BA44/K44,0) -> 0 | BD44: =AX44+BA44 -> 0 | BE44: =IFERROR(BD44/K44,0) -> 0
B45: P21402 | J45: =I45/$C$5 -> 0 | K45: =D45*F45*H45*J45 -> 0 | AY45: =IFERROR(AX45/K45,0) -> 0 | BB45: =IFERROR(BA45/K45,0) -> 0 | BD45: =AX45+BA45 -> 0 | BE45: =IFERROR(BD45/K45,0) -> 0
B46: P21403 | J46: =I46/$C$5 -> 0 | K46: =D46*F46*H46*J46 -> 0 | AY46: =IFERROR(AX46/K46,0) -> 0 | BB46: =IFERROR(BA46/K46,0) -> 0 | BD46: =AX46+BA46 -> 0 | BE46: =IFERROR(BD46/K46,0) -> 0
B47: P21404 | J47: =I47/$C$5 -> 0 | K47: =D47*F47*H47*J47 -> 0 | AY47: =IFERROR(AX47/K47,0) -> 0 | BB47: =IFERROR(BA47/K47,0) -> 0 | BD47: =AX47+BA47 -> 0 | BE47: =IFERROR(BD47/K47,0) -> 0
B48: P21405 | J48: =I48/$C$5 -> 0 | K48: =D48*F48*H48*J48 -> 0 | AY48: =IFERROR(AX48/K48,0) -> 0 | BB48: =IFERROR(BA48/K48,0) -> 0 | BD48: =AX48+BA48 -> 0 | BE48: =IFERROR(BD48/K48,0) -> 0
B49: P21406 | J49: =I49/$C$5 -> 0 | K49: =D49*F49*H49*J49 -> 0 | AY49: =IFERROR(AX49/K49,0) -> 0 | BB49: =IFERROR(BA49/K49,0) -> 0 | BD49: =AX49+BA49 -> 0 | BE49: =IFERROR(BD49/K49,0) -> 0
B50: P21407 | J50: =I50/$C$5 -> 0 | K50: =D50*F50*H50*J50 -> 0 | AY50: =IFERROR(AX50/K50,0) -> 0 | BB50: =IFERROR(BA50/K50,0) -> 0 | BD50: =AX50+BA50 -> 0 | BE50: =IFERROR(BD50/K50,0) -> 0
B51: P21408 | J51: =I51/$C$5 -> 0 | K51: =D51*F51*H51*J51 -> 0 | AY51: =IFERROR(AX51/K51,0) -> 0 | BB51: =IFERROR(BA51/K51,0) -> 0 | BD51: =AX51+BA51 -> 0 | BE51: =IFERROR(BD51/K51,0) -> 0
B52: P21409 | J52: =I52/$C$5 -> 0 | K52: =D52*F52*H52*J52 -> 0 | AY52: =IFERROR(AX52/K52,0) -> 0 | BB52: =IFERROR(BA52/K52,0) -> 0 | BD52: =AX52+BA52 -> 0 | BE52: =IFERROR(BD52/K52,0) -> 0
B53: P21410 | J53: =I53/$C$5 -> 0 | K53: =D53*F53*H53*J53 -> 0 | AY53: =IFERROR(AX53/K53,0) -> 0 | BB53: =IFERROR(BA53/K53,0) -> 0 | BD53: =AX53+BA53 -> 0 | BE53: =IFERROR(BD53/K53,0) -> 0
C54: 1.5. Nutrition | K54: =SUM(K55:K64) -> 0 | M54: =SUM(M55:M64) -> 0 | N54: =SUM(N55:N64) -> 0 | O54: =SUM(O55:O64) -> 0 | P54: =SUM(P55:P64) -> 0 | Q54: =SUM(Q55:Q64) -> 0 | R54: =SUM(R55:R64) -> 0 | S54: =SUM(S55:S64) -> 0 | T54: =SUM(T55:T64) -> 0 | ... AV54: =SUM(AV55:AV64) -> 0 | AX54: =SUM(AX55:AX64) -> 0 | AY54: =IFERROR(AX54/K54,0) -> 0 | BA54: =SUM(BA55:BA64) -> 0 | BB54: =IFERROR(BA54/K54,0) -> 0 | BD54: =SUM(BD55:BD64) -> 0 | BE54: =IFERROR(BD54/K54,0) -> 0
B55: P21501 | J55: =I55/$C$5 -> 0 | K55: =D55*F55*H55*J55 -> 0 | AY55: =IFERROR(AX55/K55,0) -> 0 | BB55: =IFERROR(BA55/K55,0) -> 0 | BD55: =AX55+BA55 -> 0 | BE55: =IFERROR(BD55/K55,0) -> 0
B56: P21502 | J56: =I56/$C$5 -> 0 | K56: =D56*F56*H56*J56 -> 0 | AY56: =IFERROR(AX56/K56,0) -> 0 | BB56: =IFERROR(BA56/K56,0) -> 0 | BD56: =AX56+BA56 -> 0 | BE56: =IFERROR(BD56/K56,0) -> 0
B57: P21503 | J57: =I57/$C$5 -> 0 | K57: =D57*F57*H57*J57 -> 0 | AY57: =IFERROR(AX57/K57,0) -> 0 | BB57: =IFERROR(BA57/K57,0) -> 0 | BD57: =AX57+BA57 -> 0 | BE57: =IFERROR(BD57/K57,0) -> 0
B58: P21504 | J58: =I58/$C$5 -> 0 | K58: =D58*F58*H58*J58 -> 0 | AY58: =IFERROR(AX58/K58,0) -> 0 | BB58: =IFERROR(BA58/K58,0) -> 0 | BD58: =AX58+BA58 -> 0 | BE58: =IFERROR(BD58/K58,0) -> 0
B59: P21505 | J59: =I59/$C$5 -> 0 | K59: =D59*F59*H59*J59 -> 0 | AY59: =IFERROR(AX59/K59,0) -> 0 | BB59: =IFERROR(BA59/K59,0) -> 0 | BD59: =AX59+BA59 -> 0 | BE59: =IFERROR(BD59/K59,0) -> 0
B60: P21506 | J60: =I60/$C$5 -> 0 | K60: =D60*F60*H60*J60 -> 0 | AY60: =IFERROR(AX60/K60,0) -> 0 | BB60: =IFERROR(BA60/K60,0) -> 0 | BD60: =AX60+BA60 -> 0 | BE60: =IFERROR(BD60/K60,0) -> 0
B61: P21507 | J61: =I61/$C$5 -> 0 | K61: =D61*F61*H61*J61 -> 0 | AY61: =IFERROR(AX61/K61,0) -> 0 | BB61: =IFERROR(BA61/K61,0) -> 0 | BD61: =AX61+BA61 -> 0 | BE61: =IFERROR(BD61/K61,0) -> 0
B62: P21508 | J62: =I62/$C$5 -> 0 | K62: =D62*F62*H62*J62 -> 0 | AY62: =IFERROR(AX62/K62,0) -> 0 | BB62: =IFERROR(BA62/K62,0) -> 0 | BD62: =AX62+BA62 -> 0 | BE62: =IFERROR(BD62/K62,0) -> 0
